Workbook
Name _80c: [1]Pro!$E$500:INDEX([1]Pro!$E$500:$E$522,COUNTIF([1]Pro!$E$500:$E$522,"?*"))
Name _80c: Sections!$F$7:$F$25
Name _Allowances: DATA!$CJ$11:$CJ$16
Name _BP: DATA!$CP$4:$CP$92
Name _MONTHS: DATA!$CH$11:$CH$22
Name _othersections: [1]Pro!$AB$501:INDEX([1]Pro!$AB$501:$AB$523,COUNTIF([1]Pro!$AB$501:$AB$523,"?*"))
Name _Othersections: Sections!$P$7:$P$28
Name _TEXTMONTHS: DATA!$EJ$3:INDEX(DATA!$EJ$3:$EJ$55,COUNTIF(DATA!$EJ$3:$EJ$55,"?*"))
Name AGE: ANNEXURE!$AL$48:$AL$50
Name FYMONTH: DATA!$CH$11:$CH$22
Name HOUSELOAN: Sections!$P$47:$P$50
Name HouseType: DATA!$BF$13:$BF$14
Name instals: Table!$E$7:$E$34
Name LEAVEMONTHS: DATA!$DW$4:INDEX(DATA!$DW$4:$DW$55,COUNTIF(DATA!$DW$4:$DW$55,"?*"))
Name LTYPE: DATA!$CH$7:$CH$9
Name PFTYPE: DATA!$CS$11:$CS$16
Name taxtype: DATA!$BF$4:$BF$5

Sheet DATA
A1: ="AP INCOME TAX SOFTWARE FOR FY "&CH4&" (AY"&CI4&") TRAIL>>WWW.MEDAKBADI.IN <<< (A4 Size Prints)" -> AP INCOME TAX SOFTWARE FOR FY 2025-2026 (AY2026-2027) TRAIL>>WWW.MEDAKBADI.IN <<< (A4 Size Prints) | Q1: Prepared by (WWW.MEDAKBADI.IN) KOTA VIJAYAKUMAR, GHM Gr-II, ZPHS KOTHLAPUR, MDL&DIST:SANGAREDDY | BK1: 44651 | CH1: FY | CI1: AY | CJ1: UP TO | CT1: DA date wef | CU1: 1 | CV1: 3 | CW1: 2025 | CX1: =TEXT(CW4,"mmm-yyyy") -> Mar-2025 | DM1: without MIN AAS PRO | DN1: =SUMIF($DK$4:$DK$55,"<="&$DT$2,$DM$4:$DM$55) -> 1 | DQ1: AAS | DR1: PRO | DT1: total upto above | DU1: =SUMIF($DK$4:$DK$55,"<="&$DT$2,$DS$4:$DS$55) -> 1 | EG1: =EG5*EH5 -> 900 | EJ1: 1 ST DA | EK1: DA from | EL1: 1 | EM1: 2024 | EN1: =DATE(EM1,EL1,1) -> 45292 | EP1: =EN1 -> 45292 | EQ1: 45930 | ER1: =EOMONTH(EN3,0) -> 45930 | EU1: =EDATE(EP1,6) -> 45474 | EV1: 45808 | EZ1: =EDATE(EU1,6) -> 45658 | FA1: =EOMONTH(EZ1,6) -> 45869 | FE1: =EDATE(EZ1,6) -> 45839 | FF1: =EOMONTH(FE1,6) -> 46053 | FJ1: =EDATE(FE1,6) -> 46023 | FK1: =EOMONTH(FJ1,6) -> 46234
A2: Prepared by WWW.MEDAKBADI.IN (VIJAYA KUMAR KOTA GHM Gr-II, ZPHS KOTHLAPUR, MDL&DIST:SANGAREDDY,TS | X2: IT IS REFERENCE PURPOSE | CH2: 2025 | CI2: =CH3 -> 2026 | CJ2: =EOMONTH(DATE(CH3,2,1),0)+0.002 -> 46081.002 | CP2: =MAX($CP$4:$CP$92) -> 200050 | CV2: Text | DM2: =IFERROR(MATCH(M6,$CU$4:$CU$15,0),"") -> 5 | DR2: =IF(O10=$CS$6,O11,"") | DS2: B.PAY AS ON | DT2: =IFERROR(INDEX($CW$4:$CW$48,MATCH(M4,$CV$4:$CV$48,0),1),CX1) -> 46023 | DU2: =M5 -> 74770 | EK2: to GPF | EL2: 9 | EM2: 2025 | EN2: =DATE(EM2,EL2,1) -> 45901 | EP2: 33.67 | EQ2: 37.31 | ER2: =EQ2-EP2 -> 3.64 | ET2: =EV2-EU2 -> 3.64 | EU2: 30.03 | EV2: 33.67 | EY2: =FA2-EZ2 -> 3.64 | EZ2: 30.03 | FA2: 33.67 | FE2: 33.67 | FF2: 33.67 | FJ2: 33.67 | FK2: 37.31 | FY2: DA Cash wef | FZ2: DA Rates | GA2: PF | GF2: DA from | GG2: DA to | GH2: Diff | GI2: D.A from | GJ2: To GPF | GK2: Cash from | GL2: no of instals of 90% | GM2: 90% Instals Wef
A3: Category (Age): | E3: General (less than 60 years) | H3: To find type ,Enter D.O.B | K3: PAY PARTICULARS | X3: >>> DA ARREARS >>> | AB3: ="DA-"&EQ2 -> DA-37.31 | BQ3: text | BS3: EOL | BW3: final AGI | BX3: EOL | BY3: Final AGI after EOL | CH3: =CH2+1 -> 2026 | CI3: =CI2+1 -> 2027 | CN3: NA | CP3: Pays | CQ3: Scale of Pay | CR3: Min of the scale | CS3: =MATCH(O10,CS4:CS6,0) -> 2 | CU3: NA | CV3: NA | CW3: FROM | CX3: TO | DI3: Two incre on incr date | DK3: FROM | DL3: TO | DM3: Min pay fixation | DQ3: =IFERROR(IF(AND(O6=$CS$8,NOT(O7="")),O7,""),"") | DR3: =IFERROR(DR2,"") | DV3: For dedu on HRA Month | EA3: =EH3 -> W.Days | EE3: HPLS | EF3: Final B,pay | EG3: T.days | EH3: W.Days | EJ3: NA | EK3: bill period | EL3: 9 | EM3: 2025 | EN3: =DATE(EM3,EL3,1) -> 45901 | EP3: PF1 | EQ3: CPS -1 | EU3: PF2 | EV3: CPS-2 | EZ3: PF-3 | FA3: CPS-3 | FE3: PF-4 | FF3: CPS-4 | FJ3: PF-5 | FK3: CPS-5 | FY3: =EN1 -> 45292 | FZ3: 33.67 | GA3: 0 | GF3: 17.29 | GG3: 20.02 | GH3: =IF(GG3="",0,GG3-GF3) -> 2.73 | GI3: 44378 | GJ3: 44926 | GK3: 44562 | GL3: 8 | GM3: 44958
A4: ="If appoint after 1-"&CM17&"-"&CW1&",Date" -> If appoint after 1-Mar-2025,Date | E4: NA | H4: =IFERROR(IF(NOT(I3=""),BF11&"(Age."&BF10&")as on "&TEXT(BF7,"MMM/YY"),""),"") | K4: Select Basic Pay as on | M4: Jan-2026 | N4: If AAS Taken ? | O4: No | X4: Date | Z4: Due to | AA4: Total>>>> | AB4: =SUM(AB6:AB55) -> 0 | AC4: =SUM(AC6:AC55) -> 0 | AD4: =SUM(AD6:AD55) -> 0 | BF4: Old Tax Regime | BJ4: 1 | BK4: =INDEX($C$51:$O$54,1,BJ4) -> HPL's | BL4: =INDEX($C$51:$O$54,2,BJ4) -> 01-03-2025 | BM4: =IF(OR(BK4=0,BK4="NA"),0,INDEX($C$51:$O$54,4,BJ4)) -> 0 | BN4: =SUMIF($BL$4:$BL$15,BL4,$BO$4:$BO4) -> 0 | BO4: =IF(BK4=$CH$8,-BM4*0.5,-BM4) -> 0 | BP4: =IFERROR(INDEX($DF$4:$DF$58,MATCH(BL4,$DW$4:$DW$55,0),1),"") -> 45717 | BQ4: =IFERROR(IF(OR(BL4="",BL4=0),"",TEXT(EOMONTH(BP4,0),"dd-mm-yyyy")),"") -> 31-03-2025 | BS4: =IF(BM4=0,"",IF(BK4=$CH$9,BP4,"")) | BT4: =IFERROR(SMALL($BS$4:$BS$17,CN4),"") | BU4: =IFERROR(IF(COUNTIF($BT$4:BT4,BT4)>1,0,INDEX($BM$4:$BM$17,MATCH(BT4,$BP$4:$BP$17,0),1)),0) -> 0 | BW4: =DC23 -> 45047 | BX4: =SUMIFS($BU$4:$BU$15,$BT$4:$BT$15,"=<"&BW4) -> 0 | BY4: =IFERROR(IF(BW4="","",SUM(BW4+BX4)),"") -> 45047 | CH4: =CH2&"-"&CH3 -> 2025-2026 | CI4: =CI2&"-"&CI3 -> 2026-2027 | CN4: 1 | CP4: 20000 | CQ4: 19000-58850 | CR4: 19000 | CS4: Pro.date | CU4: Jan | CV4: =TEXT(CW4,"mmm-yyyy") -> Mar-2025 | CW4: =IFERROR(IF(CM18="",DATE(CW1,CV1,CU1),CM18),DATE(CW1,CV1,CU1)) -> 45717 | CX4: =EOMONTH(CW4,0) -> 45747 | DB4: MIN | DC4: PRO DATE | DE4: =IFERROR(MATCH(DF4,$DB$23:$DB$37,0),"") | DF4: =CW4 -> 45717 | DG4: =IF(OR($CU$3=$M$6,DE4=""),"","AGI") | DH4: =IFERROR(EOMONTH(DF4,0),"") -> 45747 | DI4: =IFERROR(IF(AND($CS$3=2,DJ4="AGI",INDEX($DJ$4:$DJ$56,MATCH($DR$1,$DJ$4:DJ4,0),1)=$DR$1),2,0),0) -> 0 | DJ4: =IFERROR(IF(AND(NOT($DE$51=""),DK4=$DE$51),$DG$51,IF(AND(NOT($DE$53=""),DK4=$DE$53),$DG$53,INDEX($DG$4:$DG$58,MATCH(DK4,$DF$4:$DF$58,0),1))),"") | DK4: =IFERROR(IF(SMALL($DF$4:$DF$58,CN4)>$CJ$2,"",SMALL($DF$4:$DF$58,CN4)),"") -> 45717 | DL4: =IF(AND(NOT($DE$51=""),DK4=$DE$51),$DH$51,IF(AND(NOT($DE$53=""),DK4=$DE$53),$DH$53,INDEX($DH$4:$DH$58,MATCH(DK4,$DF$4:$DF$58,0),1))) -> 45747 | DM4: =IFERROR(IF($CV$1=$DM$2,0,IF(DI4>0,DI4,IF(OR(AND($CS$3=2,DJ4="PRO"),OR(DJ4="AGI",LEFT(DJ4,3)="AGI",DJ4="AAS")),1,IF(AND($CS$3=1,DJ4="PRO"),2,0)))),0) -> 0 | DN4: =IF(DN1=0,$DU$2,IF(DK4>=$DT$2,MAX($DU$2,INDEX($CP$4:$CP$89,MATCH($DU$2,$CP$4:$CP$89,1)-DN1)),INDEX($CP$4:$CP$89,MATCH($DU$2,$CP$4:$CP$89,1)-DN1))) -> 72810 | DO4: =IFERROR(INDEX($DQ$3:$DR$3,1,MATCH(DJ4,$DQ$1:$DR$1,0)),"") | DP4: =MAX(DN4:DO4) -> 72810 | DQ4: =IFERROR(IF(DO4="","",IF(SUM(MATCH(DP4,$CP$4:$CP$89,0)-MATCH(DP3,$CP$4:$CP$89,0))<=0,"",SUM(MATCH(DP4,$CP$4:$CP$89,0)-MATCH(DP3,$CP$4:$CP$89,0)))),"") | DS4: =IF(DQ4="",DM4,DQ4) -> 0 | DT4: =IF(DU1=0,$DU$2,IF(DK4>=$DT$2,MAX($DU$2,INDEX($CP$4:$CP$89,MATCH($DU$2,$CP$4:$CP$89,1)-DU1)),INDEX($CP$4:$CP$89,MATCH($DU$2,$CP$4:$CP$89,1)-DU1))) -> 72810 | DV4: =IF($N$13="","",IF(AND(NOT($DF$59=""),MATCH($DG$52,$DJ$4:$DJ$55,0)>0,DK4=$DE$51),"HRA-1",IF(AND(NOT($DG$52=""),DJ4=$DG$52),"HRA-2",IF(AND(NOT($DG$54=""),DJ4=$DG$54),"HRA-3","")))) | DW4: =IF(DK4="","",TEXT(DK4,"Dd-MM-YYYY")) -> 01-03-2025 | DX4: =IF(DL4="","",TEXT(DL4,"Dd-MM-YYYY")) -> 31-03-2025 | DY4: =IF(DW4="","",DATE(YEAR(DK4),MONTH(DK4),DAY(DK4))) -> 45717 | DZ4: =IF(DX4="","",DATE(YEAR(DL4),MONTH(DL4),DAY(DL4))) -> 45747 | EA4: =IFERROR(SUM(DZ4-DY4,0)+1,"") -> 31 | EB4: =IFERROR(INDEX($BN$4:$BN$17,MATCH(DW4,$BL$4:$BL$17,0),1),0) -> 0 | EC4: =IFERROR(IF(EB4=0,EA4,MAX(IF(EB4=0.5,EA4/2,EA4+EB4),0)),"") -> 31 | ED4: =IFERROR(INDEX($BK$4:$BK$17,MATCH(DW4,$BL$4:$BL$17,0),1),0) -> HPL's | EE4: =IFERROR(IF(NOT(ED4=$CH$8),0,INDEX($BO$4:$BO$17,MATCH(DW4,$BL$4:$BL$17,0),1)),0) -> 0 | EF4: =IFERROR(IF(AND(LEFT(DJ4,3)="S/L",EH4=15),ROUND(DT4*0.5,0),IF(DJ4=$DJ$59,$DL$61,IF(DJ4=$DJ$64,$DL$66,ROUND(SUM(EH4/EG4)*DT4,0)))),"") -> 72810 | EG4: =IFERROR(DAY(EOMONTH(DK4,0)),"") -> 31 | EH4: =EC4 -> 31 | EJ4: =IF(DK4="","",TEXT(DK4,"MMM-YYYY")) -> Mar-2025 | EP4: =IF($K$40=$EO$57,0,IF(AND(DK4>=EP$1,$DK4<=EQ$1),SUM(ROUND(EF4*$EQ$2%,0)-ROUND(EF4*$EP$2%,0)),0)) -> 0 | EQ4: =IF($K$40=$EO$57,0,IF(AND(DK4>=EP$1,$DK4<=EQ$1),ROUND(EP4*10%,0),0)) -> 0 | EU4: =IF($AR$44=$EO$57,0,IF(AND(DK4>=$EU$1,$DK4<=$EV$1),SUM(ROUND(EF4*$EV$2%,0)-ROUND(EF4*$EU$2%,0)),0)) -> 0 | EV4: =IF($AR$44=$EO$57,0,IF(AND(DK4>=$EU$1,$DK4<=$EV$1),ROUND(EU4*10%,0),0)) -> 0 | EZ4: =IF(AND(DK4>=$EZ$1,$DK4<=$FA$1),ROUND(EF4*$EY$2%,0),0) -> 2650 | FA4: =IF(AND(DK4>=$EZ$1,$DK4<=$FA$1),ROUND(EF4*$FA$2%*10%,0)-(ROUND(EF4*$EZ$2%*10%,0)),0) -> 266 | FY4: 45931 | FZ4: =EQ2 -> 37.31 | GA4: =FZ4-FZ3 -> 3.64 | GF4: 20.02 | GG4: 22.75 | GH4: =IF(GG4="",0,GG4-GF4) -> 2.73 | GI4: 44562 | GJ4: 45077 | GK4: 45078 | GL4: 0
A5: EMPLOYEE DETAILS | B5: Employee Name | D5: Sri/Smt | E5: xyz | K5: ="Basic Pay as on "&M4 -> Basic Pay as on Jan-2026 | M5: 74770 | N5: If yes ,Date | O5: 24.10.2025 | X5: From | Y5: To | AA5: Basic pay | AB5: ="Diff-"&ER2 -> Diff-3.64 | AC5: if CPS 10% | AD5: if CPS 90% | AK5: conditional Just for hide in trail after delete | BF5: New Tax Regime | BJ5: 2 | BK5: =INDEX($C$51:$O$54,1,BJ5) -> 0 | BL5: =INDEX($C$51:$O$54,2,BJ5) -> 0 | BM5: =IF(OR(BK5=0,BK5="NA"),0,INDEX($C$51:$O$54,4,BJ5)) -> 0 | BN5: =SUMIF($BL$4:$BL$15,BL5,$BO$4:$BO5) -> 0 | BO5: =IF(BK5=$CH$8,-BM5*0.5,-BM5) -> 0 | BP5: =IFERROR(INDEX($DF$4:$DF$58,MATCH(BL5,$DW$4:$DW$55,0),1),"") | BQ5: =IFERROR(IF(OR(BL5="",BL5=0),"",TEXT(EOMONTH(BP5,0),"dd-mm-yyyy")),"") | BS5: =IF(BM5=0,"",IF(BK5=$CH$9,BP5,"")) | BT5: =IFERROR(SMALL($BS$4:$BS$17,CN5),"") | BU5: =IFERROR(IF(COUNTIF($BT$4:BT5,BT5)>1,0,INDEX($BM$4:$BM$17,MATCH(BT5,$BP$4:$BP$17,0),1)),0) -> 0 | BW5: =DC24 -> 45413 | BX5: =SUMIFS($BU$4:$BU$15,$BT$4:$BT$15,">="&BY4,$BT$4:$BT$15,"<="&EDATE(BY4,12)) -> 0 | BY5: =IFERROR(IF(BW5="","",EDATE(BY4,12)+BX5),"") -> 45413 | CH5: =TEXT(DATE(CH2,3,1),"DD.MM.YYYY") -> 01.03.2025 | CN5: 2 | CP5: 20600 | CQ5: 19640-60480 | CR5: 19640 | CS5: Increment date | CU5: Feb | CV5: =TEXT(CW5,"mmm-yyyy") -> Apr-2025 | CW5: =IFERROR(EDATE(CW4,1)-DAY(EDATE(CW4,1))+1,"") -> 45748 | CX5: =EOMONTH(CW5,0) -> 45777 | DB5: =IF(O6=$CS$8,1,2) -> 2 | DC5: =IF(CS9=O8,1,IF(OR(CS3=1,CS3=3),2,1)) -> 1 | DE5: =IFERROR(MATCH(DF5,$DB$23:$DB$37,0),"") | DF5: =CW5 -> 45748 | DG5: =IF(OR($CU$3=$M$6,DE5=""),"","AGI") | DH5: =IFERROR(EOMONTH(DF5,0),"") -> 45777 | DI5: =IFERROR(IF(AND($CS$3=2,DJ5="AGI",INDEX($DJ$4:$DJ$56,MATCH($DR$1,$DJ$4:DJ5,0),1)=$DR$1),2,0),0) -> 0 | DJ5: =IFERROR(IF(AND(NOT($DE$51=""),DK5=$DE$51),$DG$51,IF(AND(NOT($DE$53=""),DK5=$DE$53),$DG$53,INDEX($DG$4:$DG$58,MATCH(DK5,$DF$4:$DF$58,0),1))),"") | DK5: =IFERROR(IF(SMALL($DF$4:$DF$58,CN5)>$CJ$2,"",SMALL($DF$4:$DF$58,CN5)),"") -> 45748 | DL5: =IF(AND(NOT($DE$51=""),DK5=$DE$51),$DH$51,IF(AND(NOT($DE$53=""),DK5=$DE$53),$DH$53,INDEX($DH$4:$DH$58,MATCH(DK5,$DF$4:$DF$58,0),1))) -> 45777 | DM5: =IF(DI5>0,DI5,IF(OR(AND($CS$3=2,DJ5="PRO"),OR(DJ5="AGI",LEFT(DJ5,3)="AGI",DJ5="AAS")),1,IF(AND($CS$3=1,DJ5="PRO"),2,0))) -> 0 | DN5: =IF(DN4=$CP$2,$CP$2,IF(DK5>=$DT$2,MAX($DU$2,INDEX($CP$4:$CP$89,MATCH(DN4,$CP$4:$CP$89,1)+DM5)),INDEX($CP$4:$CP$89,MATCH(DN4,$CP$4:$CP$89,1)+DM5))) -> 72810 | DO5: =IFERROR(INDEX($DQ$3:$DR$3,1,MATCH(DJ5,$DQ$1:$DR$1,0)),"") | DP5: =MAX(DP4,DN5:DO5) -> 72810 | DQ5: =IFERROR(IF(DO5="","",IF(SUM(MATCH(DP5,$CP$4:$CP$89,0)-MATCH(DP4,$CP$4:$CP$89,0))<=0,"",SUM(MATCH(DP5,$CP$4:$CP$89,0)-MATCH(DP4,$CP$4:$CP$89,0)))),"") | DS5: =IF(DQ5="",DM5,DQ5) -> 0 | DT5: =IF(DN4=$CP$2,$CP$2,IF(DK5>=$DT$2,MAX($DU$2,INDEX($CP$4:$CP$89,MATCH(DT4,$CP$4:$CP$89,1)+DS5)),INDEX($CP$4:$CP$89,MATCH(DT4,$CP$4:$CP$89,1)+DS5))) -> 72810 | DV5: =IF($N$13="","",IF(AND(NOT($DF$59=""),MATCH($DG$52,$DJ$4:$DJ$55,0)>0,DK5=$DE$51),"HRA-1",IF(AND(NOT($DG$52=""),DJ5=$DG$52),"HRA-2",IF(AND(NOT($DG$54=""),DJ5=$DG$54),"HRA-3","")))) | DW5: =IF(DK5="","",TEXT(DK5,"Dd-MM-YYYY")) -> 01-04-2025 | DX5: =IF(DL5="","",TEXT(DL5,"Dd-MM-YYYY")) -> 30-04-2025 | DY5: =IF(DW5="","",DATE(YEAR(DK5),MONTH(DK5),DAY(DK5))) -> 45748 | DZ5: =IF(DX5="","",DATE(YEAR(DL5),MONTH(DL5),DAY(DL5))) -> 45777 | EA5: =IFERROR(SUM(DZ5-DY5,0)+1,"") -> 30 | EB5: =IFERROR(INDEX($BN$4:$BN$17,MATCH(DW5,$BL$4:$BL$17,0),1),0) -> 0 | EC5: =IFERROR(IF(EB5=0,EA5,MAX(IF(EB5=0.5,EA5/2,EA5+EB5),0)),"") -> 30 | ED5: =IFERROR(INDEX($BK$4:$BK$17,MATCH(DW5,$BL$4:$BL$17,0),1),0) -> 0 | EE5: =IFERROR(IF(NOT(ED5=$CH$8),0,INDEX($BO$4:$BO$17,MATCH(DW5,$BL$4:$BL$17,0),1)),0) -> 0 | EF5: =IFERROR(IF(AND(LEFT(DJ5,3)="S/L",EH5=15),ROUND(DT5*0.5,0),IF(DJ5=$DJ$59,$DL$61,IF(DJ5=$DJ$64,$DL$66,ROUND(SUM(EH5/EG5)*DT5,0)))),"") -> 72810 | EG5: =IFERROR(DAY(EOMONTH(DK5,0)),"") -> 30 | EH5: =EC5 -> 30 | EJ5: =IF(DK5="","",TEXT(DK5,"MMM-YYYY")) -> Apr-2025 | EP5: =IF($K$40=$EO$57,0,IF(AND(DK5>=EP$1,$DK5<=EQ$1),SUM(ROUND(EF5*$EQ$2%,0)-ROUND(EF5*$EP$2%,0)),0)) -> 0 | EQ5: =IF($K$40=$EO$57,0,IF(AND(DK5>=EP$1,$DK5<=EQ$1),ROUND(EP5*10%,0),0)) -> 0 | EU5: =IF($AR$44=$EO$57,0,IF(AND(DK5>=$EU$1,$DK5<=$EV$1),SUM(ROUND(EF5*$EV$2%,0)-ROUND(EF5*$EU$2%,0)),0)) -> 0 | EV5: =IF($AR$44=$EO$57,0,IF(AND(DK5>=$EU$1,$DK5<=$EV$1),ROUND(EU5*10%,0),0)) -> 0 | EZ5: =IF(AND(DK5>=$EZ$1,$DK5<=$FA$1),ROUND(EF5*$EY$2%,0),0) -> 2650 | FA5: =IF(AND(DK5>=$EZ$1,$DK5<=$FA$1),ROUND(EF5*$FA$2%*10%,0)-(ROUND(EF5*$EZ$2%*10%,0)),0) -> 266 | FZ5: =IF($AR$44="N.A",FZ4,EV2) -> 37.31 | GA5: =FZ5-FZ4 -> 0 | GF5: 22.75 | GG5: 26.39 | GH5: =IF(GG5="",0,GG5-GF5) -> 3.64 | GI5: 44743 | GJ5: 45596 | GK5: 45597 | GL5: 17 | GM5: 45292
B6: Employee Designation | E6: SA Maths | K6: Select Increment Month | M6: May | N6: if Basic pay's >1 Incre? | O6: No | X6: =DK4 -> 45717 | Y6: =DL4 -> 45747 | Z6: =DJ4 | AA6: =EF4 -> 72810 | AB6: =EP4 -> 0 | AC6: =EQ4 -> 0 | AD6: =AB6-AC6 -> 0 | BJ6: 3 | BK6: =INDEX($C$51:$O$54,1,BJ6) -> 0 | BL6: =INDEX($C$51:$O$54,2,BJ6) -> 0 | BM6: =IF(OR(BK6=0,BK6="NA"),0,INDEX($C$51:$O$54,4,BJ6)) -> 0 | BN6: =SUMIF($BL$4:$BL$15,BL6,$BO$4:$BO6) -> 0 | BO6: =IF(BK6=$CH$8,-BM6*0.5,-BM6) -> 0 | BP6: =IFERROR(INDEX($DF$4:$DF$58,MATCH(BL6,$DW$4:$DW$55,0),1),"") | BQ6: =IFERROR(IF(OR(BL6="",BL6=0),"",TEXT(EOMONTH(BP6,0),"dd-mm-yyyy")),"") | BS6: =IF(BM6=0,"",IF(BK6=$CH$9,BP6,"")) | BT6: =IFERROR(SMALL($BS$4:$BS$17,CN6),"") | BU6: =IFERROR(IF(COUNTIF($BT$4:BT6,BT6)>1,0,INDEX($BM$4:$BM$17,MATCH(BT6,$BP$4:$BP$17,0),1)),0) -> 0 | BW6: =DC25 -> 45778 | BX6: =SUMIFS($BU$4:$BU$15,$BT$4:$BT$15,">="&BY5,$BT$4:$BT$15,"<="&EDATE(BY5,12)) -> 0 | BY6: =IFERROR(IF(BW6="","",EDATE(BY5,12)+BX6),"") -> 45778 | CK6: NA | CL6: NA | CN6: 3 | CP6: 21200 | CQ6: 20280-62110 | CR6: 20280 | CS6: Intial Fixation | CU6: Mar | CV6: =TEXT(CW6,"mmm-yyyy") -> May-2025 | CW6: =EDATE(CW5,1) -> 45778 | CX6: =EOMONTH(CW6,0) -> 45808 | DA6: INCR | DB6: AAS | DC6: PRO | DE6: =IFERROR(MATCH(DF6,$DB$23:$DB$37,0),"") -> 3 | DF6: =CW6 -> 45778 | DG6: =IF(OR($CU$3=$M$6,DE6=""),"","AGI") -> AGI | DH6: =IFERROR(EOMONTH(DF6,0),"") -> 45808 | DI6: =IFERROR(IF(AND($CS$3=2,DJ6="AGI",INDEX($DJ$4:$DJ$56,MATCH($DR$1,$DJ$4:DJ6,0),1)=$DR$1),2,0),0) -> 0 | DJ6: =IFERROR(IF(AND(NOT($DE$51=""),DK6=$DE$51),$DG$51,IF(AND(NOT($DE$53=""),DK6=$DE$53),$DG$53,INDEX($DG$4:$DG$58,MATCH(DK6,$DF$4:$DF$58,0),1))),"") -> AGI | DK6: =IFERROR(IF(SMALL($DF$4:$DF$58,CN6)>$CJ$2,"",SMALL($DF$4:$DF$58,CN6)),"") -> 45778 | DL6: =IF(AND(NOT($DE$51=""),DK6=$DE$51),$DH$51,IF(AND(NOT($DE$53=""),DK6=$DE$53),$DH$53,INDEX($DH$4:$DH$58,MATCH(DK6,$DF$4:$DF$58,0),1))) -> 45808 | DM6: =IF(DI6>0,DI6,IF(OR(AND($CS$3=2,DJ6="PRO"),OR(DJ6="AGI",LEFT(DJ6,3)="AGI",DJ6="AAS")),1,IF(AND($CS$3=1,DJ6="PRO"),2,0))) -> 1 | DN6: =IF(DN5=$CP$2,$CP$2,IF(DK6>=$DT$2,MAX($DU$2,INDEX($CP$4:$CP$89,MATCH(DN5,$CP$4:$CP$89,1)+DM6)),INDEX($CP$4:$CP$89,MATCH(DN5,$CP$4:$CP$89,1)+DM6))) -> 74770 | DO6: =IFERROR(INDEX($DQ$3:$DR$3,1,MATCH(DJ6,$DQ$1:$DR$1,0)),"") | DP6: =MAX(DP5,DN6:DO6) -> 74770 | DQ6: =IFERROR(IF(DO6="","",IF(SUM(MATCH(DP6,$CP$4:$CP$89,0)-MATCH(DP5,$CP$4:$CP$89,0))<=0,"",SUM(MATCH(DP6,$CP$4:$CP$89,0)-MATCH(DP5,$CP$4:$CP$89,0)))),"") | DS6: =IF(DQ6="",DM6,DQ6) -> 1 | DT6: =IF(DN5=$CP$2,$CP$2,IF(DK6>=$DT$2,MAX($DU$2,INDEX($CP$4:$CP$89,MATCH(DT5,$CP$4:$CP$89,1)+DS6)),INDEX($CP$4:$CP$89,MATCH(DT5,$CP$4:$CP$89,1)+DS6))) -> 74770 | DV6: =IF($N$13="","",IF(AND(NOT($DF$59=""),MATCH($DG$52,$DJ$4:$DJ$55,0)>0,DK6=$DE$51),"HRA-1",IF(AND(NOT($DG$52=""),DJ6=$DG$52),"HRA-2",IF(AND(NOT($DG$54=""),DJ6=$DG$54),"HRA-3","")))) | DW6: =IF(DK6="","",TEXT(DK6,"Dd-MM-YYYY")) -> 01-05-2025 | DX6: =IF(DL6="","",TEXT(DL6,"Dd-MM-YYYY")) -> 31-05-2025 | DY6: =IF(DW6="","",DATE(YEAR(DK6),MONTH(DK6),DAY(DK6))) -> 45778 | DZ6: =IF(DX6="","",DATE(YEAR(DL6),MONTH(DL6),DAY(DL6))) -> 45808 | EA6: =IFERROR(SUM(DZ6-DY6,0)+1,"") -> 31 | EB6: =IFERROR(INDEX($BN$4:$BN$17,MATCH(DW6,$BL$4:$BL$17,0),1),0) -> 0 | EC6: =IFERROR(IF(EB6=0,EA6,MAX(IF(EB6=0.5,EA6/2,EA6+EB6),0)),"") -> 31 | ED6: =IFERROR(INDEX($BK$4:$BK$17,MATCH(DW6,$BL$4:$BL$17,0),1),0) -> 0 | EE6: =IFERROR(IF(NOT(ED6=$CH$8),0,INDEX($BO$4:$BO$17,MATCH(DW6,$BL$4:$BL$17,0),1)),0) -> 0 | EF6: =IFERROR(IF(AND(LEFT(DJ6,3)="S/L",EH6=15),ROUND(DT6*0.5,0),IF(DJ6=$DJ$59,$DL$61,IF(DJ6=$DJ$64,$DL$66,ROUND(SUM(EH6/EG6)*DT6,0)))),"") -> 74770 | EG6: =IFERROR(DAY(EOMONTH(DK6,0)),"") -> 31 | EH6: =EC6 -> 31 | EJ6: =IF(DK6="","",TEXT(DK6,"MMM-YYYY")) -> May-2025 | EP6: =IF($K$40=$EO$57,0,IF(AND(DK6>=EP$1,$DK6<=EQ$1),SUM(ROUND(EF6*$EQ$2%,0)-ROUND(EF6*$EP$2%,0)),0)) -> 0 | EQ6: =IF($K$40=$EO$57,0,IF(AND(DK6>=EP$1,$DK6<=EQ$1),ROUND(EP6*10%,0),0)) -> 0 | EU6: =IF($AR$44=$EO$57,0,IF(AND(DK6>=$EU$1,$DK6<=$EV$1),SUM(ROUND(EF6*$EV$2%,0)-ROUND(EF6*$EU$2%,0)),0)) -> 0 | EV6: =IF($AR$44=$EO$57,0,IF(AND(DK6>=$EU$1,$DK6<=$EV$1),ROUND(EU6*10%,0),0)) -> 0 | EZ6: =IF(AND(DK6>=$EZ$1,$DK6<=$FA$1),ROUND(EF6*$EY$2%,0),0) -> 2722 | FA6: =IF(AND(DK6>=$EZ$1,$DK6<=$FA$1),ROUND(EF6*$FA$2%*10%,0)-(ROUND(EF6*$EZ$2%*10%,0)),0) -> 273 | GF6: =GG5 -> 26.39 | GG6: 30.03 | GH6: =IF(GG6="",0,GG6-GF6) -> 3.64 | GI6: 44927 | GJ6: 45808 | GK6: 45809 | GL6: 28 | GM6: 45839
B7: Working Office/School | E7: ZPHS Marepally | K7: Select P.F Type | M7: CPS | N7: If Yes,Select Basic Pay | O7: 87510 | X7: =DK5 -> 45748 | Y7: =DL5 -> 45777 | Z7: =DJ5 | AA7: =EF5 -> 72810 | AB7: =EP5 -> 0 | AC7: =EQ5 -> 0 | AD7: =AB7-AC7 -> 0 | BF7: =EOMONTH(DATE(CH3,3,1),0) -> 46112 | BJ7: 4 | BK7: =INDEX($C$51:$O$54,1,BJ7) -> 0 | BL7: =INDEX($C$51:$O$54,2,BJ7) -> 0 | BM7: =IF(OR(BK7=0,BK7="NA"),0,INDEX($C$51:$O$54,4,BJ7)) -> 0 | BN7: =SUMIF($BL$4:$BL$15,BL7,$BO$4:$BO7) -> 0 | BO7: =IF(BK7=$CH$8,-BM7*0.5,-BM7) -> 0 | BP7: =IFERROR(INDEX($DF$4:$DF$58,MATCH(BL7,$DW$4:$DW$55,0),1),"") | BQ7: =IFERROR(IF(OR(BL7="",BL7=0),"",TEXT(EOMONTH(BP7,0),"dd-mm-yyyy")),"") | BS7: =IF(BM7=0,"",IF(BK7=$CH$9,BP7,"")) | BT7: =IFERROR(SMALL($BS$4:$BS$17,CN7),"") | BU7: =IFERROR(IF(COUNTIF($BT$4:BT7,BT7)>1,0,INDEX($BM$4:$BM$17,MATCH(BT7,$BP$4:$BP$17,0),1)),0) -> 0 | BW7: =DC26 -> 46143 | BX7: =SUMIFS($BU$4:$BU$15,$BT$4:$BT$15,">="&BY6,$BT$4:$BT$15,"<="&EDATE(BY6,12)) -> 0 | BY7: =IFERROR(IF(BW7="","",EDATE(BY6,12)+BX7),"") -> 46143 | CD7: =Table!BD1 -> 100 | CE7: =Table!BE1 | CF7: =DATE(YEAR(CE7),MONTH(CE7),1) -> #VALUE! | CH7: NA | CK7: SELF | CL7: >=40% | CN7: 4 | CP7: 21800 | CQ7: 21580-65570 | CR7: 21580 | CU7: Apr | CV7: =TEXT(CW7,"mmm-yyyy") -> Jun-2025 | CW7: =EDATE(CW6,1) -> 45809 | CX7: =EOMONTH(CW7,0) -> 45838 | DA7: =CW53 -> 45047 | DB7: =IF(CW49="","",EDATE(CW49,12)-DAY(EDATE(CW49,12))+1) | DC7: =IF(CW50="","",EDATE(CW50,12)-DAY(EDATE(CW50,12))+1) | DE7: =IFERROR(MATCH(DF7,$DB$23:$DB$37,0),"") | DF7: =CW7 -> 45809 | DG7: =IF(OR($CU$3=$M$6,DE7=""),"","AGI") | DH7: =IFERROR(EOMONTH(DF7,0),"") -> 45838 | DI7: =IFERROR(IF(AND($CS$3=2,DJ7="AGI",INDEX($DJ$4:$DJ$56,MATCH($DR$1,$DJ$4:DJ7,0),1)=$DR$1),2,0),0) -> 0 | DJ7: =IFERROR(IF(AND(NOT($DE$51=""),DK7=$DE$51),$DG$51,IF(AND(NOT($DE$53=""),DK7=$DE$53),$DG$53,INDEX($DG$4:$DG$58,MATCH(DK7,$DF$4:$DF$58,0),1))),"") | DK7: =IFERROR(IF(SMALL($DF$4:$DF$58,CN7)>$CJ$2,"",SMALL($DF$4:$DF$58,CN7)),"") -> 45809 | DL7: =IF(AND(NOT($DE$51=""),DK7=$DE$51),$DH$51,IF(AND(NOT($DE$53=""),DK7=$DE$53),$DH$53,INDEX($DH$4:$DH$58,MATCH(DK7,$DF$4:$DF$58,0),1))) -> 45838 | DM7: =IF(DI7>0,DI7,IF(OR(AND($CS$3=2,DJ7="PRO"),OR(DJ7="AGI",LEFT(DJ7,3)="AGI",DJ7="AAS")),1,IF(AND($CS$3=1,DJ7="PRO"),2,0))) -> 0 | DN7: =IF(DN6=$CP$2,$CP$2,IF(DK7>=$DT$2,MAX($DU$2,INDEX($CP$4:$CP$89,MATCH(DN6,$CP$4:$CP$89,1)+DM7)),INDEX($CP$4:$CP$89,MATCH(DN6,$CP$4:$CP$89,1)+DM7))) -> 74770 | DO7: =IFERROR(INDEX($DQ$3:$DR$3,1,MATCH(DJ7,$DQ$1:$DR$1,0)),"") | DP7: =MAX(DP6,DN7:DO7) -> 74770 | DQ7: =IFERROR(IF(DO7="","",IF(SUM(MATCH(DP7,$CP$4:$CP$89,0)-MATCH(DP6,$CP$4:$CP$89,0))<=0,"",SUM(MATCH(DP7,$CP$4:$CP$89,0)-MATCH(DP6,$CP$4:$CP$89,0)))),"") | DS7: =IF(DQ7="",DM7,DQ7) -> 0 | DT7: =IF(DN6=$CP$2,$CP$2,IF(DK7>=$DT$2,MAX($DU$2,INDEX($CP$4:$CP$89,MATCH(DT6,$CP$4:$CP$89,1)+DS7)),INDEX($CP$4:$CP$89,MATCH(DT6,$CP$4:$CP$89,1)+DS7))) -> 74770 | DV7: =IF($N$13="","",IF(AND(NOT($DF$59=""),MATCH($DG$52,$DJ$4:$DJ$55,0)>0,DK7=$DE$51),"HRA-1",IF(AND(NOT($DG$52=""),DJ7=$DG$52),"HRA-2",IF(AND(NOT($DG$54=""),DJ7=$DG$54),"HRA-3","")))) | DW7: =IF(DK7="","",TEXT(DK7,"Dd-MM-YYYY")) -> 01-06-2025 | DX7: =IF(DL7="","",TEXT(DL7,"Dd-MM-YYYY")) -> 30-06-2025 | DY7: =IF(DW7="","",DATE(YEAR(DK7),MONTH(DK7),DAY(DK7))) -> 45809 | DZ7: =IF(DX7="","",DATE(YEAR(DL7),MONTH(DL7),DAY(DL7))) -> 45838 | EA7: =IFERROR(SUM(DZ7-DY7,0)+1,"") -> 30 | EB7: =IFERROR(INDEX($BN$4:$BN$17,MATCH(DW7,$BL$4:$BL$17,0),1),0) -> 0 | EC7: =IFERROR(IF(EB7=0,EA7,MAX(IF(EB7=0.5,EA7/2,EA7+EB7),0)),"") -> 30 | ED7: =IFERROR(INDEX($BK$4:$BK$17,MATCH(DW7,$BL$4:$BL$17,0),1),0) -> 0 | EE7: =IFERROR(IF(NOT(ED7=$CH$8),0,INDEX($BO$4:$BO$17,MATCH(DW7,$BL$4:$BL$17,0),1)),0) -> 0 | EF7: =IFERROR(IF(AND(LEFT(DJ7,3)="S/L",EH7=15),ROUND(DT7*0.5,0),IF(DJ7=$DJ$59,$DL$61,IF(DJ7=$DJ$64,$DL$66,ROUND(SUM(EH7/EG7)*DT7,0)))),"") -> 74770 | EG7: =IFERROR(DAY(EOMONTH(DK7,0)),"") -> 30 | EH7: =EC7 -> 30 | EJ7: =IF(DK7="","",TEXT(DK7,"MMM-YYYY")) -> Jun-2025 | EP7: =IF($K$40=$EO$57,0,IF(AND(DK7>=EP$1,$DK7<=EQ$1),SUM(ROUND(EF7*$EQ$2%,0)-ROUND(EF7*$EP$2%,0)),0)) -> 0 | EQ7: =IF($K$40=$EO$57,0,IF(AND(DK7>=EP$1,$DK7<=EQ$1),ROUND(EP7*10%,0),0)) -> 0 | EU7: =IF($AR$44=$EO$57,0,IF(AND(DK7>=$EU$1,$DK7<=$EV$1),SUM(ROUND(EF7*$EV$2%,0)-ROUND(EF7*$EU$2%,0)),0)) -> 0 | EV7: =IF($AR$44=$EO$57,0,IF(AND(DK7>=$EU$1,$DK7<=$EV$1),ROUND(EU7*10%,0),0)) -> 0 | EZ7: =IF(AND(DK7>=$EZ$1,$DK7<=$FA$1),ROUND(EF7*$EY$2%,0),0) -> 2722 | FA7: =IF(AND(DK7>=$EZ$1,$DK7<=$FA$1),ROUND(EF7*$FA$2%*10%,0)-(ROUND(EF7*$EZ$2%*10%,0)),0) -> 273 | GF7: =GG6 -> 30.03 | GG7: 33.67 | GH7: =IF(GG7="",0,GG7-GF7) -> 3.64 | GI7: 45108
B8: Employee PAN NO | E8: XXX | K8: Addl Incre | N8: Promotion Taken? | O8: No | X8: =DK6 -> 45778 | Y8: =DL6 -> 45808 | Z8: =DJ6 -> AGI | AA8: =EF6 -> 74770 | AB8: =EP6 -> 0 | AC8: =EQ6 -> 0 | AD8: =AB8-AC8 -> 0 | BE8: =DATE(BE12,BE11,BE10) -> #VALUE! | BF8: =DATE(CH3,4,1) -> 46113 | BJ8: 5 | BK8: =INDEX($C$51:$O$54,1,BJ8) -> 0 | BL8: =INDEX($C$51:$O$54,2,BJ8) -> 0 | BM8: =IF(OR(BK8=0,BK8="NA"),0,INDEX($C$51:$O$54,4,BJ8)) -> 0 | BN8: =SUMIF($BL$4:$BL$15,BL8,$BO$4:$BO8) -> 0 | BO8: =IF(BK8=$CH$8,-BM8*0.5,-BM8) -> 0 | BP8: =IFERROR(INDEX($DF$4:$DF$58,MATCH(BL8,$DW$4:$DW$55,0),1),"") | BQ8: =IFERROR(IF(OR(BL8="",BL8=0),"",TEXT(EOMONTH(BP8,0),"dd-mm-yyyy")),"") | BS8: =IF(BM8=0,"",IF(BK8=$CH$9,BP8,"")) | BT8: =IFERROR(SMALL($BS$4:$BS$17,CN8),"") | BU8: =IFERROR(IF(COUNTIF($BT$4:BT8,BT8)>1,0,INDEX($BM$4:$BM$17,MATCH(BT8,$BP$4:$BP$17,0),1)),0) -> 0 | BW8: =DC27 | BX8: =SUMIFS($BU$4:$BU$15,$BT$4:$BT$15,">="&BY7,$BT$4:$BT$15,"<="&EDATE(BY7,12)) -> 0 | BY8: =IFERROR(IF(BW8="","",EDATE(BY7,12)+BX8),"") | CD8: =Table!BD2 -> 100 | CE8: =Table!BE2 | CF8: =IFERROR(DATE(YEAR(CE8),MONTH(CE8),1),"") | CH8: HPL's | CL8: >=80% | CN8: 5 | CP8: 22460 | CQ8: 22240-67300 | CR8: 22240 | CS8: Yes | CU8: May | CV8: =TEXT(CW8,"mmm-yyyy") -> Jul-2025 | CW8: =EDATE(CW7,1) -> 45839 | CX8: =EOMONTH(CW8,0) -> 45869 | DA8: =CW54 -> 45413 | DB8: =IFERROR(EDATE(DB7,12),"") | DC8: =IFERROR(EDATE(DC7,12),"") | DE8: =IFERROR(MATCH(DF8,$DB$23:$DB$37,0),"") | DF8: =CW8 -> 45839 | DG8: =IF(OR($CU$3=$M$6,DE8=""),"","AGI") | DH8: =IFERROR(EOMONTH(DF8,0),"") -> 45869 | DI8: =IFERROR(IF(AND($CS$3=2,DJ8="AGI",INDEX($DJ$4:$DJ$56,MATCH($DR$1,$DJ$4:DJ8,0),1)=$DR$1),2,0),0) -> 0 | DJ8: =IFERROR(IF(AND(NOT($DE$51=""),DK8=$DE$51),$DG$51,IF(AND(NOT($DE$53=""),DK8=$DE$53),$DG$53,INDEX($DG$4:$DG$58,MATCH(DK8,$DF$4:$DF$58,0),1))),"") | DK8: =IFERROR(IF(SMALL($DF$4:$DF$58,CN8)>$CJ$2,"",SMALL($DF$4:$DF$58,CN8)),"") -> 45839 | DL8: =IF(AND(NOT($DE$51=""),DK8=$DE$51),$DH$51,IF(AND(NOT($DE$53=""),DK8=$DE$53),$DH$53,INDEX($DH$4:$DH$58,MATCH(DK8,$DF$4:$DF$58,0),1))) -> 45869 | DM8: =IF(DI8>0,DI8,IF(OR(AND($CS$3=2,DJ8="PRO"),OR(DJ8="AGI",LEFT(DJ8,3)="AGI",DJ8="AAS")),1,IF(AND($CS$3=1,DJ8="PRO"),2,0))) -> 0 | DN8: =IF(DN7=$CP$2,$CP$2,IF(DK8>=$DT$2,MAX($DU$2,INDEX($CP$4:$CP$89,MATCH(DN7,$CP$4:$CP$89,1)+DM8)),INDEX($CP$4:$CP$89,MATCH(DN7,$CP$4:$CP$89,1)+DM8))) -> 74770 | DO8: =IFERROR(INDEX($DQ$3:$DR$3,1,MATCH(DJ8,$DQ$1:$DR$1,0)),"") | DP8: =MAX(DP7,DN8:DO8) -> 74770 | DQ8: =IFERROR(IF(DO8="","",IF(SUM(MATCH(DP8,$CP$4:$CP$89,0)-MATCH(DP7,$CP$4:$CP$89,0))<=0,"",SUM(MATCH(DP8,$CP$4:$CP$89,0)-MATCH(DP7,$CP$4:$CP$89,0)))),"") | DS8: =IF(DQ8="",DM8,DQ8) -> 0 | DT8: =IF(DN7=$CP$2,$CP$2,IF(DK8>=$DT$2,MAX($DU$2,INDEX($CP$4:$CP$89,MATCH(DT7,$CP$4:$CP$89,1)+DS8)),INDEX($CP$4:$CP$89,MATCH(DT7,$CP$4:$CP$89,1)+DS8))) -> 74770 | DV8: =IF($N$13="","",IF(AND(NOT($DF$59=""),MATCH($DG$52,$DJ$4:$DJ$55,0)>0,DK8=$DE$51),"HRA-1",IF(AND(NOT($DG$52=""),DJ8=$DG$52),"HRA-2",IF(AND(NOT($DG$54=""),DJ8=$DG$54),"HRA-3","")))) | DW8: =IF(DK8="","",TEXT(DK8,"Dd-MM-YYYY")) -> 01-07-2025 | DX8: =IF(DL8="","",TEXT(DL8,"Dd-MM-YYYY")) -> 31-07-2025 | DY8: =IF(DW8="","",DATE(YEAR(DK8),MONTH(DK8),DAY(DK8))) -> 45839 | DZ8: =IF(DX8="","",DATE(YEAR(DL8),MONTH(DL8),DAY(DL8))) -> 45869 | EA8: =IFERROR(SUM(DZ8-DY8,0)+1,"") -> 31 | EB8: =IFERROR(INDEX($BN$4:$BN$17,MATCH(DW8,$BL$4:$BL$17,0),1),0) -> 0 | EC8: =IFERROR(IF(EB8=0,EA8,MAX(IF(EB8=0.5,EA8/2,EA8+EB8),0)),"") -> 31 | ED8: =IFERROR(INDEX($BK$4:$BK$17,MATCH(DW8,$BL$4:$BL$17,0),1),0) -> 0 | EE8: =IFERROR(IF(NOT(ED8=$CH$8),0,INDEX($BO$4:$BO$17,MATCH(DW8,$BL$4:$BL$17,0),1)),0) -> 0 | EF8: =IFERROR(IF(AND(LEFT(DJ8,3)="S/L",EH8=15),ROUND(DT8*0.5,0),IF(DJ8=$DJ$59,$DL$61,IF(DJ8=$DJ$64,$DL$66,ROUND(SUM(EH8/EG8)*DT8,0)))),"") -> 74770 | EG8: =IFERROR(DAY(EOMONTH(DK8,0)),"") -> 31 | EH8: =EC8 -> 31 | EJ8: =IF(DK8="","",TEXT(DK8,"MMM-YYYY")) -> Jul-2025 | EP8: =IF($K$40=$EO$57,0,IF(AND(DK8>=EP$1,$DK8<=EQ$1),SUM(ROUND(EF8*$EQ$2%,0)-ROUND(EF8*$EP$2%,0)),0)) -> 0 | EQ8: =IF($K$40=$EO$57,0,IF(AND(DK8>=EP$1,$DK8<=EQ$1),ROUND(EP8*10%,0),0)) -> 0 | EU8: =IF($AR$44=$EO$57,0,IF(AND(DK8>=$EU$1,$DK8<=$EV$1),SUM(ROUND(EF8*$EV$2%,0)-ROUND(EF8*$EU$2%,0)),0)) -> 0 | EV8: =IF($AR$44=$EO$57,0,IF(AND(DK8>=$EU$1,$DK8<=$EV$1),ROUND(EU8*10%,0),0)) -> 0 | EZ8: =IF(AND(DK8>=$EZ$1,$DK8<=$FA$1),ROUND(EF8*$EY$2%,0),0) -> 2722 | FA8: =IF(AND(DK8>=$EZ$1,$DK8<=$FA$1),ROUND(EF8*$FA$2%*10%,0)-(ROUND(EF8*$EZ$2%*10%,0)),0) -> 273 | GF8: =GG7 -> 33.67 | GG8: 37.31 | GH8: =IF(GG8="",0,GG8-GF8) -> 3.64 | GI8: 45292
B9: Treasury ID No | E9: XXX | K9: FPI+PP | N9: If yes ,Date | O9: 24.06.2025 | X9: =DK7 -> 45809 | Y9: =DL7 -> 45838 | Z9: =DJ7 | AA9: =EF7 -> 74770 | AB9: =EP7 -> 0 | AC9: =EQ7 -> 0 | AD9: =AB9-AC9 -> 0 | BE9: DOB | BF9: =I3 -> 0 | BJ9: 6 | BK9: =INDEX($C$51:$O$54,1,BJ9) -> 0 | BL9: =INDEX($C$51:$O$54,2,BJ9) -> 0 | BM9: =IF(OR(BK9=0,BK9="NA"),0,INDEX($C$51:$O$54,4,BJ9)) -> 0 | BN9: =SUMIF($BL$4:$BL$15,BL9,$BO$4:$BO9) -> 0 | BO9: =IF(BK9=$CH$8,-BM9*0.5,-BM9) -> 0 | BP9: =IFERROR(INDEX($DF$4:$DF$58,MATCH(BL9,$DW$4:$DW$55,0),1),"") | BQ9: =IFERROR(IF(OR(BL9="",BL9=0),"",TEXT(EOMONTH(BP9,0),"dd-mm-yyyy")),"") | BS9: =IF(BM9=0,"",IF(BK9=$CH$9,BP9,"")) | BT9: =IFERROR(SMALL($BS$4:$BS$17,CN9),"") | BU9: =IFERROR(IF(COUNTIF($BT$4:BT9,BT9)>1,0,INDEX($BM$4:$BM$17,MATCH(BT9,$BP$4:$BP$17,0),1)),0) -> 0 | BW9: =DC28 | BX9: =SUMIFS($BU$4:$BU$15,$BT$4:$BT$15,">="&BY8,$BT$4:$BT$15,"<="&EDATE(BY8,12)) -> 0 | BY9: =IFERROR(IF(BW9="","",EDATE(BY8,12)+BX9),"") | CH9: EOL's | CN9: 6 | CP9: 23120 | CQ9: 22900-69150 | CR9: 22900 | CS9: No | CU9: Jun | CV9: =TEXT(CW9,"mmm-yyyy") -> Aug-2025 | CW9: =EDATE(CW8,1) -> 45870 | CX9: =EOMONTH(CW9,0) -> 45900 | DA9: =CW55 -> 45778 | DB9: =IFERROR(EDATE(DB8,12),"") | DC9: =IFERROR(EDATE(DC8,12),"") | DE9: =IFERROR(MATCH(DF9,$DB$23:$DB$37,0),"") | DF9: =CW9 -> 45870 | DG9: =IF(OR($CU$3=$M$6,DE9=""),"","AGI") | DH9: =IFERROR(EOMONTH(DF9,0),"") -> 45900 | DI9: =IFERROR(IF(AND($CS$3=2,DJ9="AGI",INDEX($DJ$4:$DJ$56,MATCH($DR$1,$DJ$4:DJ9,0),1)=$DR$1),2,0),0) -> 0 | DJ9: =IFERROR(IF(AND(NOT($DE$51=""),DK9=$DE$51),$DG$51,IF(AND(NOT($DE$53=""),DK9=$DE$53),$DG$53,INDEX($DG$4:$DG$58,MATCH(DK9,$DF$4:$DF$58,0),1))),"") | DK9: =IFERROR(IF(SMALL($DF$4:$DF$58,CN9)>$CJ$2,"",SMALL($DF$4:$DF$58,CN9)),"") -> 45870 | DL9: =IF(AND(NOT($DE$51=""),DK9=$DE$51),$DH$51,IF(AND(NOT($DE$53=""),DK9=$DE$53),$DH$53,INDEX($DH$4:$DH$58,MATCH(DK9,$DF$4:$DF$58,0),1))) -> 45900 | DM9: =IF(DI9>0,DI9,IF(OR(AND($CS$3=2,DJ9="PRO"),OR(DJ9="AGI",LEFT(DJ9,3)="AGI",DJ9="AAS")),1,IF(AND($CS$3=1,DJ9="PRO"),2,0))) -> 0 | DN9: =IF(DN8=$CP$2,$CP$2,IF(DK9>=$DT$2,MAX($DU$2,INDEX($CP$4:$CP$89,MATCH(DN8,$CP$4:$CP$89,1)+DM9)),INDEX($CP$4:$CP$89,MATCH(DN8,$CP$4:$CP$89,1)+DM9))) -> 74770 | DO9: =IFERROR(INDEX($DQ$3:$DR$3,1,MATCH(DJ9,$DQ$1:$DR$1,0)),"") | DP9: =MAX(DP8,DN9:DO9) -> 74770 | DQ9: =IFERROR(IF(DO9="","",IF(SUM(MATCH(DP9,$CP$4:$CP$89,0)-MATCH(DP8,$CP$4:$CP$89,0))<=0,"",SUM(MATCH(DP9,$CP$4:$CP$89,0)-MATCH(DP8,$CP$4:$CP$89,0)))),"") | DS9: =IF(DQ9="",DM9,DQ9) -> 0 | DT9: =IF(DN8=$CP$2,$CP$2,IF(DK9>=$DT$2,MAX($DU$2,INDEX($CP$4:$CP$89,MATCH(DT8,$CP$4:$CP$89,1)+DS9)),INDEX($CP$4:$CP$89,MATCH(DT8,$CP$4:$CP$89,1)+DS9))) -> 74770 | DV9: =IF($N$13="","",IF(AND(NOT($DF$59=""),MATCH($DG$52,$DJ$4:$DJ$55,0)>0,DK9=$DE$51),"HRA-1",IF(AND(NOT($DG$52=""),DJ9=$DG$52),"HRA-2",IF(AND(NOT($DG$54=""),DJ9=$DG$54),"HRA-3","")))) | DW9: =IF(DK9="","",TEXT(DK9,"Dd-MM-YYYY")) -> 01-08-2025 | DX9: =IF(DL9="","",TEXT(DL9,"Dd-MM-YYYY")) -> 31-08-2025 | DY9: =IF(DW9="","",DATE(YEAR(DK9),MONTH(DK9),DAY(DK9))) -> 45870 | DZ9: =IF(DX9="","",DATE(YEAR(DL9),MONTH(DL9),DAY(DL9))) -> 45900 | EA9: =IFERROR(SUM(DZ9-DY9,0)+1,"") -> 31 | EB9: =IFERROR(INDEX($BN$4:$BN$17,MATCH(DW9,$BL$4:$BL$17,0),1),0) -> 0 | EC9: =IFERROR(IF(EB9=0,EA9,MAX(IF(EB9=0.5,EA9/2,EA9+EB9),0)),"") -> 31 | ED9: =IFERROR(INDEX($BK$4:$BK$17,MATCH(DW9,$BL$4:$BL$17,0),1),0) -> 0 | EE9: =IFERROR(IF(NOT(ED9=$CH$8),0,INDEX($BO$4:$BO$17,MATCH(DW9,$BL$4:$BL$17,0),1)),0) -> 0 | EF9: =IFERROR(IF(AND(LEFT(DJ9,3)="S/L",EH9=15),ROUND(DT9*0.5,0),IF(DJ9=$DJ$59,$DL$61,IF(DJ9=$DJ$64,$DL$66,ROUND(SUM(EH9/EG9)*DT9,0)))),"") -> 74770 | EG9: =IFERROR(DAY(EOMONTH(DK9,0)),"") -> 31 | EH9: =EC9 -> 31 | EJ9: =IF(DK9="","",TEXT(DK9,"MMM-YYYY")) -> Aug-2025 | EP9: =IF($K$40=$EO$57,0,IF(AND(DK9>=EP$1,$DK9<=EQ$1),SUM(ROUND(EF9*$EQ$2%,0)-ROUND(EF9*$EP$2%,0)),0)) -> 0 | EQ9: =IF($K$40=$EO$57,0,IF(AND(DK9>=EP$1,$DK9<=EQ$1),ROUND(EP9*10%,0),0)) -> 0 | EU9: =IF($AR$44=$EO$57,0,IF(AND(DK9>=$EU$1,$DK9<=$EV$1),SUM(ROUND(EF9*$EV$2%,0)-ROUND(EF9*$EU$2%,0)),0)) -> 0 | EV9: =IF($AR$44=$EO$57,0,IF(AND(DK9>=$EU$1,$DK9<=$EV$1),ROUND(EU9*10%,0),0)) -> 0 | EZ9: =IF(AND(DK9>=$EZ$1,$DK9<=$FA$1),ROUND(EF9*$EY$2%,0),0) -> 0 | FA9: =IF(AND(DK9>=$EZ$1,$DK9<=$FA$1),ROUND(EF9*$FA$2%*10%,0)-(ROUND(EF9*$EZ$2%*10%,0)),0) -> 0 | FY9: CCA | FZ9: RPS-2020 | GF9: =GG8 -> 37.31 | GG9: 40.04 | GH9: =IF(GG9="",0,GG9-GF9) -> 2.73 | GI9: 45474
B10: If Know ,TSGLI NO | K10: Spl.Pay | N10: FIXATION TYPE | O10: Increment date | X10: =DK8 -> 45839 | Y10: =DL8 -> 45869 | Z10: =DJ8 | AA10: =EF8 -> 74770 | AB10: =EP8 -> 0 | AC10: =EQ8 -> 0 | AD10: =AB10-AC10 -> 0 | BE10: =LEFT(BF9,2) -> 0 | BF10: =IF(I3="","",IFERROR(DATEDIF(BE8, BF8, "y"),DATEDIF(BF9, BF8, "y"))) | BJ10: 7 | BK10: =INDEX($C$51:$O$54,1,BJ10) -> 0 | BL10: =INDEX($C$51:$O$54,2,BJ10) -> 0 | BM10: =IF(OR(BK10=0,BK10="NA"),0,INDEX($C$51:$O$54,4,BJ10)) -> 0 | BN10: =SUMIF($BL$4:$BL$15,BL10,$BO$4:$BO10) -> 0 | BO10: =IF(BK10=$CH$8,-BM10*0.5,-BM10) -> 0 | BP10: =IFERROR(INDEX($DF$4:$DF$58,MATCH(BL10,$DW$4:$DW$55,0),1),"") | BQ10: =IFERROR(IF(OR(BL10="",BL10=0),"",TEXT(EOMONTH(BP10,0),"dd-mm-yyyy")),"") | BS10: =IF(BM10=0,"",IF(BK10=$CH$9,BP10,"")) | BT10: =IFERROR(SMALL($BS$4:$BS$17,CN10),"") | BU10: =IFERROR(IF(COUNTIF($BT$4:BT10,BT10)>1,0,INDEX($BM$4:$BM$17,MATCH(BT10,$BP$4:$BP$17,0),1)),0) -> 0 | BW10: =DC29 | BX10: =SUMIFS($BU$4:$BU$15,$BT$4:$BT$15,">="&BY9,$BT$4:$BT$15,"<="&EDATE(BY9,12)) -> 0 | BY10: =IFERROR(IF(BW10="","",EDATE(BY9,12)+BX10),"") | CE10: Adv.TAX | CN10: 7 | CP10: 23780 | CQ10: 24280-72850 | CR10: 24280 | CU10: Jul | CV10: =TEXT(CW10,"mmm-yyyy") -> Sep-2025 | CW10: =EDATE(CW9,1) -> 45901 | CX10: =EOMONTH(CW10,0) -> 45930 | DA10: =CW56 -> 46143 | DB10: =IFERROR(EDATE(DB9,12),"") | DC10: =IFERROR(EDATE(DC9,12),"") | DE10: =IFERROR(MATCH(DF10,$DB$23:$DB$37,0),"") | DF10: =CW10 -> 45901 | DG10: =IF(OR($CU$3=$M$6,DE10=""),"","AGI") | DH10: =IFERROR(EOMONTH(DF10,0),"") -> 45930 | DI10: =IFERROR(IF(AND($CS$3=2,DJ10="AGI",INDEX($DJ$4:$DJ$56,MATCH($DR$1,$DJ$4:DJ10,0),1)=$DR$1),2,0),0) -> 0 | DJ10: =IFERROR(IF(AND(NOT($DE$51=""),DK10=$DE$51),$DG$51,IF(AND(NOT($DE$53=""),DK10=$DE$53),$DG$53,INDEX($DG$4:$DG$58,MATCH(DK10,$DF$4:$DF$58,0),1))),"") | DK10: =IFERROR(IF(SMALL($DF$4:$DF$58,CN10)>$CJ$2,"",SMALL($DF$4:$DF$58,CN10)),"") -> 45901 | DL10: =IF(AND(NOT($DE$51=""),DK10=$DE$51),$DH$51,IF(AND(NOT($DE$53=""),DK10=$DE$53),$DH$53,INDEX($DH$4:$DH$58,MATCH(DK10,$DF$4:$DF$58,0),1))) -> 45930 | DM10: =IF(DI10>0,DI10,IF(OR(AND($CS$3=2,DJ10="PRO"),OR(DJ10="AGI",LEFT(DJ10,3)="AGI",DJ10="AAS")),1,IF(AND($CS$3=1,DJ10="PRO"),2,0))) -> 0 | DN10: =IF(DN9=$CP$2,$CP$2,IF(DK10>=$DT$2,MAX($DU$2,INDEX($CP$4:$CP$89,MATCH(DN9,$CP$4:$CP$89,1)+DM10)),INDEX($CP$4:$CP$89,MATCH(DN9,$CP$4:$CP$89,1)+DM10))) -> 74770 | DO10: =IFERROR(INDEX($DQ$3:$DR$3,1,MATCH(DJ10,$DQ$1:$DR$1,0)),"") | DP10: =MAX(DP9,DN10:DO10) -> 74770 | DQ10: =IFERROR(IF(DO10="","",IF(SUM(MATCH(DP10,$CP$4:$CP$89,0)-MATCH(DP9,$CP$4:$CP$89,0))<=0,"",SUM(MATCH(DP10,$CP$4:$CP$89,0)-MATCH(DP9,$CP$4:$CP$89,0)))),"") | DS10: =IF(DQ10="",DM10,DQ10) -> 0 | DT10: =IF(DN9=$CP$2,$CP$2,IF(DK10>=$DT$2,MAX($DU$2,INDEX($CP$4:$CP$89,MATCH(DT9,$CP$4:$CP$89,1)+DS10)),INDEX($CP$4:$CP$89,MATCH(DT9,$CP$4:$CP$89,1)+DS10))) -> 74770 | DV10: =IF($N$13="","",IF(AND(NOT($DF$59=""),MATCH($DG$52,$DJ$4:$DJ$55,0)>0,DK10=$DE$51),"HRA-1",IF(AND(NOT($DG$52=""),DJ10=$DG$52),"HRA-2",IF(AND(NOT($DG$54=""),DJ10=$DG$54),"HRA-3","")))) | DW10: =IF(DK10="","",TEXT(DK10,"Dd-MM-YYYY")) -> 01-09-2025 | DX10: =IF(DL10="","",TEXT(DL10,"Dd-MM-YYYY")) -> 30-09-2025 | DY10: =IF(DW10="","",DATE(YEAR(DK10),MONTH(DK10),DAY(DK10))) -> 45901 | DZ10: =IF(DX10="","",DATE(YEAR(DL10),MONTH(DL10),DAY(DL10))) -> 45930 | EA10: =IFERROR(SUM(DZ10-DY10,0)+1,"") -> 30 | EB10: =IFERROR(INDEX($BN$4:$BN$17,MATCH(DW10,$BL$4:$BL$17,0),1),0) -> 0 | EC10: =IFERROR(IF(EB10=0,EA10,MAX(IF(EB10=0.5,EA10/2,EA10+EB10),0)),"") -> 30 | ED10: =IFERROR(INDEX($BK$4:$BK$17,MATCH(DW10,$BL$4:$BL$17,0),1),0) -> 0 | EE10: =IFERROR(IF(NOT(ED10=$CH$8),0,INDEX($BO$4:$BO$17,MATCH(DW10,$BL$4:$BL$17,0),1)),0) -> 0 | EF10: =IFERROR(IF(AND(LEFT(DJ10,3)="S/L",EH10=15),ROUND(DT10*0.5,0),IF(DJ10=$DJ$59,$DL$61,IF(DJ10=$DJ$64,$DL$66,ROUND(SUM(EH10/EG10)*DT10,0)))),"") -> 74770 | EG10: =IFERROR(DAY(EOMONTH(DK10,0)),"") -> 30 | EH10: =EC10 -> 30 | EJ10: =IF(DK10="","",TEXT(DK10,"MMM-YYYY")) -> Sep-2025 | EP10: =IF($K$40=$EO$57,0,IF(AND(DK10>=EP$1,$DK10<=EQ$1),SUM(ROUND(EF10*$EQ$2%,0)-ROUND(EF10*$EP$2%,0)),0)) -> 0 | EQ10: =IF($K$40=$EO$57,0,IF(AND(DK10>=EP$1,$DK10<=EQ$1),ROUND(EP10*10%,0),0)) -> 0 | EU10: =IF($AR$44=$EO$57,0,IF(AND(DK10>=$EU$1,$DK10<=$EV$1),SUM(ROUND(EF10*$EV$2%,0)-ROUND(EF10*$EU$2%,0)),0)) -> 0 | EV10: =IF($AR$44=$EO$57,0,IF(AND(DK10>=$EU$1,$DK10<=$EV$1),ROUND(EU10*10%,0),0)) -> 0 | EZ10: =IF(AND(DK10>=$EZ$1,$DK10<=$FA$1),ROUND(EF10*$EY$2%,0),0) -> 0 | FA10: =IF(AND(DK10>=$EZ$1,$DK10<=$FA$1),ROUND(EF10*$FA$2%*10%,0)-(ROUND(EF10*$EZ$2%*10%,0)),0) -> 0 | FY10: Not Applicable | FZ10: Secret HoDs | GA10: GVMC | GB10: Others | GF10: =GG9 -> 40.04 | GG10: 41.86 | GH10: =IF(GG10="",0,GG10-GF10) -> 1.82 | GI10: 45658
B11: If Know,GPF/CPS NO | K11: Child Fee Concession | N11: if pay fix @Mini | O11: 78820 | X11: =DK9 -> 45870 | Y11: =DL9 -> 45900 | Z11: =DJ9 | AA11: =EF9 -> 74770 | AB11: =EP9 -> 0 | AC11: =EQ9 -> 0 | AD11: =AB11-AC11 -> 0 | BE11: =MID(BF9,4,2) | BF11: =IF(BF10>=60,"Senior Citizens",IF(BF10>=80,"Very Senior Citizens","Gen<60")) -> Senior Citizens | BJ11: 8 | BK11: =INDEX($C$51:$O$54,1,BJ11) -> 0 | BL11: =INDEX($C$51:$O$54,2,BJ11) -> 0 | BM11: =IF(OR(BK11=0,BK11="NA"),0,INDEX($C$51:$O$54,4,BJ11)) -> 0 | BN11: =SUMIF($BL$4:$BL$15,BL11,$BO$4:$BO11) -> 0 | BO11: =IF(BK11=$CH$8,-BM11*0.5,-BM11) -> 0 | BP11: =IFERROR(INDEX($DF$4:$DF$58,MATCH(BL11,$DW$4:$DW$55,0),1),"") | BQ11: =IFERROR(IF(OR(BL11="",BL11=0),"",TEXT(EOMONTH(BP11,0),"dd-mm-yyyy")),"") | BS11: =IF(BM11=0,"",IF(BK11=$CH$9,BP11,"")) | BT11: =IFERROR(SMALL($BS$4:$BS$17,CN11),"") | BU11: =IFERROR(IF(COUNTIF($BT$4:BT11,BT11)>1,0,INDEX($BM$4:$BM$17,MATCH(BT11,$BP$4:$BP$17,0),1)),0) -> 0 | BW11: =DC30 | BX11: =SUMIFS($BU$4:$BU$15,$BT$4:$BT$15,">="&BY10,$BT$4:$BT$15,"<="&EDATE(BY10,12)) -> 0 | BY11: =IFERROR(IF(BW11="","",EDATE(BY10,12)+BX11),"") | CD11: =DATE(CH2,3,1) -> 45717 | CE11: =INDEX($I$36:$I$47,MATCH(CH11,$H$36:$H$47,0),1) -> 0 | CG11: =IFERROR(CD11,CD11) -> 45717 | CH11: =TEXT(CD11,"mmm-yyyy") -> Mar-2025 | CJ11: H.M Allowance | CN11: 8 | CP11: 24500 | CQ11: 26410-78820 | CR11: 26410 | CS11: CPS | CU11: Aug | CV11: =TEXT(CW11,"mmm-yyyy") -> Oct-2025 | CW11: =EDATE(CW10,1) -> 45931 | CX11: =EOMONTH(CW11,0) -> 45961 | DB11: =IFERROR(EDATE(DB10,12),"") | DC11: =IFERROR(EDATE(DC10,12),"") | DE11: =IFERROR(MATCH(DF11,$DB$23:$DB$37,0),"") | DF11: =CW11 -> 45931 | DG11: =IF(OR($CU$3=$M$6,DE11=""),"","AGI") | DH11: =IFERROR(EOMONTH(DF11,0),"") -> 45961 | DI11: =IFERROR(IF(AND($CS$3=2,DJ11="AGI",INDEX($DJ$4:$DJ$56,MATCH($DR$1,$DJ$4:DJ11,0),1)=$DR$1),2,0),0) -> 0 | DJ11: =IFERROR(IF(AND(NOT($DE$51=""),DK11=$DE$51),$DG$51,IF(AND(NOT($DE$53=""),DK11=$DE$53),$DG$53,INDEX($DG$4:$DG$58,MATCH(DK11,$DF$4:$DF$58,0),1))),"") | DK11: =IFERROR(IF(SMALL($DF$4:$DF$58,CN11)>$CJ$2,"",SMALL($DF$4:$DF$58,CN11)),"") -> 45931 | DL11: =IF(AND(NOT($DE$51=""),DK11=$DE$51),$DH$51,IF(AND(NOT($DE$53=""),DK11=$DE$53),$DH$53,INDEX($DH$4:$DH$58,MATCH(DK11,$DF$4:$DF$58,0),1))) -> 45961 | DM11: =IF(DI11>0,DI11,IF(OR(AND($CS$3=2,DJ11="PRO"),OR(DJ11="AGI",LEFT(DJ11,3)="AGI",DJ11="AAS")),1,IF(AND($CS$3=1,DJ11="PRO"),2,0))) -> 0 | DN11: =IF(DN10=$CP$2,$CP$2,IF(DK11>=$DT$2,MAX($DU$2,INDEX($CP$4:$CP$89,MATCH(DN10,$CP$4:$CP$89,1)+DM11)),INDEX($CP$4:$CP$89,MATCH(DN10,$CP$4:$CP$89,1)+DM11))) -> 74770 | DO11: =IFERROR(INDEX($DQ$3:$DR$3,1,MATCH(DJ11,$DQ$1:$DR$1,0)),"") | DP11: =MAX(DP10,DN11:DO11) -> 74770 | DQ11: =IFERROR(IF(DO11="","",IF(SUM(MATCH(DP11,$CP$4:$CP$89,0)-MATCH(DP10,$CP$4:$CP$89,0))<=0,"",SUM(MATCH(DP11,$CP$4:$CP$89,0)-MATCH(DP10,$CP$4:$CP$89,0)))),"") | DS11: =IF(DQ11="",DM11,DQ11) -> 0 | DT11: =IF(DN10=$CP$2,$CP$2,IF(DK11>=$DT$2,MAX($DU$2,INDEX($CP$4:$CP$89,MATCH(DT10,$CP$4:$CP$89,1)+DS11)),INDEX($CP$4:$CP$89,MATCH(DT10,$CP$4:$CP$89,1)+DS11))) -> 74770 | DV11: =IF($N$13="","",IF(AND(NOT($DF$59=""),MATCH($DG$52,$DJ$4:$DJ$55,0)>0,DK11=$DE$51),"HRA-1",IF(AND(NOT($DG$52=""),DJ11=$DG$52),"HRA-2",IF(AND(NOT($DG$54=""),DJ11=$DG$54),"HRA-3","")))) | DW11: =IF(DK11="","",TEXT(DK11,"Dd-MM-YYYY")) -> 01-10-2025 | DX11: =IF(DL11="","",TEXT(DL11,"Dd-MM-YYYY")) -> 31-10-2025 | DY11: =IF(DW11="","",DATE(YEAR(DK11),MONTH(DK11),DAY(DK11))) -> 45931 | DZ11: =IF(DX11="","",DATE(YEAR(DL11),MONTH(DL11),DAY(DL11))) -> 45961 | EA11: =IFERROR(SUM(DZ11-DY11,0)+1,"") -> 31 | EB11: =IFERROR(INDEX($BN$4:$BN$17,MATCH(DW11,$BL$4:$BL$17,0),1),0) -> 0 | EC11: =IFERROR(IF(EB11=0,EA11,MAX(IF(EB11=0.5,EA11/2,EA11+EB11),0)),"") -> 31 | ED11: =IFERROR(INDEX($BK$4:$BK$17,MATCH(DW11,$BL$4:$BL$17,0),1),0) -> 0 | EE11: =IFERROR(IF(NOT(ED11=$CH$8),0,INDEX($BO$4:$BO$17,MATCH(DW11,$BL$4:$BL$17,0),1)),0) -> 0 | EF11: =IFERROR(IF(AND(LEFT(DJ11,3)="S/L",EH11=15),ROUND(DT11*0.5,0),IF(DJ11=$DJ$59,$DL$61,IF(DJ11=$DJ$64,$DL$66,ROUND(SUM(EH11/EG11)*DT11,0)))),"") -> 74770 | EG11: =IFERROR(DAY(EOMONTH(DK11,0)),"") -> 31 | EH11: =EC11 -> 31 | EJ11: =IF(DK11="","",TEXT(DK11,"MMM-YYYY")) -> Oct-2025 | EP11: =IF($K$40=$EO$57,0,IF(AND(DK11>=EP$1,$DK11<=EQ$1),SUM(ROUND(EF11*$EQ$2%,0)-ROUND(EF11*$EP$2%,0)),0)) -> 0 | EQ11: =IF($K$40=$EO$57,0,IF(AND(DK11>=EP$1,$DK11<=EQ$1),ROUND(EP11*10%,0),0)) -> 0 | EU11: =IF($AR$44=$EO$57,0,IF(AND(DK11>=$EU$1,$DK11<=$EV$1),SUM(ROUND(EF11*$EV$2%,0)-ROUND(EF11*$EU$2%,0)),0)) -> 0 | EV11: =IF($AR$44=$EO$57,0,IF(AND(DK11>=$EU$1,$DK11<=$EV$1),ROUND(EU11*10%,0),0)) -> 0 | EZ11: =IF(AND(DK11>=$EZ$1,$DK11<=$FA$1),ROUND(EF11*$EY$2%,0),0) -> 0 | FA11: =IF(AND(DK11>=$EZ$1,$DK11<=$FA$1),ROUND(EF11*$FA$2%*10%,0)-(ROUND(EF11*$EZ$2%*10%,0)),0) -> 0 | FY11: 0 | FZ11: 400 | GA11: 250 | GB11: 200 | GF11: =GG10 -> 41.86 | GG11: 44.59 | GH11: =IF(GG11="",0,GG11-GF11) -> 2.73 | GI11: 45839
A12: DDO DETAILS | B12: DDO NAME | K12: PHC Applicable? | L12: NA | M12: >=40% | N12: Your PHC Allowance | O12: =IF(L12="SELF",2000,0) -> 0 | Q12: ="UPDATED INCOME TAX SOFTWARE FY "&CH4 -> UPDATED INCOME TAX SOFTWARE FY 2025-2026 | X12: =DK10 -> 45901 | Y12: =DL10 -> 45930 | Z12: =DJ10 | AA12: =EF10 -> 74770 | AB12: =EP10 -> 0 | AC12: =EQ10 -> 0 | AD12: =AB12-AC12 -> 0 | BE12: =RIGHT(BF9,4) -> 0 | BJ12: 9 | BK12: =INDEX($C$51:$O$54,1,BJ12) -> 0 | BL12: =INDEX($C$51:$O$54,2,BJ12) -> 0 | BM12: =IF(OR(BK12=0,BK12="NA"),0,INDEX($C$51:$O$54,4,BJ12)) -> 0 | BN12: =SUMIF($BL$4:$BL$15,BL12,$BO$4:$BO12) -> 0 | BO12: =IF(BK12=$CH$8,-BM12*0.5,-BM12) -> 0 | BP12: =IFERROR(INDEX($DF$4:$DF$58,MATCH(BL12,$DW$4:$DW$55,0),1),"") | BQ12: =IFERROR(IF(OR(BL12="",BL12=0),"",TEXT(EOMONTH(BP12,0),"dd-mm-yyyy")),"") | BS12: =IF(BM12=0,"",IF(BK12=$CH$9,BP12,"")) | BT12: =IFERROR(SMALL($BS$4:$BS$17,CN12),"") | BU12: =IFERROR(IF(COUNTIF($BT$4:BT12,BT12)>1,0,INDEX($BM$4:$BM$17,MATCH(BT12,$BP$4:$BP$17,0),1)),0) -> 0 | BW12: =DC31 | BX12: =SUMIFS($BU$4:$BU$15,$BT$4:$BT$15,">="&BY11,$BT$4:$BT$15,"<="&EDATE(BY11,12)) -> 0 | BY12: =IFERROR(IF(BW12="","",EDATE(BY11,12)+BX12),"") | CD12: =EDATE(CD11,1) -> 45748 | CE12: =INDEX($I$36:$I$47,MATCH(CH12,$H$36:$H$47,0),1) -> 0 | CG12: =IFERROR(CD12,CD12) -> 45748 | CH12: =TEXT(CD12,"mmm-yyyy") -> Apr-2025 | CJ12: Uniform Allowance | CN12: 9 | CP12: 25220 | CQ12: 27130-80960 | CR12: 27130 | CS12: ZP GPF | CU12: Sep | CV12: =TEXT(CW12,"mmm-yyyy") -> Nov-2025 | CW12: =EDATE(CW11,1) -> 45962 | CX12: =EOMONTH(CW12,0) -> 45991 | DE12: =IFERROR(MATCH(DF12,$DB$23:$DB$37,0),"") | DF12: =CW12 -> 45962 | DG12: =IF(OR($CU$3=$M$6,DE12=""),"","AGI") | DH12: =IFERROR(EOMONTH(DF12,0),"") -> 45991 | DI12: =IFERROR(IF(AND($CS$3=2,DJ12="AGI",INDEX($DJ$4:$DJ$56,MATCH($DR$1,$DJ$4:DJ12,0),1)=$DR$1),2,0),0) -> 0 | DJ12: =IFERROR(IF(AND(NOT($DE$51=""),DK12=$DE$51),$DG$51,IF(AND(NOT($DE$53=""),DK12=$DE$53),$DG$53,INDEX($DG$4:$DG$58,MATCH(DK12,$DF$4:$DF$58,0),1))),"") | DK12: =IFERROR(IF(SMALL($DF$4:$DF$58,CN12)>$CJ$2,"",SMALL($DF$4:$DF$58,CN12)),"") -> 45962 | DL12: =IF(AND(NOT($DE$51=""),DK12=$DE$51),$DH$51,IF(AND(NOT($DE$53=""),DK12=$DE$53),$DH$53,INDEX($DH$4:$DH$58,MATCH(DK12,$DF$4:$DF$58,0),1))) -> 45991 | DM12: =IF(DI12>0,DI12,IF(OR(AND($CS$3=2,DJ12="PRO"),OR(DJ12="AGI",LEFT(DJ12,3)="AGI",DJ12="AAS")),1,IF(AND($CS$3=1,DJ12="PRO"),2,0))) -> 0 | DN12: =IF(DN11=$CP$2,$CP$2,IF(DK12>=$DT$2,MAX($DU$2,INDEX($CP$4:$CP$89,MATCH(DN11,$CP$4:$CP$89,1)+DM12)),INDEX($CP$4:$CP$89,MATCH(DN11,$CP$4:$CP$89,1)+DM12))) -> 74770 | DO12: =IFERROR(INDEX($DQ$3:$DR$3,1,MATCH(DJ12,$DQ$1:$DR$1,0)),"") | DP12: =MAX(DP11,DN12:DO12) -> 74770 | DQ12: =IFERROR(IF(DO12="","",IF(SUM(MATCH(DP12,$CP$4:$CP$89,0)-MATCH(DP11,$CP$4:$CP$89,0))<=0,"",SUM(MATCH(DP12,$CP$4:$CP$89,0)-MATCH(DP11,$CP$4:$CP$89,0)))),"") | DS12: =IF(DQ12="",DM12,DQ12) -> 0 | DT12: =IF(DN11=$CP$2,$CP$2,IF(DK12>=$DT$2,MAX($DU$2,INDEX($CP$4:$CP$89,MATCH(DT11,$CP$4:$CP$89,1)+DS12)),INDEX($CP$4:$CP$89,MATCH(DT11,$CP$4:$CP$89,1)+DS12))) -> 74770 | DV12: =IF($N$13="","",IF(AND(NOT($DF$59=""),MATCH($DG$52,$DJ$4:$DJ$55,0)>0,DK12=$DE$51),"HRA-1",IF(AND(NOT($DG$52=""),DJ12=$DG$52),"HRA-2",IF(AND(NOT($DG$54=""),DJ12=$DG$54),"HRA-3","")))) | DW12: =IF(DK12="","",TEXT(DK12,"Dd-MM-YYYY")) -> 01-11-2025 | DX12: =IF(DL12="","",TEXT(DL12,"Dd-MM-YYYY")) -> 30-11-2025 | DY12: =IF(DW12="","",DATE(YEAR(DK12),MONTH(DK12),DAY(DK12))) -> 45962 | DZ12: =IF(DX12="","",DATE(YEAR(DL12),MONTH(DL12),DAY(DL12))) -> 45991 | EA12: =IFERROR(SUM(DZ12-DY12,0)+1,"") -> 30 | EB12: =IFERROR(INDEX($BN$4:$BN$17,MATCH(DW12,$BL$4:$BL$17,0),1),0) -> 0 | EC12: =IFERROR(IF(EB12=0,EA12,MAX(IF(EB12=0.5,EA12/2,EA12+EB12),0)),"") -> 30 | ED12: =IFERROR(INDEX($BK$4:$BK$17,MATCH(DW12,$BL$4:$BL$17,0),1),0) -> 0 | EE12: =IFERROR(IF(NOT(ED12=$CH$8),0,INDEX($BO$4:$BO$17,MATCH(DW12,$BL$4:$BL$17,0),1)),0) -> 0 | EF12: =IFERROR(IF(AND(LEFT(DJ12,3)="S/L",EH12=15),ROUND(DT12*0.5,0),IF(DJ12=$DJ$59,$DL$61,IF(DJ12=$DJ$64,$DL$66,ROUND(SUM(EH12/EG12)*DT12,0)))),"") -> 74770 | EG12: =IFERROR(DAY(EOMONTH(DK12,0)),"") -> 30 | EH12: =EC12 -> 30 | EJ12: =IF(DK12="","",TEXT(DK12,"MMM-YYYY")) -> Nov-2025 | EP12: =IF($K$40=$EO$57,0,IF(AND(DK12>=EP$1,$DK12<=EQ$1),SUM(ROUND(EF12*$EQ$2%,0)-ROUND(EF12*$EP$2%,0)),0)) -> 0 | EQ12: =IF($K$40=$EO$57,0,IF(AND(DK12>=EP$1,$DK12<=EQ$1),ROUND(EP12*10%,0),0)) -> 0 | EU12: =IF($AR$44=$EO$57,0,IF(AND(DK12>=$EU$1,$DK12<=$EV$1),SUM(ROUND(EF12*$EV$2%,0)-ROUND(EF12*$EU$2%,0)),0)) -> 0 | EV12: =IF($AR$44=$EO$57,0,IF(AND(DK12>=$EU$1,$DK12<=$EV$1),ROUND(EU12*10%,0),0)) -> 0 | EZ12: =IF(AND(DK12>=$EZ$1,$DK12<=$FA$1),ROUND(EF12*$EY$2%,0),0) -> 0 | FA12: =IF(AND(DK12>=$EZ$1,$DK12<=$FA$1),ROUND(EF12*$FA$2%*10%,0)-(ROUND(EF12*$EZ$2%*10%,0)),0) -> 0 | FY12: 25221 | FZ12: 600 | GA12: 350 | GB12: 300 | GF12: =GG11 -> 44.59 | GH12: =IF(GG12="",0,GG12-GF12) -> 0 | GI12: 46023
B13: DDO DESIGN | K13: Allowances>Changed Dates | M13: =TEXT(DATE(CH2,3,1),"DD.MM.YYYY") -> 01.03.2025 | X13: =DK11 -> 45931 | Y13: =DL11 -> 45961 | Z13: =DJ11 | AA13: =EF11 -> 74770 | AB13: =EP11 -> 0 | AC13: =EQ11 -> 0 | AD13: =AB13-AC13 -> 0 | BF13: Own (Self-Occupied) | BJ13: 10 | BK13: =INDEX($C$51:$O$54,1,BJ13) -> 0 | BL13: =INDEX($C$51:$O$54,2,BJ13) -> 0 | BM13: =IF(OR(BK13=0,BK13="NA"),0,INDEX($C$51:$O$54,4,BJ13)) -> 0 | BN13: =SUMIF($BL$4:$BL$15,BL13,$BO$4:$BO13) -> 0 | BO13: =IF(BK13=$CH$8,-BM13*0.5,-BM13) -> 0 | BP13: =IFERROR(INDEX($DF$4:$DF$58,MATCH(BL13,$DW$4:$DW$55,0),1),"") | BQ13: =IFERROR(IF(OR(BL13="",BL13=0),"",TEXT(EOMONTH(BP13,0),"dd-mm-yyyy")),"") | BS13: =IF(BM13=0,"",IF(BK13=$CH$9,BP13,"")) | BT13: =IFERROR(SMALL($BS$4:$BS$17,CN13),"") | BU13: =IFERROR(IF(COUNTIF($BT$4:BT13,BT13)>1,0,INDEX($BM$4:$BM$17,MATCH(BT13,$BP$4:$BP$17,0),1)),0) -> 0 | BW13: =DC32 | BX13: =SUMIFS($BU$4:$BU$15,$BT$4:$BT$15,">="&BY12,$BT$4:$BT$15,"<="&EDATE(BY12,12)) -> 0 | BY13: =IFERROR(IF(BW13="","",EDATE(BY12,12)+BX13),"") | CD13: =EDATE(CD12,1) -> 45778 | CE13: =INDEX($I$36:$I$47,MATCH(CH13,$H$36:$H$47,0),1) -> 0 | CG13: =IFERROR(CD13,CD13) -> 45778 | CH13: =TEXT(CD13,"mmm-yyyy") -> May-2025 | CJ13: Risk Allowance | CN13: 10 | CP13: 25940 | CQ13: 28630-85240 | CR13: 28630 | CS13: AG GPF | CU13: Oct | CV13: =TEXT(CW13,"mmm-yyyy") -> Dec-2025 | CW13: =EDATE(CW12,1) -> 45992 | CX13: =EOMONTH(CW13,0) -> 46022 | DA13: For final increment dates | DE13: =IFERROR(MATCH(DF13,$DB$23:$DB$37,0),"") | DF13: =CW13 -> 45992 | DG13: =IF(OR($CU$3=$M$6,DE13=""),"","AGI") | DH13: =IFERROR(EOMONTH(DF13,0),"") -> 46022 | DI13: =IFERROR(IF(AND($CS$3=2,DJ13="AGI",INDEX($DJ$4:$DJ$56,MATCH($DR$1,$DJ$4:DJ13,0),1)=$DR$1),2,0),0) -> 0 | DJ13: =IFERROR(IF(AND(NOT($DE$51=""),DK13=$DE$51),$DG$51,IF(AND(NOT($DE$53=""),DK13=$DE$53),$DG$53,INDEX($DG$4:$DG$58,MATCH(DK13,$DF$4:$DF$58,0),1))),"") | DK13: =IFERROR(IF(SMALL($DF$4:$DF$58,CN13)>$CJ$2,"",SMALL($DF$4:$DF$58,CN13)),"") -> 45992 | DL13: =IF(AND(NOT($DE$51=""),DK13=$DE$51),$DH$51,IF(AND(NOT($DE$53=""),DK13=$DE$53),$DH$53,INDEX($DH$4:$DH$58,MATCH(DK13,$DF$4:$DF$58,0),1))) -> 46022 | DM13: =IF(DI13>0,DI13,IF(OR(AND($CS$3=2,DJ13="PRO"),OR(DJ13="AGI",LEFT(DJ13,3)="AGI",DJ13="AAS")),1,IF(AND($CS$3=1,DJ13="PRO"),2,0))) -> 0 | DN13: =IF(DN12=$CP$2,$CP$2,IF(DK13>=$DT$2,MAX($DU$2,INDEX($CP$4:$CP$89,MATCH(DN12,$CP$4:$CP$89,1)+DM13)),INDEX($CP$4:$CP$89,MATCH(DN12,$CP$4:$CP$89,1)+DM13))) -> 74770 | DO13: =IFERROR(INDEX($DQ$3:$DR$3,1,MATCH(DJ13,$DQ$1:$DR$1,0)),"") | DP13: =MAX(DP12,DN13:DO13) -> 74770 | DQ13: =IFERROR(IF(DO13="","",IF(SUM(MATCH(DP13,$CP$4:$CP$89,0)-MATCH(DP12,$CP$4:$CP$89,0))<=0,"",SUM(MATCH(DP13,$CP$4:$CP$89,0)-MATCH(DP12,$CP$4:$CP$89,0)))),"") | DS13: =IF(DQ13="",DM13,DQ13) -> 0 | DT13: =IF(DN12=$CP$2,$CP$2,IF(DK13>=$DT$2,MAX($DU$2,INDEX($CP$4:$CP$89,MATCH(DT12,$CP$4:$CP$89,1)+DS13)),INDEX($CP$4:$CP$89,MATCH(DT12,$CP$4:$CP$89,1)+DS13))) -> 74770 | DV13: =IF($N$13="","",IF(AND(NOT($DF$59=""),MATCH($DG$52,$DJ$4:$DJ$55,0)>0,DK13=$DE$51),"HRA-1",IF(AND(NOT($DG$52=""),DJ13=$DG$52),"HRA-2",IF(AND(NOT($DG$54=""),DJ13=$DG$54),"HRA-3","")))) | DW13: =IF(DK13="","",TEXT(DK13,"Dd-MM-YYYY")) -> 01-12-2025 | DX13: =IF(DL13="","",TEXT(DL13,"Dd-MM-YYYY")) -> 31-12-2025 | DY13: =IF(DW13="","",DATE(YEAR(DK13),MONTH(DK13),DAY(DK13))) -> 45992 | DZ13: =IF(DX13="","",DATE(YEAR(DL13),MONTH(DL13),DAY(DL13))) -> 46022 | EA13: =IFERROR(SUM(DZ13-DY13,0)+1,"") -> 31 | EB13: =IFERROR(INDEX($BN$4:$BN$17,MATCH(DW13,$BL$4:$BL$17,0),1),0) -> 0 | EC13: =IFERROR(IF(EB13=0,EA13,MAX(IF(EB13=0.5,EA13/2,EA13+EB13),0)),"") -> 31 | ED13: =IFERROR(INDEX($BK$4:$BK$17,MATCH(DW13,$BL$4:$BL$17,0),1),0) -> 0 | EE13: =IFERROR(IF(NOT(ED13=$CH$8),0,INDEX($BO$4:$BO$17,MATCH(DW13,$BL$4:$BL$17,0),1)),0) -> 0 | EF13: =IFERROR(IF(AND(LEFT(DJ13,3)="S/L",EH13=15),ROUND(DT13*0.5,0),IF(DJ13=$DJ$59,$DL$61,IF(DJ13=$DJ$64,$DL$66,ROUND(SUM(EH13/EG13)*DT13,0)))),"") -> 74770 | EG13: =IFERROR(DAY(EOMONTH(DK13,0)),"") -> 31 | EH13: =EC13 -> 31 | EJ13: =IF(DK13="","",TEXT(DK13,"MMM-YYYY")) -> Dec-2025 | EP13: =IF($K$40=$EO$57,0,IF(AND(DK13>=EP$1,$DK13<=EQ$1),SUM(ROUND(EF13*$EQ$2%,0)-ROUND(EF13*$EP$2%,0)),0)) -> 0 | EQ13: =IF($K$40=$EO$57,0,IF(AND(DK13>=EP$1,$DK13<=EQ$1),ROUND(EP13*10%,0),0)) -> 0 | EU13: =IF($AR$44=$EO$57,0,IF(AND(DK13>=$EU$1,$DK13<=$EV$1),SUM(ROUND(EF13*$EV$2%,0)-ROUND(EF13*$EU$2%,0)),0)) -> 0 | EV13: =IF($AR$44=$EO$57,0,IF(AND(DK13>=$EU$1,$DK13<=$EV$1),ROUND(EU13*10%,0),0)) -> 0 | EZ13: =IF(AND(DK13>=$EZ$1,$DK13<=$FA$1),ROUND(EF13*$EY$2%,0),0) -> 0 | FA13: =IF(AND(DK13>=$EZ$1,$DK13<=$FA$1),ROUND(EF13*$FA$2%*10%,0)-(ROUND(EF13*$EZ$2%*10%,0)),0) -> 0 | FY13: 44571 | FZ13: 700 | GA13: 450 | GB13: 350 | GF13: =GG12 -> 0 | GH13: =IF(GG13="",0,GG13-GF13) -> 0 | GI13: 46204
B14: DDO OFFICE | K14: ALLOWANCES | M14: ="Select Allowances as on "&M13 -> Select Allowances as on 01.03.2025 | N14: =IF(N13="","Enter date in above cell,if any allowance change.","Select below only changed Allowances as on above date") -> Enter date in above cell,if any allowance change. | O14: =IF(O13="","Enter date in above cell,if any Allow change again","Select below only changed Allow as on above date") -> Enter date in above cell,if any Allow change again | Q14: Check all values with experts | X14: =DK12 -> 45962 | Y14: =DL12 -> 45991 | Z14: =DJ12 | AA14: =EF12 -> 74770 | AB14: =EP12 -> 0 | AC14: =EQ12 -> 0 | AD14: =AB14-AC14 -> 0 | BF14: Rent | BJ14: 11 | BK14: =INDEX($C$51:$O$54,1,BJ14) -> 0 | BL14: =INDEX($C$51:$O$54,2,BJ14) -> 0 | BM14: =IF(OR(BK14=0,BK14="NA"),0,INDEX($C$51:$O$54,4,BJ14)) -> 0 | BN14: =SUMIF($BL$4:$BL$15,BL14,$BO$4:$BO14) -> 0 | BO14: =IF(BK14=$CH$8,-BM14*0.5,-BM14) -> 0 | BP14: =IFERROR(INDEX($DF$4:$DF$58,MATCH(BL14,$DW$4:$DW$55,0),1),"") | BQ14: =IFERROR(IF(OR(BL14="",BL14=0),"",TEXT(EOMONTH(BP14,0),"dd-mm-yyyy")),"") | BS14: =IF(BM14=0,"",IF(BK14=$CH$9,BP14,"")) | BT14: =IFERROR(SMALL($BS$4:$BS$17,CN14),"") | BU14: =IFERROR(IF(COUNTIF($BT$4:BT14,BT14)>1,0,INDEX($BM$4:$BM$17,MATCH(BT14,$BP$4:$BP$17,0),1)),0) -> 0 | BW14: =DC33 | BX14: =SUMIFS($BU$4:$BU$15,$BT$4:$BT$15,">="&BY13,$BT$4:$BT$15,"<="&EDATE(BY13,12)) -> 0 | BY14: =IFERROR(IF(BW14="","",EDATE(BY13,12)+BX14),"") | CD14: =EDATE(CD13,1) -> 45809 | CE14: =INDEX($I$36:$I$47,MATCH(CH14,$H$36:$H$47,0),1) -> 0 | CG14: =IFERROR(CD14,CD14) -> 45809 | CH14: =TEXT(CD14,"mmm-yyyy") -> Jun-2025 | CJ14: C.A Allowance | CN14: 11 | CP14: 26720 | CQ14: 31040-92050 | CR14: 31040 | CS14: IV Class GPF | CU14: Nov | CV14: =TEXT(CW14,"mmm-yyyy") -> Jan-2026 | CW14: =EDATE(CW13,1) -> 46023 | CX14: =EOMONTH(CW14,0) -> 46053 | DA14: INCR | DB14: AAS | DC14: PRO | DE14: =IFERROR(MATCH(DF14,$DB$23:$DB$37,0),"") | DF14: =CW14 -> 46023 | DG14: =IF(OR($CU$3=$M$6,DE14=""),"","AGI") | DH14: =IFERROR(EOMONTH(DF14,0),"") -> 46053 | DI14: =IFERROR(IF(AND($CS$3=2,DJ14="AGI",INDEX($DJ$4:$DJ$56,MATCH($DR$1,$DJ$4:DJ14,0),1)=$DR$1),2,0),0) -> 0 | DJ14: =IFERROR(IF(AND(NOT($DE$51=""),DK14=$DE$51),$DG$51,IF(AND(NOT($DE$53=""),DK14=$DE$53),$DG$53,INDEX($DG$4:$DG$58,MATCH(DK14,$DF$4:$DF$58,0),1))),"") | DK14: =IFERROR(IF(SMALL($DF$4:$DF$58,CN14)>$CJ$2,"",SMALL($DF$4:$DF$58,CN14)),"") -> 46023 | DL14: =IF(AND(NOT($DE$51=""),DK14=$DE$51),$DH$51,IF(AND(NOT($DE$53=""),DK14=$DE$53),$DH$53,INDEX($DH$4:$DH$58,MATCH(DK14,$DF$4:$DF$58,0),1))) -> 46053 | DM14: =IF(DI14>0,DI14,IF(OR(AND($CS$3=2,DJ14="PRO"),OR(DJ14="AGI",LEFT(DJ14,3)="AGI",DJ14="AAS")),1,IF(AND($CS$3=1,DJ14="PRO"),2,0))) -> 0 | DN14: =IF(DN13=$CP$2,$CP$2,IF(DK14>=$DT$2,MAX($DU$2,INDEX($CP$4:$CP$89,MATCH(DN13,$CP$4:$CP$89,1)+DM14)),INDEX($CP$4:$CP$89,MATCH(DN13,$CP$4:$CP$89,1)+DM14))) -> 74770 | DO14: =IFERROR(INDEX($DQ$3:$DR$3,1,MATCH(DJ14,$DQ$1:$DR$1,0)),"") | DP14: =MAX(DP13,DN14:DO14) -> 74770 | DQ14: =IFERROR(IF(DO14="","",IF(SUM(MATCH(DP14,$CP$4:$CP$89,0)-MATCH(DP13,$CP$4:$CP$89,0))<=0,"",SUM(MATCH(DP14,$CP$4:$CP$89,0)-MATCH(DP13,$CP$4:$CP$89,0)))),"") | DS14: =IF(DQ14="",DM14,DQ14) -> 0 | DT14: =IF(DN13=$CP$2,$CP$2,IF(DK14>=$DT$2,MAX($DU$2,INDEX($CP$4:$CP$89,MATCH(DT13,$CP$4:$CP$89,1)+DS14)),INDEX($CP$4:$CP$89,MATCH(DT13,$CP$4:$CP$89,1)+DS14))) -> 74770 | DV14: =IF($N$13="","",IF(AND(NOT($DF$59=""),MATCH($DG$52,$DJ$4:$DJ$55,0)>0,DK14=$DE$51),"HRA-1",IF(AND(NOT($DG$52=""),DJ14=$DG$52),"HRA-2",IF(AND(NOT($DG$54=""),DJ14=$DG$54),"HRA-3","")))) | DW14: =IF(DK14="","",TEXT(DK14,"Dd-MM-YYYY")) -> 01-01-2026 | DX14: =IF(DL14="","",TEXT(DL14,"Dd-MM-YYYY")) -> 31-01-2026 | DY14: =IF(DW14="","",DATE(YEAR(DK14),MONTH(DK14),DAY(DK14))) -> 46023 | DZ14: =IF(DX14="","",DATE(YEAR(DL14),MONTH(DL14),DAY(DL14))) -> 46053 | EA14: =IFERROR(SUM(DZ14-DY14,0)+1,"") -> 31 | EB14: =IFERROR(INDEX($BN$4:$BN$17,MATCH(DW14,$BL$4:$BL$17,0),1),0) -> 0 | EC14: =IFERROR(IF(EB14=0,EA14,MAX(IF(EB14=0.5,EA14/2,EA14+EB14),0)),"") -> 31 | ED14: =IFERROR(INDEX($BK$4:$BK$17,MATCH(DW14,$BL$4:$BL$17,0),1),0) -> 0 | EE14: =IFERROR(IF(NOT(ED14=$CH$8),0,INDEX($BO$4:$BO$17,MATCH(DW14,$BL$4:$BL$17,0),1)),0) -> 0 | EF14: =IFERROR(IF(AND(LEFT(DJ14,3)="S/L",EH14=15),ROUND(DT14*0.5,0),IF(DJ14=$DJ$59,$DL$61,IF(DJ14=$DJ$64,$DL$66,ROUND(SUM(EH14/EG14)*DT14,0)))),"") -> 74770 | EG14: =IFERROR(DAY(EOMONTH(DK14,0)),"") -> 31 | EH14: =EC14 -> 31 | EJ14: =IF(DK14="","",TEXT(DK14,"MMM-YYYY")) -> Jan-2026 | EP14: =IF($K$40=$EO$57,0,IF(AND(DK14>=EP$1,$DK14<=EQ$1),SUM(ROUND(EF14*$EQ$2%,0)-ROUND(EF14*$EP$2%,0)),0)) -> 0 | EQ14: =IF($K$40=$EO$57,0,IF(AND(DK14>=EP$1,$DK14<=EQ$1),ROUND(EP14*10%,0),0)) -> 0 | EU14: =IF($AR$44=$EO$57,0,IF(AND(DK14>=$EU$1,$DK14<=$EV$1),SUM(ROUND(EF14*$EV$2%,0)-ROUND(EF14*$EU$2%,0)),0)) -> 0 | EV14: =IF($AR$44=$EO$57,0,IF(AND(DK14>=$EU$1,$DK14<=$EV$1),ROUND(EU14*10%,0),0)) -> 0 | EZ14: =IF(AND(DK14>=$EZ$1,$DK14<=$FA$1),ROUND(EF14*$EY$2%,0),0) -> 0 | FA14: =IF(AND(DK14>=$EZ$1,$DK14<=$FA$1),ROUND(EF14*$FA$2%*10%,0)-(ROUND(EF14*$EZ$2%*10%,0)),0) -> 0 | FY14: 57101 | FZ14: 1000 | GA14: 700 | GB14: 500
B15: DDO PAN | C15: PANNOTREQD | D15: TAN NO | K15: HRA | M15: 10 | N15: 12 | O15: No Change | X15: =DK13 -> 45992 | Y15: =DL13 -> 46022 | Z15: =DJ13 | AA15: =EF13 -> 74770 | AB15: =EP13 -> 0 | AC15: =EQ13 -> 0 | AD15: =AB15-AC15 -> 0 | BJ15: 12 | BK15: =INDEX($C$51:$O$54,1,BJ15) -> 0 | BL15: =INDEX($C$51:$O$54,2,BJ15) -> 0 | BM15: =IF(OR(BK15=0,BK15="NA"),0,INDEX($C$51:$O$54,4,BJ15)) -> 0 | BN15: =SUMIF($BL$4:$BL$15,BL15,$BO$4:$BO15) -> 0 | BO15: =IF(BK15=$CH$8,-BM15*0.5,-BM15) -> 0 | BP15: =IFERROR(INDEX($DF$4:$DF$58,MATCH(BL15,$DW$4:$DW$55,0),1),"") | BQ15: =IFERROR(IF(OR(BL15="",BL15=0),"",TEXT(EOMONTH(BP15,0),"dd-mm-yyyy")),"") | BS15: =IF(BM15=0,"",IF(BK15=$CH$9,BP15,"")) | BT15: =IFERROR(SMALL($BS$4:$BS$17,CN15),"") | BU15: =IFERROR(IF(COUNTIF($BT$4:BT15,BT15)>1,0,INDEX($BM$4:$BM$17,MATCH(BT15,$BP$4:$BP$17,0),1)),0) -> 0 | BW15: =DC34 | BX15: =SUMIFS($BU$4:$BU$15,$BT$4:$BT$15,">="&BY14,$BT$4:$BT$15,"<="&EDATE(BY14,12)) -> 0 | BY15: =IFERROR(IF(BW15="","",EDATE(BY14,12)+BX15),"") | CD15: =EDATE(CD14,1) -> 45839 | CE15: =INDEX($I$36:$I$47,MATCH(CH15,$H$36:$H$47,0),1) -> 0 | CG15: =IFERROR(CD15,CD15) -> 45839 | CH15: =TEXT(CD15,"mmm-yyyy") -> Jul-2025 | CJ15: Spl.Pay Allowance | CN15: 12 | CP15: 27500 | CQ15: 32810-96890 | CR15: 32810 | CS15: PUBLIC PROVIDENT FUND | CU15: Dec | CV15: =TEXT(CW15,"mmm-yyyy") -> Feb-2026 | CW15: =EDATE(CW14,1) -> 46054 | CX15: =EOMONTH(CW15,0) -> 46081 | DA15: =IF(DA7="","",IF(AND($DB$5=2,$DC$5=1),DA7,IF(AND($DB$5=2,$DC$5=2,DA7<$DC$7),DA7,IF(AND($DB$5=1,DA7<$DB$7),DA7,"")))) -> 45047 | DB15: =IF(AND($DC$5=1,$DB$5=1),DB7,IF(AND($DB$5=1,$DC$5=2,DB7<$DC$7),DB7,"")) | DC15: =IF($DC$5=2,DC7,"") | DE15: =IFERROR(MATCH(DF15,$DB$23:$DB$37,0),"") | DF15: =CW15 -> 46054 | DG15: =IF(OR($CU$3=$M$6,DE15=""),"","AGI") | DH15: =IFERROR(EOMONTH(DF15,0),"") -> 46081 | DI15: =IFERROR(IF(AND($CS$3=2,DJ15="AGI",INDEX($DJ$4:$DJ$56,MATCH($DR$1,$DJ$4:DJ15,0),1)=$DR$1),2,0),0) -> 0 | DJ15: =IFERROR(IF(AND(NOT($DE$51=""),DK15=$DE$51),$DG$51,IF(AND(NOT($DE$53=""),DK15=$DE$53),$DG$53,INDEX($DG$4:$DG$58,MATCH(DK15,$DF$4:$DF$58,0),1))),"") | DK15: =IFERROR(IF(SMALL($DF$4:$DF$58,CN15)>$CJ$2,"",SMALL($DF$4:$DF$58,CN15)),"") -> 46054 | DL15: =IF(AND(NOT($DE$51=""),DK15=$DE$51),$DH$51,IF(AND(NOT($DE$53=""),DK15=$DE$53),$DH$53,INDEX($DH$4:$DH$58,MATCH(DK15,$DF$4:$DF$58,0),1))) -> 46081 | DM15: =IF(DI15>0,DI15,IF(OR(AND($CS$3=2,DJ15="PRO"),OR(DJ15="AGI",LEFT(DJ15,3)="AGI",DJ15="AAS")),1,IF(AND($CS$3=1,DJ15="PRO"),2,0))) -> 0 | DN15: =IF(DN14=$CP$2,$CP$2,IF(DK15>=$DT$2,MAX($DU$2,INDEX($CP$4:$CP$89,MATCH(DN14,$CP$4:$CP$89,1)+DM15)),INDEX($CP$4:$CP$89,MATCH(DN14,$CP$4:$CP$89,1)+DM15))) -> 74770 | DO15: =IFERROR(INDEX($DQ$3:$DR$3,1,MATCH(DJ15,$DQ$1:$DR$1,0)),"") | DP15: =MAX(DP14,DN15:DO15) -> 74770 | DQ15: =IFERROR(IF(DO15="","",IF(SUM(MATCH(DP15,$CP$4:$CP$89,0)-MATCH(DP14,$CP$4:$CP$89,0))<=0,"",SUM(MATCH(DP15,$CP$4:$CP$89,0)-MATCH(DP14,$CP$4:$CP$89,0)))),"") | DS15: =IF(DQ15="",DM15,DQ15) -> 0 | DT15: =IF(DN14=$CP$2,$CP$2,IF(DK15>=$DT$2,MAX($DU$2,INDEX($CP$4:$CP$89,MATCH(DT14,$CP$4:$CP$89,1)+DS15)),INDEX($CP$4:$CP$89,MATCH(DT14,$CP$4:$CP$89,1)+DS15))) -> 74770 | DV15: =IF($N$13="","",IF(AND(NOT($DF$59=""),MATCH($DG$52,$DJ$4:$DJ$55,0)>0,DK15=$DE$51),"HRA-1",IF(AND(NOT($DG$52=""),DJ15=$DG$52),"HRA-2",IF(AND(NOT($DG$54=""),DJ15=$DG$54),"HRA-3","")))) | DW15: =IF(DK15="","",TEXT(DK15,"Dd-MM-YYYY")) -> 01-02-2026 | DX15: =IF(DL15="","",TEXT(DL15,"Dd-MM-YYYY")) -> 28-02-2026 | DY15: =IF(DW15="","",DATE(YEAR(DK15),MONTH(DK15),DAY(DK15))) -> 46054 | DZ15: =IF(DX15="","",DATE(YEAR(DL15),MONTH(DL15),DAY(DL15))) -> 46081 | EA15: =IFERROR(SUM(DZ15-DY15,0)+1,"") -> 28 | EB15: =IFERROR(INDEX($BN$4:$BN$17,MATCH(DW15,$BL$4:$BL$17,0),1),0) -> 0 | EC15: =IFERROR(IF(EB15=0,EA15,MAX(IF(EB15=0.5,EA15/2,EA15+EB15),0)),"") -> 28 | ED15: =IFERROR(INDEX($BK$4:$BK$17,MATCH(DW15,$BL$4:$BL$17,0),1),0) -> 0 | EE15: =IFERROR(IF(NOT(ED15=$CH$8),0,INDEX($BO$4:$BO$17,MATCH(DW15,$BL$4:$BL$17,0),1)),0) -> 0 | EF15: =IFERROR(IF(AND(LEFT(DJ15,3)="S/L",EH15=15),ROUND(DT15*0.5,0),IF(DJ15=$DJ$59,$DL$61,IF(DJ15=$DJ$64,$DL$66,ROUND(SUM(EH15/EG15)*DT15,0)))),"") -> 74770 | EG15: =IFERROR(DAY(EOMONTH(DK15,0)),"") -> 28 | EH15: =EC15 -> 28 | EJ15: =IF(DK15="","",TEXT(DK15,"MMM-YYYY")) -> Feb-2026 | EP15: =IF($K$40=$EO$57,0,IF(AND(DK15>=EP$1,$DK15<=EQ$1),SUM(ROUND(EF15*$EQ$2%,0)-ROUND(EF15*$EP$2%,0)),0)) -> 0 | EQ15: =IF($K$40=$EO$57,0,IF(AND(DK15>=EP$1,$DK15<=EQ$1),ROUND(EP15*10%,0),0)) -> 0 | EU15: =IF($AR$44=$EO$57,0,IF(AND(DK15>=$EU$1,$DK15<=$EV$1),SUM(ROUND(EF15*$EV$2%,0)-ROUND(EF15*$EU$2%,0)),0)) -> 0 | EV15: =IF($AR$44=$EO$57,0,IF(AND(DK15>=$EU$1,$DK15<=$EV$1),ROUND(EU15*10%,0),0)) -> 0 | EZ15: =IF(AND(DK15>=$EZ$1,$DK15<=$FA$1),ROUND(EF15*$EY$2%,0),0) -> 0 | FA15: =IF(AND(DK15>=$EZ$1,$DK15<=$FA$1),ROUND(EF15*$FA$2%*10%,0)-(ROUND(EF15*$EZ$2%*10%,0)),0) -> 0 | FY15: HRA Limit | FZ15: 20000 | GA15: 15000 | GB15: 15000
A16: Other Income Details | B16: Other Income Details Per Annum | I16: Rupees | K16: CCA | M16: Not Applicable | N16: Secret HoDs | O16: Not Applicable | Q16: IMPORTANT SOFTWARES FROM MEDAKBADI YOU MAY DOWNLOAD THEM BY CLICKING ON BELOW LINKS | X16: =DK14 -> 46023 | Y16: =DL14 -> 46053 | Z16: =DJ14 | AA16: =EF14 -> 74770 | AB16: =EP14 -> 0 | AC16: =EQ14 -> 0 | AD16: =AB16-AC16 -> 0 | BW16: =DC35 | BX16: =SUMIFS($BU$4:$BU$15,$BT$4:$BT$15,">="&BY15,$BT$4:$BT$15,"<="&EDATE(BY15,12)) -> 0 | BY16: =IFERROR(IF(BW16="","",EDATE(BY15,12)+BX16),"") | CD16: =EDATE(CD15,1) -> 45870 | CE16: =INDEX($I$36:$I$47,MATCH(CH16,$H$36:$H$47,0),1) -> 0 | CG16: =IFERROR(CD16,CD16) -> 45870 | CH16: =TEXT(CD16,"mmm-yyyy") -> Aug-2025 | CJ16: Reader Allowance | CN16: 13 | CP16: 28280 | CQ16: 33750-99310 | CR16: 33750 | CS16: NA | CV16: =TEXT(CW16,"mmm-yyyy") -> Mar-2026 | CW16: =EDATE(CW15,1) -> 46082 | CX16: =EOMONTH(CW16,0) -> 46112 | DA16: =IF(DA8="","",IF(AND($DB$5=2,$DC$5=1),DA8,IF(AND($DB$5=2,$DC$5=2,DA8<$DC$7),DA8,IF(AND($DB$5=1,DA8<$DB$7),DA8,"")))) -> 45413 | DB16: =IF(AND($DC$5=1,$DB$5=1),DB8,IF(AND($DB$5=1,$DC$5=2,DB8<$DC$7),DB8,"")) | DC16: =IF($DC$5=2,DC8,"") | DE16: =IFERROR(MATCH(DF16,$DB$23:$DB$37,0),"") | DF16: =CW16 -> 46082 | DG16: =IF(OR($CU$3=$M$6,DE16=""),"","AGI") | DH16: =IFERROR(EOMONTH(DF16,0),"") -> 46112 | DI16: =IFERROR(IF(AND($CS$3=2,DJ16="AGI",INDEX($DJ$4:$DJ$56,MATCH($DR$1,$DJ$4:DJ16,0),1)=$DR$1),2,0),0) -> 0 | DJ16: =IFERROR(IF(AND(NOT($DE$51=""),DK16=$DE$51),$DG$51,IF(AND(NOT($DE$53=""),DK16=$DE$53),$DG$53,INDEX($DG$4:$DG$58,MATCH(DK16,$DF$4:$DF$58,0),1))),"") | DK16: =IFERROR(IF(SMALL($DF$4:$DF$58,CN16)>$CJ$2,"",SMALL($DF$4:$DF$58,CN16)),"") | DL16: =IF(AND(NOT($DE$51=""),DK16=$DE$51),$DH$51,IF(AND(NOT($DE$53=""),DK16=$DE$53),$DH$53,INDEX($DH$4:$DH$58,MATCH(DK16,$DF$4:$DF$58,0),1))) | DM16: =IF(DI16>0,DI16,IF(OR(AND($CS$3=2,DJ16="PRO"),OR(DJ16="AGI",LEFT(DJ16,3)="AGI",DJ16="AAS")),1,IF(AND($CS$3=1,DJ16="PRO"),2,0))) -> 0 | DN16: =IF(DN15=$CP$2,$CP$2,IF(DK16>=$DT$2,MAX($DU$2,INDEX($CP$4:$CP$89,MATCH(DN15,$CP$4:$CP$89,1)+DM16)),INDEX($CP$4:$CP$89,MATCH(DN15,$CP$4:$CP$89,1)+DM16))) -> 74770 | DO16: =IFERROR(INDEX($DQ$3:$DR$3,1,MATCH(DJ16,$DQ$1:$DR$1,0)),"") | DP16: =MAX(DP15,DN16:DO16) -> 74770 | DQ16: =IFERROR(IF(DO16="","",IF(SUM(MATCH(DP16,$CP$4:$CP$89,0)-MATCH(DP15,$CP$4:$CP$89,0))<=0,"",SUM(MATCH(DP16,$CP$4:$CP$89,0)-MATCH(DP15,$CP$4:$CP$89,0)))),"") | DS16: =IF(DQ16="",DM16,DQ16) -> 0 | DT16: =IF(DN15=$CP$2,$CP$2,IF(DK16>=$DT$2,MAX($DU$2,INDEX($CP$4:$CP$89,MATCH(DT15,$CP$4:$CP$89,1)+DS16)),INDEX($CP$4:$CP$89,MATCH(DT15,$CP$4:$CP$89,1)+DS16))) -> 74770 | DV16: =IF($N$13="","",IF(AND(NOT($DF$59=""),MATCH($DG$52,$DJ$4:$DJ$55,0)>0,DK16=$DE$51),"HRA-1",IF(AND(NOT($DG$52=""),DJ16=$DG$52),"HRA-2",IF(AND(NOT($DG$54=""),DJ16=$DG$54),"HRA-3","")))) | DW16: =IF(DK16="","",TEXT(DK16,"Dd-MM-YYYY")) | DX16: =IF(DL16="","",TEXT(DL16,"Dd-MM-YYYY")) | DY16: =IF(DW16="","",DATE(YEAR(DK16),MONTH(DK16),DAY(DK16))) | DZ16: =IF(DX16="","",DATE(YEAR(DL16),MONTH(DL16),DAY(DL16))) | EA16: =IFERROR(SUM(DZ16-DY16,0)+1,"") | EB16: =IFERROR(INDEX($BN$4:$BN$17,MATCH(DW16,$BL$4:$BL$17,0),1),0) -> 0 | EC16: =IFERROR(IF(EB16=0,EA16,MAX(IF(EB16=0.5,EA16/2,EA16+EB16),0)),"") | ED16: =IFERROR(INDEX($BK$4:$BK$17,MATCH(DW16,$BL$4:$BL$17,0),1),0) -> 0 | EE16: =IFERROR(IF(NOT(ED16=$CH$8),0,INDEX($BO$4:$BO$17,MATCH(DW16,$BL$4:$BL$17,0),1)),0) -> 0 | EF16: =IFERROR(IF(AND(LEFT(DJ16,3)="S/L",EH16=15),ROUND(DT16*0.5,0),IF(DJ16=$DJ$59,$DL$61,IF(DJ16=$DJ$64,$DL$66,ROUND(SUM(EH16/EG16)*DT16,0)))),"") | EG16: =IFERROR(DAY(EOMONTH(DK16,0)),"") | EH16: =EC16 | EJ16: =IF(DK16="","",TEXT(DK16,"MMM-YYYY")) | EP16: =IF($K$40=$EO$57,0,IF(AND(DK16>=EP$1,$DK16<=EQ$1),SUM(ROUND(EF16*$EQ$2%,0)-ROUND(EF16*$EP$2%,0)),0)) -> 0 | EQ16: =IF($K$40=$EO$57,0,IF(AND(DK16>=EP$1,$DK16<=EQ$1),ROUND(EP16*10%,0),0)) -> 0 | EU16: =IF($AR$44=$EO$57,0,IF(AND(DK16>=$EU$1,$DK16<=$EV$1),SUM(ROUND(EF16*$EV$2%,0)-ROUND(EF16*$EU$2%,0)),0)) -> 0 | EV16: =IF($AR$44=$EO$57,0,IF(AND(DK16>=$EU$1,$DK16<=$EV$1),ROUND(EU16*10%,0),0)) -> 0 | EZ16: =IF(AND(DK16>=$EZ$1,$DK16<=$FA$1),ROUND(EF16*$EY$2%,0),0) -> 0 | FA16: =IF(AND(DK16>=$EZ$1,$DK16<=$FA$1),ROUND(EF16*$FA$2%*10%,0)-(ROUND(EF16*$EZ$2%*10%,0)),0) -> 0 | FY16: SCA | FZ16: RPS-2020
B17: Interest on NSC bonds & Bank deposits | K17: SCA | M17: Not Applicable | N17: Not Applicable | O17: Not Applicable | X17: =DK15 -> 46054 | Y17: =DL15 -> 46081 | Z17: =DJ15 | AA17: =EF15 -> 74770 | AB17: =EP15 -> 0 | AC17: =EQ15 -> 0 | AD17: =AB17-AC17 -> 0 | BW17: =DC36 | BX17: =SUMIFS($BU$4:$BU$15,$BT$4:$BT$15,">="&BY16,$BT$4:$BT$15,"<="&EDATE(BY16,12)) -> 0 | BY17: =IFERROR(IF(BW17="","",EDATE(BY16,12)+BX17),"") | CD17: =EDATE(CD16,1) -> 45901 | CE17: =INDEX($I$36:$I$47,MATCH(CH17,$H$36:$H$47,0),1) -> 0 | CG17: =IFERROR(CD17,CD17) -> 45901 | CH17: =TEXT(CD17,"mmm-yyyy") -> Sep-2025 | CM17: =INDEX($CU$4:$CU$15,CV1,0) -> Mar | CN17: 14 | CP17: 29130 | CQ17: 35720-104430 | CR17: 35720 | CS17: 15 | CV17: =TEXT(CW17,"mmm-yyyy") -> Apr-2026 | CW17: =EDATE(CW16,1) -> 46113 | CX17: =EOMONTH(CW17,0) -> 46142 | DA17: =IF(DA9="","",IF(AND($DB$5=2,$DC$5=1),DA9,IF(AND($DB$5=2,$DC$5=2,DA9<$DC$7),DA9,IF(AND($DB$5=1,DA9<$DB$7),DA9,"")))) -> 45778 | DB17: =IF(AND($DC$5=1,$DB$5=1),DB9,IF(AND($DB$5=1,$DC$5=2,DB9<$DC$7),DB9,"")) | DC17: =IF($DC$5=2,DC9,"") | DE17: =IFERROR(MATCH(DF17,$DB$23:$DB$37,0),"") | DF17: =CW17 -> 46113 | DG17: =IF(OR($CU$3=$M$6,DE17=""),"","AGI") | DH17: =IFERROR(EOMONTH(DF17,0),"") -> 46142 | DI17: =IFERROR(IF(AND($CS$3=2,DJ17="AGI",INDEX($DJ$4:$DJ$56,MATCH($DR$1,$DJ$4:DJ17,0),1)=$DR$1),2,0),0) -> 0 | DJ17: =IFERROR(IF(AND(NOT($DE$51=""),DK17=$DE$51),$DG$51,IF(AND(NOT($DE$53=""),DK17=$DE$53),$DG$53,INDEX($DG$4:$DG$58,MATCH(DK17,$DF$4:$DF$58,0),1))),"") | DK17: =IFERROR(IF(SMALL($DF$4:$DF$58,CN17)>$CJ$2,"",SMALL($DF$4:$DF$58,CN17)),"") | DL17: =IF(AND(NOT($DE$51=""),DK17=$DE$51),$DH$51,IF(AND(NOT($DE$53=""),DK17=$DE$53),$DH$53,INDEX($DH$4:$DH$58,MATCH(DK17,$DF$4:$DF$58,0),1))) | DM17: =IF(DI17>0,DI17,IF(OR(AND($CS$3=2,DJ17="PRO"),OR(DJ17="AGI",LEFT(DJ17,3)="AGI",DJ17="AAS")),1,IF(AND($CS$3=1,DJ17="PRO"),2,0))) -> 0 | DN17: =IF(DN16=$CP$2,$CP$2,IF(DK17>=$DT$2,MAX($DU$2,INDEX($CP$4:$CP$89,MATCH(DN16,$CP$4:$CP$89,1)+DM17)),INDEX($CP$4:$CP$89,MATCH(DN16,$CP$4:$CP$89,1)+DM17))) -> 74770 | DO17: =IFERROR(INDEX($DQ$3:$DR$3,1,MATCH(DJ17,$DQ$1:$DR$1,0)),"") | DP17: =MAX(DP16,DN17:DO17) -> 74770 | DQ17: =IFERROR(IF(DO17="","",IF(SUM(MATCH(DP17,$CP$4:$CP$89,0)-MATCH(DP16,$CP$4:$CP$89,0))<=0,"",SUM(MATCH(DP17,$CP$4:$CP$89,0)-MATCH(DP16,$CP$4:$CP$89,0)))),"") | DS17: =IF(DQ17="",DM17,DQ17) -> 0 | DT17: =IF(DN16=$CP$2,$CP$2,IF(DK17>=$DT$2,MAX($DU$2,INDEX($CP$4:$CP$89,MATCH(DT16,$CP$4:$CP$89,1)+DS17)),INDEX($CP$4:$CP$89,MATCH(DT16,$CP$4:$CP$89,1)+DS17))) -> 74770 | DV17: =IF($N$13="","",IF(AND(NOT($DF$59=""),MATCH($DG$52,$DJ$4:$DJ$55,0)>0,DK17=$DE$51),"HRA-1",IF(AND(NOT($DG$52=""),DJ17=$DG$52),"HRA-2",IF(AND(NOT($DG$54=""),DJ17=$DG$54),"HRA-3","")))) | DW17: =IF(DK17="","",TEXT(DK17,"Dd-MM-YYYY")) | DX17: =IF(DL17="","",TEXT(DL17,"Dd-MM-YYYY")) | DY17: =IF(DW17="","",DATE(YEAR(DK17),MONTH(DK17),DAY(DK17))) | DZ17: =IF(DX17="","",DATE(YEAR(DL17),MONTH(DL17),DAY(DL17))) | EA17: =IFERROR(SUM(DZ17-DY17,0)+1,"") | EB17: =IFERROR(INDEX($BN$4:$BN$17,MATCH(DW17,$BL$4:$BL$17,0),1),0) -> 0 | EC17: =IFERROR(IF(EB17=0,EA17,MAX(IF(EB17=0.5,EA17/2,EA17+EB17),0)),"") | ED17: =IFERROR(INDEX($BK$4:$BK$17,MATCH(DW17,$BL$4:$BL$17,0),1),0) -> 0 | EE17: =IFERROR(IF(NOT(ED17=$CH$8),0,INDEX($BO$4:$BO$17,MATCH(DW17,$BL$4:$BL$17,0),1)),0) -> 0 | EF17: =IFERROR(IF(AND(LEFT(DJ17,3)="S/L",EH17=15),ROUND(DT17*0.5,0),IF(DJ17=$DJ$59,$DL$61,IF(DJ17=$DJ$64,$DL$66,ROUND(SUM(EH17/EG17)*DT17,0)))),"") | EG17: =IFERROR(DAY(EOMONTH(DK17,0)),"") | EH17: =EC17 | EJ17: =IF(DK17="","",TEXT(DK17,"MMM-YYYY")) | EP17: =IF($K$40=$EO$57,0,IF(AND(DK17>=EP$1,$DK17<=EQ$1),SUM(ROUND(EF17*$EQ$2%,0)-ROUND(EF17*$EP$2%,0)),0)) -> 0 | EQ17: =IF($K$40=$EO$57,0,IF(AND(DK17>=EP$1,$DK17<=EQ$1),ROUND(EP17*10%,0),0)) -> 0 | EU17: =IF($AR$44=$EO$57,0,IF(AND(DK17>=$EU$1,$DK17<=$EV$1),SUM(ROUND(EF17*$EV$2%,0)-ROUND(EF17*$EU$2%,0)),0)) -> 0 | EV17: =IF($AR$44=$EO$57,0,IF(AND(DK17>=$EU$1,$DK17<=$EV$1),ROUND(EU17*10%,0),0)) -> 0 | EZ17: =IF(AND(DK17>=$EZ$1,$DK17<=$FA$1),ROUND(EF17*$EY$2%,0),0) -> 0 | FA17: =IF(AND(DK17>=$EZ$1,$DK17<=$FA$1),ROUND(EF17*$FA$2%*10%,0)-(ROUND(EF17*$EZ$2%*10%,0)),0) -> 0 | FY17: Not Applicable | FZ17: Mandal HQ | GA17: Non Mandal | GB17: Hills/Hill Top
B18: Income from house property | F18: Municipal Taxes paid on house | K18: AHRA | M18: No | N18: Yes | O18: No | X18: =DK16 | Y18: =DL16 | Z18: =DJ16 | AA18: =EF16 | AB18: =EP16 -> 0 | AC18: =EQ16 -> 0 | AD18: =AB18-AC18 -> 0 | BE18: AS on | BF18: =DATE(CH3,4,1) -> 46113 | BW18: =DC37 | BX18: =SUMIFS($BU$4:$BU$15,$BT$4:$BT$15,">="&BY17,$BT$4:$BT$15,"<="&EDATE(BY17,12)) -> 0 | BY18: =IFERROR(IF(BW18="","",EDATE(BY17,12)+BX18),"") | CD18: =EDATE(CD17,1) -> 45931 | CE18: =INDEX($I$36:$I$47,MATCH(CH18,$H$36:$H$47,0),1) -> 0 | CG18: =IFERROR(CD18,CD18) -> 45931 | CH18: =TEXT(CD18,"mmm-yyyy") -> Oct-2025 | CI18: Appoint date | CJ18: =IF(OR(G4="",F4="",E4=""),"NA",E4) -> NA | CK18: =F4 -> 0 | CL18: =G4 -> 0 | CM18: =IFERROR(IF(CJ18="NA","",DATE(CL18,CK18,CJ18)),"") | CN18: 15 | CP18: 29980 | CQ18: 36750-106990 | CR18: 36750 | CS18: 30 | CV18: =TEXT(CW18,"mmm-yyyy") -> May-2026 | CW18: =EDATE(CW17,1) -> 46143 | CX18: =EOMONTH(CW18,0) -> 46173 | DA18: =IF(DA10="","",IF(AND($DB$5=2,$DC$5=1),DA10,IF(AND($DB$5=2,$DC$5=2,DA10<$DC$7),DA10,IF(AND($DB$5=1,DA10<$DB$7),DA10,"")))) -> 46143 | DB18: =IF(AND($DC$5=1,$DB$5=1),DB10,IF(AND($DB$5=1,$DC$5=2,DB10<$DC$7),DB10,"")) | DC18: =IF($DC$5=2,DC10,"") | DE18: =IFERROR(MATCH(DF18,$DB$23:$DB$37,0),"") -> 4 | DF18: =CW18 -> 46143 | DG18: =IF(OR($CU$3=$M$6,DE18=""),"","AGI") -> AGI | DH18: =IFERROR(EOMONTH(DF18,0),"") -> 46173 | DI18: =IFERROR(IF(AND($CS$3=2,DJ18="AGI",INDEX($DJ$4:$DJ$56,MATCH($DR$1,$DJ$4:DJ18,0),1)=$DR$1),2,0),0) -> 0 | DJ18: =IFERROR(IF(AND(NOT($DE$51=""),DK18=$DE$51),$DG$51,IF(AND(NOT($DE$53=""),DK18=$DE$53),$DG$53,INDEX($DG$4:$DG$58,MATCH(DK18,$DF$4:$DF$58,0),1))),"") | DK18: =IFERROR(IF(SMALL($DF$4:$DF$58,CN18)>$CJ$2,"",SMALL($DF$4:$DF$58,CN18)),"") | DL18: =IF(AND(NOT($DE$51=""),DK18=$DE$51),$DH$51,IF(AND(NOT($DE$53=""),DK18=$DE$53),$DH$53,INDEX($DH$4:$DH$58,MATCH(DK18,$DF$4:$DF$58,0),1))) | DM18: =IF(DI18>0,DI18,IF(OR(AND($CS$3=2,DJ18="PRO"),OR(DJ18="AGI",LEFT(DJ18,3)="AGI",DJ18="AAS")),1,IF(AND($CS$3=1,DJ18="PRO"),2,0))) -> 0 | DN18: =IF(DN17=$CP$2,$CP$2,IF(DK18>=$DT$2,MAX($DU$2,INDEX($CP$4:$CP$89,MATCH(DN17,$CP$4:$CP$89,1)+DM18)),INDEX($CP$4:$CP$89,MATCH(DN17,$CP$4:$CP$89,1)+DM18))) -> 74770 | DO18: =IFERROR(INDEX($DQ$3:$DR$3,1,MATCH(DJ18,$DQ$1:$DR$1,0)),"") | DP18: =MAX(DP17,DN18:DO18) -> 74770 | DQ18: =IFERROR(IF(DO18="","",IF(SUM(MATCH(DP18,$CP$4:$CP$89,0)-MATCH(DP17,$CP$4:$CP$89,0))<=0,"",SUM(MATCH(DP18,$CP$4:$CP$89,0)-MATCH(DP17,$CP$4:$CP$89,0)))),"") | DS18: =IF(DQ18="",DM18,DQ18) -> 0 | DT18: =IF(DN17=$CP$2,$CP$2,IF(DK18>=$DT$2,MAX($DU$2,INDEX($CP$4:$CP$89,MATCH(DT17,$CP$4:$CP$89,1)+DS18)),INDEX($CP$4:$CP$89,MATCH(DT17,$CP$4:$CP$89,1)+DS18))) -> 74770 | DV18: =IF($N$13="","",IF(AND(NOT($DF$59=""),MATCH($DG$52,$DJ$4:$DJ$55,0)>0,DK18=$DE$51),"HRA-1",IF(AND(NOT($DG$52=""),DJ18=$DG$52),"HRA-2",IF(AND(NOT($DG$54=""),DJ18=$DG$54),"HRA-3","")))) | DW18: =IF(DK18="","",TEXT(DK18,"Dd-MM-YYYY")) | DX18: =IF(DL18="","",TEXT(DL18,"Dd-MM-YYYY")) | DY18: =IF(DW18="","",DATE(YEAR(DK18),MONTH(DK18),DAY(DK18))) | DZ18: =IF(DX18="","",DATE(YEAR(DL18),MONTH(DL18),DAY(DL18))) | EA18: =IFERROR(SUM(DZ18-DY18,0)+1,"") | EB18: =IFERROR(INDEX($BN$4:$BN$17,MATCH(DW18,$BL$4:$BL$17,0),1),0) -> 0 | EC18: =IFERROR(IF(EB18=0,EA18,MAX(IF(EB18=0.5,EA18/2,EA18+EB18),0)),"") | ED18: =IFERROR(INDEX($BK$4:$BK$17,MATCH(DW18,$BL$4:$BL$17,0),1),0) -> 0 | EE18: =IFERROR(IF(NOT(ED18=$CH$8),0,INDEX($BO$4:$BO$17,MATCH(DW18,$BL$4:$BL$17,0),1)),0) -> 0 | EF18: =IFERROR(IF(AND(LEFT(DJ18,3)="S/L",EH18=15),ROUND(DT18*0.5,0),IF(DJ18=$DJ$59,$DL$61,IF(DJ18=$DJ$64,$DL$66,ROUND(SUM(EH18/EG18)*DT18,0)))),"") | EG18: =IFERROR(DAY(EOMONTH(DK18,0)),"") | EH18: =EC18 | EJ18: =IF(DK18="","",TEXT(DK18,"MMM-YYYY")) | EP18: =IF($K$40=$EO$57,0,IF(AND(DK18>=EP$1,$DK18<=EQ$1),SUM(ROUND(EF18*$EQ$2%,0)-ROUND(EF18*$EP$2%,0)),0)) -> 0 | EQ18: =IF($K$40=$EO$57,0,IF(AND(DK18>=EP$1,$DK18<=EQ$1),ROUND(EP18*10%,0),0)) -> 0 | EU18: =IF($AR$44=$EO$57,0,IF(AND(DK18>=$EU$1,$DK18<=$EV$1),SUM(ROUND(EF18*$EV$2%,0)-ROUND(EF18*$EU$2%,0)),0)) -> 0 | EV18: =IF($AR$44=$EO$57,0,IF(AND(DK18>=$EU$1,$DK18<=$EV$1),ROUND(EU18*10%,0),0)) -> 0 | EZ18: =IF(AND(DK18>=$EZ$1,$DK18<=$FA$1),ROUND(EF18*$EY$2%,0),0) -> 0 | FA18: =IF(AND(DK18>=$EZ$1,$DK18<=$FA$1),ROUND(EF18*$FA$2%*10%,0)-(ROUND(EF18*$EZ$2%*10%,0)),0) -> 0 | FY18: 0 | FZ18: 700 | GA18: 800 | GB18: 900
B19: =IF(E19="","","(F.P-"&IFERROR(E19-MIN(ROUND(E19/3,0),25000),0)&")")&"<Family Pension" -> <Family Pension | F19: Income form other sources | K19: Reader Allowance | M19: 0 | Q19: ANNUAL GRADE INCREMENT & ALL TYPE OF LEAVE PROCEEDING SOFTWARE | X19: =DK17 | Y19: =DL17 | Z19: =DJ17 | AA19: =EF17 | AB19: =EP17 -> 0 | AC19: =EQ17 -> 0 | AD19: =AB19-AC19 -> 0 | BE19: DOB | BF19: =BE8 -> #VALUE! | CD19: =EDATE(CD18,1) -> 45962 | CE19: =INDEX($I$36:$I$47,MATCH(CH19,$H$36:$H$47,0),1) -> 0 | CG19: =IFERROR(CD19,CD19) -> 45962 | CH19: =TEXT(CD19,"mmm-yyyy") -> Nov-2025 | CJ19: Dd | CK19: mm | CL19: yy | CN19: 16 | CP19: 30830 | CQ19: 38890-112510 | CR19: 38890 | CS19: 60 | CV19: =TEXT(CW19,"mmm-yyyy") -> Jun-2026 | CW19: =EDATE(CW18,1) -> 46174 | CX19: =EOMONTH(CW19,0) -> 46203 | DA19: =IF(DA11="","",IF(AND($DB$5=2,$DC$5=1),DA11,IF(AND($DB$5=2,$DC$5=2,DA11<$DC$7),DA11,IF(AND($DB$5=1,DA11<$DB$7),DA11,"")))) | DB19: =IF(AND($DC$5=1,$DB$5=1),DB11,IF(AND($DB$5=1,$DC$5=2,DB11<$DC$7),DB11,"")) | DC19: =IF($DC$5=2,DC11,"") | DE19: =IFERROR(MATCH(DF19,$DB$23:$DB$37,0),"") | DF19: =CW19 -> 46174 | DG19: =IF(OR($CU$3=$M$6,DE19=""),"","AGI") | DH19: =IFERROR(EOMONTH(DF19,0),"") -> 46203 | DI19: =IFERROR(IF(AND($CS$3=2,DJ19="AGI",INDEX($DJ$4:$DJ$56,MATCH($DR$1,$DJ$4:DJ19,0),1)=$DR$1),2,0),0) -> 0 | DJ19: =IFERROR(IF(AND(NOT($DE$51=""),DK19=$DE$51),$DG$51,IF(AND(NOT($DE$53=""),DK19=$DE$53),$DG$53,INDEX($DG$4:$DG$58,MATCH(DK19,$DF$4:$DF$58,0),1))),"") | DK19: =IFERROR(IF(SMALL($DF$4:$DF$58,CN19)>$CJ$2,"",SMALL($DF$4:$DF$58,CN19)),"") | DL19: =IF(AND(NOT($DE$51=""),DK19=$DE$51),$DH$51,IF(AND(NOT($DE$53=""),DK19=$DE$53),$DH$53,INDEX($DH$4:$DH$58,MATCH(DK19,$DF$4:$DF$58,0),1))) | DM19: =IF(DI19>0,DI19,IF(OR(AND($CS$3=2,DJ19="PRO"),OR(DJ19="AGI",LEFT(DJ19,3)="AGI",DJ19="AAS")),1,IF(AND($CS$3=1,DJ19="PRO"),2,0))) -> 0 | DN19: =IF(DN18=$CP$2,$CP$2,IF(DK19>=$DT$2,MAX($DU$2,INDEX($CP$4:$CP$89,MATCH(DN18,$CP$4:$CP$89,1)+DM19)),INDEX($CP$4:$CP$89,MATCH(DN18,$CP$4:$CP$89,1)+DM19))) -> 74770 | DO19: =IFERROR(INDEX($DQ$3:$DR$3,1,MATCH(DJ19,$DQ$1:$DR$1,0)),"") | DP19: =MAX(DP18,DN19:DO19) -> 74770 | DQ19: =IFERROR(IF(DO19="","",IF(SUM(MATCH(DP19,$CP$4:$CP$89,0)-MATCH(DP18,$CP$4:$CP$89,0))<=0,"",SUM(MATCH(DP19,$CP$4:$CP$89,0)-MATCH(DP18,$CP$4:$CP$89,0)))),"") | DS19: =IF(DQ19="",DM19,DQ19) -> 0 | DT19: =IF(DN18=$CP$2,$CP$2,IF(DK19>=$DT$2,MAX($DU$2,INDEX($CP$4:$CP$89,MATCH(DT18,$CP$4:$CP$89,1)+DS19)),INDEX($CP$4:$CP$89,MATCH(DT18,$CP$4:$CP$89,1)+DS19))) -> 74770 | DV19: =IF($N$13="","",IF(AND(NOT($DF$59=""),MATCH($DG$52,$DJ$4:$DJ$55,0)>0,DK19=$DE$51),"HRA-1",IF(AND(NOT($DG$52=""),DJ19=$DG$52),"HRA-2",IF(AND(NOT($DG$54=""),DJ19=$DG$54),"HRA-3","")))) | DW19: =IF(DK19="","",TEXT(DK19,"Dd-MM-YYYY")) | DX19: =IF(DL19="","",TEXT(DL19,"Dd-MM-YYYY")) | DY19: =IF(DW19="","",DATE(YEAR(DK19),MONTH(DK19),DAY(DK19))) | DZ19: =IF(DX19="","",DATE(YEAR(DL19),MONTH(DL19),DAY(DL19))) | EA19: =IFERROR(SUM(DZ19-DY19,0)+1,"") | EB19: =IFERROR(INDEX($BN$4:$BN$17,MATCH(DW19,$BL$4:$BL$17,0),1),0) -> 0 | EC19: =IFERROR(IF(EB19=0,EA19,MAX(IF(EB19=0.5,EA19/2,EA19+EB19),0)),"") | ED19: =IFERROR(INDEX($BK$4:$BK$17,MATCH(DW19,$BL$4:$BL$17,0),1),0) -> 0 | EE19: =IFERROR(IF(NOT(ED19=$CH$8),0,INDEX($BO$4:$BO$17,MATCH(DW19,$BL$4:$BL$17,0),1)),0) -> 0 | EF19: =IFERROR(IF(AND(LEFT(DJ19,3)="S/L",EH19=15),ROUND(DT19*0.5,0),IF(DJ19=$DJ$59,$DL$61,IF(DJ19=$DJ$64,$DL$66,ROUND(SUM(EH19/EG19)*DT19,0)))),"") | EG19: =IFERROR(DAY(EOMONTH(DK19,0)),"") | EH19: =EC19 | EJ19: =IF(DK19="","",TEXT(DK19,"MMM-YYYY")) | EP19: =IF($K$40=$EO$57,0,IF(AND(DK19>=EP$1,$DK19<=EQ$1),SUM(ROUND(EF19*$EQ$2%,0)-ROUND(EF19*$EP$2%,0)),0)) -> 0 | EQ19: =IF($K$40=$EO$57,0,IF(AND(DK19>=EP$1,$DK19<=EQ$1),ROUND(EP19*10%,0),0)) -> 0 | EU19: =IF($AR$44=$EO$57,0,IF(AND(DK19>=$EU$1,$DK19<=$EV$1),SUM(ROUND(EF19*$EV$2%,0)-ROUND(EF19*$EU$2%,0)),0)) -> 0 | EV19: =IF($AR$44=$EO$57,0,IF(AND(DK19>=$EU$1,$DK19<=$EV$1),ROUND(EU19*10%,0),0)) -> 0 | EZ19: =IF(AND(DK19>=$EZ$1,$DK19<=$FA$1),ROUND(EF19*$EY$2%,0),0) -> 0 | FA19: =IF(AND(DK19>=$EZ$1,$DK19<=$FA$1),ROUND(EF19*$FA$2%*10%,0)-(ROUND(EF19*$EZ$2%*10%,0)),0) -> 0 | FY19: 31751 | FZ19: 850 | GA19: 975 | GB19: 1100
A20: Sec 80C DETAILS | B20: BELOW SELECT FOR >> SAVING UNDER CHAPTER VIA(80C,80CCC,80CCD) | I20: Rupees | K20: Uniform Allowance | M20: 0 | X20: =DK18 | Y20: =DL18 | Z20: =DJ18 | AA20: =EF18 | AB20: =EP18 -> 0 | AC20: =EQ18 -> 0 | AD20: =AB20-AC20 -> 0 | BF20: =DATEDIF(BF19,BF18,"y")&"Y,"&DATEDIF(BF19,BF18,"ym")&"M,"&DATEDIF(BF19,BF18,"md")&"D" -> #VALUE! | CD20: =EDATE(CD19,1) -> 45992 | CE20: =INDEX($I$36:$I$47,MATCH(CH20,$H$36:$H$47,0),1) -> 0 | CG20: =IFERROR(CD20,CD20) -> 45992 | CH20: =TEXT(CD20,"mmm-yyyy") -> Dec-2025 | CI20: AAS date | CJ20: =LEFT(O5,FIND(".",O5)-1) -> 24 | CK20: =TRIM(LEFT(SUBSTITUTE(MID(O5,FIND("|",SUBSTITUTE(O5,".","|",1))+1,LEN(O5)),".",REPT(" ",LEN(O5))),LEN(O5))) -> 10 | CL20: =TRIM(LEFT(SUBSTITUTE(MID(O5,FIND("|",SUBSTITUTE(O5,".","|",2))+1,LEN(O5)),".",REPT(" ",LEN(O5))),LEN(O5))) -> 2025 | CM20: =IFERROR(IF(AND(ISERROR(DATE(CL20,CK20,CJ20)),NOT(O5="")),DATE(YEAR(O5),MONTH(O5),DAY(O5)),DATE(CL20,CK20,CJ20)),"") -> 45954 | CN20: 17 | CP20: 31750 | CQ20: 42300-115270 | CR20: 42300 | CS20: 90 | CV20: =TEXT(CW20,"mmm-yyyy") -> Jul-2026 | CW20: =EDATE(CW19,1) -> 46204 | CX20: =EOMONTH(CW20,0) -> 46234 | DE20: =IFERROR(MATCH(DF20,$DB$23:$DB$37,0),"") | DF20: =CW20 -> 46204 | DG20: =IF(OR($CU$3=$M$6,DE20=""),"","AGI") | DH20: =IFERROR(EOMONTH(DF20,0),"") -> 46234 | DI20: =IFERROR(IF(AND($CS$3=2,DJ20="AGI",INDEX($DJ$4:$DJ$56,MATCH($DR$1,$DJ$4:DJ20,0),1)=$DR$1),2,0),0) -> 0 | DJ20: =IFERROR(IF(AND(NOT($DE$51=""),DK20=$DE$51),$DG$51,IF(AND(NOT($DE$53=""),DK20=$DE$53),$DG$53,INDEX($DG$4:$DG$58,MATCH(DK20,$DF$4:$DF$58,0),1))),"") | DK20: =IFERROR(IF(SMALL($DF$4:$DF$58,CN20)>$CJ$2,"",SMALL($DF$4:$DF$58,CN20)),"") | DL20: =IF(AND(NOT($DE$51=""),DK20=$DE$51),$DH$51,IF(AND(NOT($DE$53=""),DK20=$DE$53),$DH$53,INDEX($DH$4:$DH$58,MATCH(DK20,$DF$4:$DF$58,0),1))) | DM20: =IF(DI20>0,DI20,IF(OR(AND($CS$3=2,DJ20="PRO"),OR(DJ20="AGI",LEFT(DJ20,3)="AGI",DJ20="AAS")),1,IF(AND($CS$3=1,DJ20="PRO"),2,0))) -> 0 | DN20: =IF(DN19=$CP$2,$CP$2,IF(DK20>=$DT$2,MAX($DU$2,INDEX($CP$4:$CP$89,MATCH(DN19,$CP$4:$CP$89,1)+DM20)),INDEX($CP$4:$CP$89,MATCH(DN19,$CP$4:$CP$89,1)+DM20))) -> 74770 | DO20: =IFERROR(INDEX($DQ$3:$DR$3,1,MATCH(DJ20,$DQ$1:$DR$1,0)),"") | DP20: =MAX(DP19,DN20:DO20) -> 74770 | DQ20: =IFERROR(IF(DO20="","",IF(SUM(MATCH(DP20,$CP$4:$CP$89,0)-MATCH(DP19,$CP$4:$CP$89,0))<=0,"",SUM(MATCH(DP20,$CP$4:$CP$89,0)-MATCH(DP19,$CP$4:$CP$89,0)))),"") | DS20: =IF(DQ20="",DM20,DQ20) -> 0 | DT20: =IF(DN19=$CP$2,$CP$2,IF(DK20>=$DT$2,MAX($DU$2,INDEX($CP$4:$CP$89,MATCH(DT19,$CP$4:$CP$89,1)+DS20)),INDEX($CP$4:$CP$89,MATCH(DT19,$CP$4:$CP$89,1)+DS20))) -> 74770 | DV20: =IF($N$13="","",IF(AND(NOT($DF$59=""),MATCH($DG$52,$DJ$4:$DJ$55,0)>0,DK20=$DE$51),"HRA-1",IF(AND(NOT($DG$52=""),DJ20=$DG$52),"HRA-2",IF(AND(NOT($DG$54=""),DJ20=$DG$54),"HRA-3","")))) | DW20: =IF(DK20="","",TEXT(DK20,"Dd-MM-YYYY")) | DX20: =IF(DL20="","",TEXT(DL20,"Dd-MM-YYYY")) | DY20: =IF(DW20="","",DATE(YEAR(DK20),MONTH(DK20),DAY(DK20))) | DZ20: =IF(DX20="","",DATE(YEAR(DL20),MONTH(DL20),DAY(DL20))) | EA20: =IFERROR(SUM(DZ20-DY20,0)+1,"") | EB20: =IFERROR(INDEX($BN$4:$BN$17,MATCH(DW20,$BL$4:$BL$17,0),1),0) -> 0 | EC20: =IFERROR(IF(EB20=0,EA20,MAX(IF(EB20=0.5,EA20/2,EA20+EB20),0)),"") | ED20: =IFERROR(INDEX($BK$4:$BK$17,MATCH(DW20,$BL$4:$BL$17,0),1),0) -> 0 | EE20: =IFERROR(IF(NOT(ED20=$CH$8),0,INDEX($BO$4:$BO$17,MATCH(DW20,$BL$4:$BL$17,0),1)),0) -> 0 | EF20: =IFERROR(IF(AND(LEFT(DJ20,3)="S/L",EH20=15),ROUND(DT20*0.5,0),IF(DJ20=$DJ$59,$DL$61,IF(DJ20=$DJ$64,$DL$66,ROUND(SUM(EH20/EG20)*DT20,0)))),"") | EG20: =IFERROR(DAY(EOMONTH(DK20,0)),"") | EH20: =EC20 | EJ20: =IF(DK20="","",TEXT(DK20,"MMM-YYYY")) | EP20: =IF($K$40=$EO$57,0,IF(AND(DK20>=EP$1,$DK20<=EQ$1),SUM(ROUND(EF20*$EQ$2%,0)-ROUND(EF20*$EP$2%,0)),0)) -> 0 | EQ20: =IF($K$40=$EO$57,0,IF(AND(DK20>=EP$1,$DK20<=EQ$1),ROUND(EP20*10%,0),0)) -> 0 | EU20: =IF($AR$44=$EO$57,0,IF(AND(DK20>=$EU$1,$DK20<=$EV$1),SUM(ROUND(EF20*$EV$2%,0)-ROUND(EF20*$EU$2%,0)),0)) -> 0 | EV20: =IF($AR$44=$EO$57,0,IF(AND(DK20>=$EU$1,$DK20<=$EV$1),ROUND(EU20*10%,0),0)) -> 0 | EZ20: =IF(AND(DK20>=$EZ$1,$DK20<=$FA$1),ROUND(EF20*$EY$2%,0),0) -> 0 | FA20: =IF(AND(DK20>=$EZ$1,$DK20<=$FA$1),ROUND(EF20*$FA$2%*10%,0)-(ROUND(EF20*$EZ$2%*10%,0)),0) -> 0 | FY20: 42141 | FZ20: 1000 | GA20: 1150 | GB20: 1300
B21: Children Tution Fee | K21: Others | M21: 0 | Q21: MID DAY MEALS SOFTWARE(All 12 months) for HS | X21: =DK19 | Y21: =DL19 | Z21: =DJ19 | AA21: =EF19 | AB21: =EP19 -> 0 | AC21: =EQ19 -> 0 | AD21: =AB21-AC21 -> 0 | CD21: =EDATE(CD20,1) -> 46023 | CE21: =INDEX($I$36:$I$47,MATCH(CH21,$H$36:$H$47,0),1) -> 0 | CG21: =IFERROR(CD21,CD21) -> 46023 | CH21: =TEXT(CD21,"mmm-yyyy") -> Jan-2026 | CM21: =IFERROR(IF(AND(ISERROR(DATE(CL21,CK21,CJ21)),NOT(O9="")),DATE(YEAR(O9),MONTH(O13),DAY(O9)),DATE(CL21,CK21,CJ21)),"") | CN21: 18 | CP21: 32670 | CQ21: 43490-118230 | CR21: 43490 | CS21: 120 | CV21: =TEXT(CW21,"mmm-yyyy") -> Aug-2026 | CW21: =EDATE(CW20,1) -> 46235 | CX21: =EOMONTH(CW21,0) -> 46265 | DE21: =IFERROR(MATCH(DF21,$DB$23:$DB$37,0),"") | DF21: =CW21 -> 46235 | DG21: =IF(OR($CU$3=$M$6,DE21=""),"","AGI") | DH21: =IFERROR(EOMONTH(DF21,0),"") -> 46265 | DI21: =IFERROR(IF(AND($CS$3=2,DJ21="AGI",INDEX($DJ$4:$DJ$56,MATCH($DR$1,$DJ$4:DJ21,0),1)=$DR$1),2,0),0) -> 0 | DJ21: =IFERROR(IF(AND(NOT($DE$51=""),DK21=$DE$51),$DG$51,IF(AND(NOT($DE$53=""),DK21=$DE$53),$DG$53,INDEX($DG$4:$DG$58,MATCH(DK21,$DF$4:$DF$58,0),1))),"") | DK21: =IFERROR(IF(SMALL($DF$4:$DF$58,CN21)>$CJ$2,"",SMALL($DF$4:$DF$58,CN21)),"") | DL21: =IF(AND(NOT($DE$51=""),DK21=$DE$51),$DH$51,IF(AND(NOT($DE$53=""),DK21=$DE$53),$DH$53,INDEX($DH$4:$DH$58,MATCH(DK21,$DF$4:$DF$58,0),1))) | DM21: =IF(DI21>0,DI21,IF(OR(AND($CS$3=2,DJ21="PRO"),OR(DJ21="AGI",LEFT(DJ21,3)="AGI",DJ21="AAS")),1,IF(AND($CS$3=1,DJ21="PRO"),2,0))) -> 0 | DN21: =IF(DN20=$CP$2,$CP$2,IF(DK21>=$DT$2,MAX($DU$2,INDEX($CP$4:$CP$89,MATCH(DN20,$CP$4:$CP$89,1)+DM21)),INDEX($CP$4:$CP$89,MATCH(DN20,$CP$4:$CP$89,1)+DM21))) -> 74770 | DO21: =IFERROR(INDEX($DQ$3:$DR$3,1,MATCH(DJ21,$DQ$1:$DR$1,0)),"") | DP21: =MAX(DP20,DN21:DO21) -> 74770 | DQ21: =IFERROR(IF(DO21="","",IF(SUM(MATCH(DP21,$CP$4:$CP$89,0)-MATCH(DP20,$CP$4:$CP$89,0))<=0,"",SUM(MATCH(DP21,$CP$4:$CP$89,0)-MATCH(DP20,$CP$4:$CP$89,0)))),"") | DS21: =IF(DQ21="",DM21,DQ21) -> 0 | DT21: =IF(DN20=$CP$2,$CP$2,IF(DK21>=$DT$2,MAX($DU$2,INDEX($CP$4:$CP$89,MATCH(DT20,$CP$4:$CP$89,1)+DS21)),INDEX($CP$4:$CP$89,MATCH(DT20,$CP$4:$CP$89,1)+DS21))) -> 74770 | DV21: =IF($N$13="","",IF(AND(NOT($DF$59=""),MATCH($DG$52,$DJ$4:$DJ$55,0)>0,DK21=$DE$51),"HRA-1",IF(AND(NOT($DG$52=""),DJ21=$DG$52),"HRA-2",IF(AND(NOT($DG$54=""),DJ21=$DG$54),"HRA-3","")))) | DW21: =IF(DK21="","",TEXT(DK21,"Dd-MM-YYYY")) | DX21: =IF(DL21="","",TEXT(DL21,"Dd-MM-YYYY")) | DY21: =IF(DW21="","",DATE(YEAR(DK21),MONTH(DK21),DAY(DK21))) | DZ21: =IF(DX21="","",DATE(YEAR(DL21),MONTH(DL21),DAY(DL21))) | EA21: =IFERROR(SUM(DZ21-DY21,0)+1,"") | EB21: =IFERROR(INDEX($BN$4:$BN$17,MATCH(DW21,$BL$4:$BL$17,0),1),0) -> 0 | EC21: =IFERROR(IF(EB21=0,EA21,MAX(IF(EB21=0.5,EA21/2,EA21+EB21),0)),"") | ED21: =IFERROR(INDEX($BK$4:$BK$17,MATCH(DW21,$BL$4:$BL$17,0),1),0) -> 0 | EE21: =IFERROR(IF(NOT(ED21=$CH$8),0,INDEX($BO$4:$BO$17,MATCH(DW21,$BL$4:$BL$17,0),1)),0) -> 0 | EF21: =IFERROR(IF(AND(LEFT(DJ21,3)="S/L",EH21=15),ROUND(DT21*0.5,0),IF(DJ21=$DJ$59,$DL$61,IF(DJ21=$DJ$64,$DL$66,ROUND(SUM(EH21/EG21)*DT21,0)))),"") | EG21: =IFERROR(DAY(EOMONTH(DK21,0)),"") | EH21: =EC21 | EJ21: =IF(DK21="","",TEXT(DK21,"MMM-YYYY")) | EP21: =IF($K$40=$EO$57,0,IF(AND(DK21>=EP$1,$DK21<=EQ$1),SUM(ROUND(EF21*$EQ$2%,0)-ROUND(EF21*$EP$2%,0)),0)) -> 0 | EQ21: =IF($K$40=$EO$57,0,IF(AND(DK21>=EP$1,$DK21<=EQ$1),ROUND(EP21*10%,0),0)) -> 0 | EU21: =IF($AR$44=$EO$57,0,IF(AND(DK21>=$EU$1,$DK21<=$EV$1),SUM(ROUND(EF21*$EV$2%,0)-ROUND(EF21*$EU$2%,0)),0)) -> 0 | EV21: =IF($AR$44=$EO$57,0,IF(AND(DK21>=$EU$1,$DK21<=$EV$1),ROUND(EU21*10%,0),0)) -> 0 | EZ21: =IF(AND(DK21>=$EZ$1,$DK21<=$FA$1),ROUND(EF21*$EY$2%,0),0) -> 0 | FA21: =IF(AND(DK21>=$EZ$1,$DK21<=$FA$1),ROUND(EF21*$FA$2%*10%,0)-(ROUND(EF21*$EZ$2%*10%,0)),0) -> 0 | FY21: 54061 | FZ21: 1225 | GA21: 1400 | GB21: 1600
B22: Repayment of Home Loan Premium (principal component) | K22: SALARY DEDUCTIONS | M22: PREMIUM | N22: IF CHANGE, Rs. | O22: PERIOD FROM | X22: =DK20 | Y22: =DL20 | Z22: =DJ20 | AA22: =EF20 | AB22: =EP20 -> 0 | AC22: =EQ20 -> 0 | AD22: =AB22-AC22 -> 0 | CD22: =EDATE(CD21,1) -> 46054 | CE22: =INDEX($I$36:$I$47,MATCH(CH22,$H$36:$H$47,0),1) -> 0 | CG22: =IFERROR(CD22,CD22) -> 46054 | CH22: =TEXT(CD22,"mmm-yyyy") -> Feb-2026 | CI22: Pro date | CJ22: =LEFT(O9,FIND(".",O9)-1) -> 24 | CK22: =TRIM(LEFT(SUBSTITUTE(MID(O9,FIND("|",SUBSTITUTE(O9,".","|",1))+1,LEN(O9)),".",REPT(" ",LEN(O9))),LEN(O9))) -> 06 | CL22: =TRIM(LEFT(SUBSTITUTE(MID(O9,FIND("|",SUBSTITUTE(O9,".","|",2))+1,LEN(O9)),".",REPT(" ",LEN(O9))),LEN(O9))) -> 2025 | CM22: =IFERROR(IF(AND(ISERROR(DATE(CL22,CK22,CJ22)),NOT(O9="")),DATE(YEAR(O9),MONTH(O9),DAY(O9)),DATE(CL22,CK22,CJ22)),"") -> 45832 | CN22: 19 | CP22: 33590 | CQ22: 45960-124150 | CR22: 45960 | CS22: 0 | CV22: =TEXT(CW22,"mmm-yyyy") -> Sep-2026 | CW22: =EDATE(CW21,1) -> 46266 | CX22: =EOMONTH(CW22,0) -> 46295 | DA22: final incr | DC22: Final AGI After eol | DE22: =IFERROR(MATCH(DF22,$DB$23:$DB$37,0),"") | DF22: =CW22 -> 46266 | DG22: =IF(OR($CU$3=$M$6,DE22=""),"","AGI") | DH22: =IFERROR(EOMONTH(DF22,0),"") -> 46295 | DI22: =IFERROR(IF(AND($CS$3=2,DJ22="AGI",INDEX($DJ$4:$DJ$56,MATCH($DR$1,$DJ$4:DJ22,0),1)=$DR$1),2,0),0) -> 0 | DJ22: =IFERROR(IF(AND(NOT($DE$51=""),DK22=$DE$51),$DG$51,IF(AND(NOT($DE$53=""),DK22=$DE$53),$DG$53,INDEX($DG$4:$DG$58,MATCH(DK22,$DF$4:$DF$58,0),1))),"") | DK22: =IFERROR(IF(SMALL($DF$4:$DF$58,CN22)>$CJ$2,"",SMALL($DF$4:$DF$58,CN22)),"") | DL22: =IF(AND(NOT($DE$51=""),DK22=$DE$51),$DH$51,IF(AND(NOT($DE$53=""),DK22=$DE$53),$DH$53,INDEX($DH$4:$DH$58,MATCH(DK22,$DF$4:$DF$58,0),1))) | DM22: =IF(DI22>0,DI22,IF(OR(AND($CS$3=2,DJ22="PRO"),OR(DJ22="AGI",LEFT(DJ22,3)="AGI",DJ22="AAS")),1,IF(AND($CS$3=1,DJ22="PRO"),2,0))) -> 0 | DN22: =IF(DN21=$CP$2,$CP$2,IF(DK22>=$DT$2,MAX($DU$2,INDEX($CP$4:$CP$89,MATCH(DN21,$CP$4:$CP$89,1)+DM22)),INDEX($CP$4:$CP$89,MATCH(DN21,$CP$4:$CP$89,1)+DM22))) -> 74770 | DO22: =IFERROR(INDEX($DQ$3:$DR$3,1,MATCH(DJ22,$DQ$1:$DR$1,0)),"") | DP22: =MAX(DP21,DN22:DO22) -> 74770 | DQ22: =IFERROR(IF(DO22="","",IF(SUM(MATCH(DP22,$CP$4:$CP$89,0)-MATCH(DP21,$CP$4:$CP$89,0))<=0,"",SUM(MATCH(DP22,$CP$4:$CP$89,0)-MATCH(DP21,$CP$4:$CP$89,0)))),"") | DS22: =IF(DQ22="",DM22,DQ22) -> 0 | DT22: =IF(DN21=$CP$2,$CP$2,IF(DK22>=$DT$2,MAX($DU$2,INDEX($CP$4:$CP$89,MATCH(DT21,$CP$4:$CP$89,1)+DS22)),INDEX($CP$4:$CP$89,MATCH(DT21,$CP$4:$CP$89,1)+DS22))) -> 74770 | DV22: =IF($N$13="","",IF(AND(NOT($DF$59=""),MATCH($DG$52,$DJ$4:$DJ$55,0)>0,DK22=$DE$51),"HRA-1",IF(AND(NOT($DG$52=""),DJ22=$DG$52),"HRA-2",IF(AND(NOT($DG$54=""),DJ22=$DG$54),"HRA-3","")))) | DW22: =IF(DK22="","",TEXT(DK22,"Dd-MM-YYYY")) | DX22: =IF(DL22="","",TEXT(DL22,"Dd-MM-YYYY")) | DY22: =IF(DW22="","",DATE(YEAR(DK22),MONTH(DK22),DAY(DK22))) | DZ22: =IF(DX22="","",DATE(YEAR(DL22),MONTH(DL22),DAY(DL22))) | EA22: =IFERROR(SUM(DZ22-DY22,0)+1,"") | EB22: =IFERROR(INDEX($BN$4:$BN$17,MATCH(DW22,$BL$4:$BL$17,0),1),0) -> 0 | EC22: =IFERROR(IF(EB22=0,EA22,MAX(IF(EB22=0.5,EA22/2,EA22+EB22),0)),"") | ED22: =IFERROR(INDEX($BK$4:$BK$17,MATCH(DW22,$BL$4:$BL$17,0),1),0) -> 0 | EE22: =IFERROR(IF(NOT(ED22=$CH$8),0,INDEX($BO$4:$BO$17,MATCH(DW22,$BL$4:$BL$17,0),1)),0) -> 0 | EF22: =IFERROR(IF(AND(LEFT(DJ22,3)="S/L",EH22=15),ROUND(DT22*0.5,0),IF(DJ22=$DJ$59,$DL$61,IF(DJ22=$DJ$64,$DL$66,ROUND(SUM(EH22/EG22)*DT22,0)))),"") | EG22: =IFERROR(DAY(EOMONTH(DK22,0)),"") | EH22: =EC22 | EJ22: =IF(DK22="","",TEXT(DK22,"MMM-YYYY")) | EP22: =IF($K$40=$EO$57,0,IF(AND(DK22>=EP$1,$DK22<=EQ$1),SUM(ROUND(EF22*$EQ$2%,0)-ROUND(EF22*$EP$2%,0)),0)) -> 0 | EQ22: =IF($K$40=$EO$57,0,IF(AND(DK22>=EP$1,$DK22<=EQ$1),ROUND(EP22*10%,0),0)) -> 0 | EU22: =IF($AR$44=$EO$57,0,IF(AND(DK22>=$EU$1,$DK22<=$EV$1),SUM(ROUND(EF22*$EV$2%,0)-ROUND(EF22*$EU$2%,0)),0)) -> 0 | EV22: =IF($AR$44=$EO$57,0,IF(AND(DK22>=$EU$1,$DK22<=$EV$1),ROUND(EU22*10%,0),0)) -> 0 | EZ22: =IF(AND(DK22>=$EZ$1,$DK22<=$FA$1),ROUND(EF22*$EY$2%,0),0) -> 0 | FA22: =IF(AND(DK22>=$EZ$1,$DK22<=$FA$1),ROUND(EF22*$FA$2%*10%,0)-(ROUND(EF22*$EZ$2%*10%,0)),0) -> 0 | FY22: 65361 | FZ22: 1330 | GA22: 1525 | GB22: 1700
B23: National Savings Certificate(NSC) | K23: =IF('Statement(edit)'!S4="CPS","",'Statement(edit)'!S4) | M23: 10000 | Q23: TS AAS (6/12/18/24 YEARS SCALES) SOFTWARE | X23: =DK21 | Y23: =DL21 | Z23: =DJ21 | AA23: =EF21 | AB23: =EP21 -> 0 | AC23: =EQ21 -> 0 | AD23: =AB23-AC23 -> 0 | CN23: 20 | CP23: 34580 | CQ23: 51320-127310 | CR23: 51320 | CS23: EHS | CV23: =TEXT(CW23,"mmm-yyyy") -> Oct-2026 | CW23: =EDATE(CW22,1) -> 46296 | CX23: =EOMONTH(CW23,0) -> 46326 | DA23: 1 | DB23: =IFERROR(BY4 - DAY(BY4) + 1,"") -> 45047 | DC23: =IFERROR(SMALL(($DA$15:$DA$19,$DB$15:$DB$19,$DC$15:$DC$19),CN4),"") -> 45047 | DE23: =IFERROR(MATCH(DF23,$DB$23:$DB$37,0),"") | DF23: =CW23 -> 46296 | DG23: =IF(OR($CU$3=$M$6,DE23=""),"","AGI") | DH23: =IFERROR(EOMONTH(DF23,0),"") -> 46326 | DI23: =IFERROR(IF(AND($CS$3=2,DJ23="AGI",INDEX($DJ$4:$DJ$56,MATCH($DR$1,$DJ$4:DJ23,0),1)=$DR$1),2,0),0) -> 0 | DJ23: =IFERROR(IF(AND(NOT($DE$51=""),DK23=$DE$51),$DG$51,IF(AND(NOT($DE$53=""),DK23=$DE$53),$DG$53,INDEX($DG$4:$DG$58,MATCH(DK23,$DF$4:$DF$58,0),1))),"") | DK23: =IFERROR(IF(SMALL($DF$4:$DF$58,CN23)>$CJ$2,"",SMALL($DF$4:$DF$58,CN23)),"") | DL23: =IF(AND(NOT($DE$51=""),DK23=$DE$51),$DH$51,IF(AND(NOT($DE$53=""),DK23=$DE$53),$DH$53,INDEX($DH$4:$DH$58,MATCH(DK23,$DF$4:$DF$58,0),1))) | DM23: =IF(DI23>0,DI23,IF(OR(AND($CS$3=2,DJ23="PRO"),OR(DJ23="AGI",LEFT(DJ23,3)="AGI",DJ23="AAS")),1,IF(AND($CS$3=1,DJ23="PRO"),2,0))) -> 0 | DN23: =IF(DN22=$CP$2,$CP$2,IF(DK23>=$DT$2,MAX($DU$2,INDEX($CP$4:$CP$89,MATCH(DN22,$CP$4:$CP$89,1)+DM23)),INDEX($CP$4:$CP$89,MATCH(DN22,$CP$4:$CP$89,1)+DM23))) -> 74770 | DO23: =IFERROR(INDEX($DQ$3:$DR$3,1,MATCH(DJ23,$DQ$1:$DR$1,0)),"") | DP23: =MAX(DP22,DN23:DO23) -> 74770 | DQ23: =IFERROR(IF(DO23="","",IF(SUM(MATCH(DP23,$CP$4:$CP$89,0)-MATCH(DP22,$CP$4:$CP$89,0))<=0,"",SUM(MATCH(DP23,$CP$4:$CP$89,0)-MATCH(DP22,$CP$4:$CP$89,0)))),"") | DS23: =IF(DQ23="",DM23,DQ23) -> 0 | DT23: =IF(DN22=$CP$2,$CP$2,IF(DK23>=$DT$2,MAX($DU$2,INDEX($CP$4:$CP$89,MATCH(DT22,$CP$4:$CP$89,1)+DS23)),INDEX($CP$4:$CP$89,MATCH(DT22,$CP$4:$CP$89,1)+DS23))) -> 74770 | DV23: =IF($N$13="","",IF(AND(NOT($DF$59=""),MATCH($DG$52,$DJ$4:$DJ$55,0)>0,DK23=$DE$51),"HRA-1",IF(AND(NOT($DG$52=""),DJ23=$DG$52),"HRA-2",IF(AND(NOT($DG$54=""),DJ23=$DG$54),"HRA-3","")))) | DW23: =IF(DK23="","",TEXT(DK23,"Dd-MM-YYYY")) | DX23: =IF(DL23="","",TEXT(DL23,"Dd-MM-YYYY")) | DY23: =IF(DW23="","",DATE(YEAR(DK23),MONTH(DK23),DAY(DK23))) | DZ23: =IF(DX23="","",DATE(YEAR(DL23),MONTH(DL23),DAY(DL23))) | EA23: =IFERROR(SUM(DZ23-DY23,0)+1,"") | EB23: =IFERROR(INDEX($BN$4:$BN$17,MATCH(DW23,$BL$4:$BL$17,0),1),0) -> 0 | EC23: =IFERROR(IF(EB23=0,EA23,MAX(IF(EB23=0.5,EA23/2,EA23+EB23),0)),"") | ED23: =IFERROR(INDEX($BK$4:$BK$17,MATCH(DW23,$BL$4:$BL$17,0),1),0) -> 0 | EE23: =IFERROR(IF(NOT(ED23=$CH$8),0,INDEX($BO$4:$BO$17,MATCH(DW23,$BL$4:$BL$17,0),1)),0) -> 0 | EF23: =IFERROR(IF(AND(LEFT(DJ23,3)="S/L",EH23=15),ROUND(DT23*0.5,0),IF(DJ23=$DJ$59,$DL$61,IF(DJ23=$DJ$64,$DL$66,ROUND(SUM(EH23/EG23)*DT23,0)))),"") | EG23: =IFERROR(DAY(EOMONTH(DK23,0)),"") | EH23: =EC23 | EJ23: =IF(DK23="","",TEXT(DK23,"MMM-YYYY")) | EP23: =IF($K$40=$EO$57,0,IF(AND(DK23>=EP$1,$DK23<=EQ$1),SUM(ROUND(EF23*$EQ$2%,0)-ROUND(EF23*$EP$2%,0)),0)) -> 0 | EQ23: =IF($K$40=$EO$57,0,IF(AND(DK23>=EP$1,$DK23<=EQ$1),ROUND(EP23*10%,0),0)) -> 0 | EU23: =IF($AR$44=$EO$57,0,IF(AND(DK23>=$EU$1,$DK23<=$EV$1),SUM(ROUND(EF23*$EV$2%,0)-ROUND(EF23*$EU$2%,0)),0)) -> 0 | EV23: =IF($AR$44=$EO$57,0,IF(AND(DK23>=$EU$1,$DK23<=$EV$1),ROUND(EU23*10%,0),0)) -> 0 | EZ23: =IF(AND(DK23>=$EZ$1,$DK23<=$FA$1),ROUND(EF23*$EY$2%,0),0) -> 0 | FA23: =IF(AND(DK23>=$EZ$1,$DK23<=$FA$1),ROUND(EF23*$FA$2%*10%,0)-(ROUND(EF23*$EZ$2%*10%,0)),0) -> 0 | FY23: 87481 | FZ23: 1375 | GA23: 1600 | GB23: 1800 | GL23: MAX
B24: PLI Annual Premuim | K24: APGLI Type | L24: APGLI | M24: 3000 | X24: =DK22 | Y24: =DL22 | Z24: =DJ22 | AA24: =EF22 | AB24: =EP22 -> 0 | AC24: =EQ22 -> 0 | AD24: =AB24-AC24 -> 0 | CN24: 21 | CP24: 35570 | CQ24: 54220-133630 | CR24: 54220 | CS24: 0 | CV24: =TEXT(CW24,"mmm-yyyy") -> Nov-2026 | CW24: =EDATE(CW23,1) -> 46327 | CX24: =EOMONTH(CW24,0) -> 46356 | DA24: 2 | DB24: =IFERROR(BY5 - DAY(BY5) + 1,"") -> 45413 | DC24: =IFERROR(SMALL(($DA$15:$DA$19,$DB$15:$DB$19,$DC$15:$DC$19),CN5),"") -> 45413 | DE24: =IFERROR(MATCH(DF24,$DB$23:$DB$37,0),"") | DF24: =CW24 -> 46327 | DG24: =IF(OR($CU$3=$M$6,DE24=""),"","AGI") | DH24: =IFERROR(EOMONTH(DF24,0),"") -> 46356 | DI24: =IFERROR(IF(AND($CS$3=2,DJ24="AGI",INDEX($DJ$4:$DJ$56,MATCH($DR$1,$DJ$4:DJ24,0),1)=$DR$1),2,0),0) -> 0 | DJ24: =IFERROR(IF(AND(NOT($DE$51=""),DK24=$DE$51),$DG$51,IF(AND(NOT($DE$53=""),DK24=$DE$53),$DG$53,INDEX($DG$4:$DG$58,MATCH(DK24,$DF$4:$DF$58,0),1))),"") | DK24: =IFERROR(IF(SMALL($DF$4:$DF$58,CN24)>$CJ$2,"",SMALL($DF$4:$DF$58,CN24)),"") | DL24: =IF(AND(NOT($DE$51=""),DK24=$DE$51),$DH$51,IF(AND(NOT($DE$53=""),DK24=$DE$53),$DH$53,INDEX($DH$4:$DH$58,MATCH(DK24,$DF$4:$DF$58,0),1))) | DM24: =IF(DI24>0,DI24,IF(OR(AND($CS$3=2,DJ24="PRO"),OR(DJ24="AGI",LEFT(DJ24,3)="AGI",DJ24="AAS")),1,IF(AND($CS$3=1,DJ24="PRO"),2,0))) -> 0 | DN24: =IF(DN23=$CP$2,$CP$2,IF(DK24>=$DT$2,MAX($DU$2,INDEX($CP$4:$CP$89,MATCH(DN23,$CP$4:$CP$89,1)+DM24)),INDEX($CP$4:$CP$89,MATCH(DN23,$CP$4:$CP$89,1)+DM24))) -> 74770 | DO24: =IFERROR(INDEX($DQ$3:$DR$3,1,MATCH(DJ24,$DQ$1:$DR$1,0)),"") | DP24: =MAX(DP23,DN24:DO24) -> 74770 | DQ24: =IFERROR(IF(DO24="","",IF(SUM(MATCH(DP24,$CP$4:$CP$89,0)-MATCH(DP23,$CP$4:$CP$89,0))<=0,"",SUM(MATCH(DP24,$CP$4:$CP$89,0)-MATCH(DP23,$CP$4:$CP$89,0)))),"") | DS24: =IF(DQ24="",DM24,DQ24) -> 0 | DT24: =IF(DN23=$CP$2,$CP$2,IF(DK24>=$DT$2,MAX($DU$2,INDEX($CP$4:$CP$89,MATCH(DT23,$CP$4:$CP$89,1)+DS24)),INDEX($CP$4:$CP$89,MATCH(DT23,$CP$4:$CP$89,1)+DS24))) -> 74770 | DV24: =IF($N$13="","",IF(AND(NOT($DF$59=""),MATCH($DG$52,$DJ$4:$DJ$55,0)>0,DK24=$DE$51),"HRA-1",IF(AND(NOT($DG$52=""),DJ24=$DG$52),"HRA-2",IF(AND(NOT($DG$54=""),DJ24=$DG$54),"HRA-3","")))) | DW24: =IF(DK24="","",TEXT(DK24,"Dd-MM-YYYY")) | DX24: =IF(DL24="","",TEXT(DL24,"Dd-MM-YYYY")) | DY24: =IF(DW24="","",DATE(YEAR(DK24),MONTH(DK24),DAY(DK24))) | DZ24: =IF(DX24="","",DATE(YEAR(DL24),MONTH(DL24),DAY(DL24))) | EA24: =IFERROR(SUM(DZ24-DY24,0)+1,"") | EB24: =IFERROR(INDEX($BN$4:$BN$17,MATCH(DW24,$BL$4:$BL$17,0),1),0) -> 0 | EC24: =IFERROR(IF(EB24=0,EA24,MAX(IF(EB24=0.5,EA24/2,EA24+EB24),0)),"") | ED24: =IFERROR(INDEX($BK$4:$BK$17,MATCH(DW24,$BL$4:$BL$17,0),1),0) -> 0 | EE24: =IFERROR(IF(NOT(ED24=$CH$8),0,INDEX($BO$4:$BO$17,MATCH(DW24,$BL$4:$BL$17,0),1)),0) -> 0 | EF24: =IFERROR(IF(AND(LEFT(DJ24,3)="S/L",EH24=15),ROUND(DT24*0.5,0),IF(DJ24=$DJ$59,$DL$61,IF(DJ24=$DJ$64,$DL$66,ROUND(SUM(EH24/EG24)*DT24,0)))),"") | EG24: =IFERROR(DAY(EOMONTH(DK24,0)),"") | EH24: =EC24 | EJ24: =IF(DK24="","",TEXT(DK24,"MMM-YYYY")) | EP24: =IF($K$40=$EO$57,0,IF(AND(DK24>=EP$1,$DK24<=EQ$1),SUM(ROUND(EF24*$EQ$2%,0)-ROUND(EF24*$EP$2%,0)),0)) -> 0 | EQ24: =IF($K$40=$EO$57,0,IF(AND(DK24>=EP$1,$DK24<=EQ$1),ROUND(EP24*10%,0),0)) -> 0 | EU24: =IF($AR$44=$EO$57,0,IF(AND(DK24>=$EU$1,$DK24<=$EV$1),SUM(ROUND(EF24*$EV$2%,0)-ROUND(EF24*$EU$2%,0)),0)) -> 0 | EV24: =IF($AR$44=$EO$57,0,IF(AND(DK24>=$EU$1,$DK24<=$EV$1),ROUND(EU24*10%,0),0)) -> 0 | EZ24: =IF(AND(DK24>=$EZ$1,$DK24<=$FA$1),ROUND(EF24*$EY$2%,0),0) -> 0 | FA24: =IF(AND(DK24>=$EZ$1,$DK24<=$FA$1),ROUND(EF24*$FA$2%*10%,0)-(ROUND(EF24*$EZ$2%*10%,0)),0) -> 0 | GI24: 1 | GJ24: 80C | GK24: Children Tution Fee | GL24: 150000
B25: LIC Annual Premiums Paid by Hand | K25: GIS | M25: 120 | Q25: PROMOTION FIXATION SOFTWARE ALL GOVT EMPLOYEES | X25: =DK23 | Y25: =DL23 | Z25: =DJ23 | AA25: =EF23 | AB25: =EP23 -> 0 | AC25: =EQ23 -> 0 | AD25: =AB25-AC25 -> 0 | CN25: 22 | CP25: 36560 | CQ25: 58850-137050 | CR25: 58850 | CS25: 90 | CV25: =TEXT(CW25,"mmm-yyyy") -> Dec-2026 | CW25: =EDATE(CW24,1) -> 46357 | CX25: =EOMONTH(CW25,0) -> 46387 | DA25: 3 | DB25: =IFERROR(BY6 - DAY(BY6) + 1,"") -> 45778 | DC25: =IFERROR(SMALL(($DA$15:$DA$19,$DB$15:$DB$19,$DC$15:$DC$19),CN6),"") -> 45778 | DE25: =IFERROR(MATCH(DF25,$DB$23:$DB$37,0),"") | DF25: =CW25 -> 46357 | DG25: =IF(OR($CU$3=$M$6,DE25=""),"","AGI") | DH25: =IFERROR(EOMONTH(DF25,0),"") -> 46387 | DI25: =IFERROR(IF(AND($CS$3=2,DJ25="AGI",INDEX($DJ$4:$DJ$56,MATCH($DR$1,$DJ$4:DJ25,0),1)=$DR$1),2,0),0) -> 0 | DJ25: =IFERROR(IF(AND(NOT($DE$51=""),DK25=$DE$51),$DG$51,IF(AND(NOT($DE$53=""),DK25=$DE$53),$DG$53,INDEX($DG$4:$DG$58,MATCH(DK25,$DF$4:$DF$58,0),1))),"") | DK25: =IFERROR(IF(SMALL($DF$4:$DF$58,CN25)>$CJ$2,"",SMALL($DF$4:$DF$58,CN25)),"") | DL25: =IF(AND(NOT($DE$51=""),DK25=$DE$51),$DH$51,IF(AND(NOT($DE$53=""),DK25=$DE$53),$DH$53,INDEX($DH$4:$DH$58,MATCH(DK25,$DF$4:$DF$58,0),1))) | DM25: =IF(DI25>0,DI25,IF(OR(AND($CS$3=2,DJ25="PRO"),OR(DJ25="AGI",LEFT(DJ25,3)="AGI",DJ25="AAS")),1,IF(AND($CS$3=1,DJ25="PRO"),2,0))) -> 0 | DN25: =IF(DN24=$CP$2,$CP$2,IF(DK25>=$DT$2,MAX($DU$2,INDEX($CP$4:$CP$89,MATCH(DN24,$CP$4:$CP$89,1)+DM25)),INDEX($CP$4:$CP$89,MATCH(DN24,$CP$4:$CP$89,1)+DM25))) -> 74770 | DO25: =IFERROR(INDEX($DQ$3:$DR$3,1,MATCH(DJ25,$DQ$1:$DR$1,0)),"") | DP25: =MAX(DP24,DN25:DO25) -> 74770 | DQ25: =IFERROR(IF(DO25="","",IF(SUM(MATCH(DP25,$CP$4:$CP$89,0)-MATCH(DP24,$CP$4:$CP$89,0))<=0,"",SUM(MATCH(DP25,$CP$4:$CP$89,0)-MATCH(DP24,$CP$4:$CP$89,0)))),"") | DS25: =IF(DQ25="",DM25,DQ25) -> 0 | DT25: =IF(DN24=$CP$2,$CP$2,IF(DK25>=$DT$2,MAX($DU$2,INDEX($CP$4:$CP$89,MATCH(DT24,$CP$4:$CP$89,1)+DS25)),INDEX($CP$4:$CP$89,MATCH(DT24,$CP$4:$CP$89,1)+DS25))) -> 74770 | DV25: =IF($N$13="","",IF(AND(NOT($DF$59=""),MATCH($DG$52,$DJ$4:$DJ$55,0)>0,DK25=$DE$51),"HRA-1",IF(AND(NOT($DG$52=""),DJ25=$DG$52),"HRA-2",IF(AND(NOT($DG$54=""),DJ25=$DG$54),"HRA-3","")))) | DW25: =IF(DK25="","",TEXT(DK25,"Dd-MM-YYYY")) | DX25: =IF(DL25="","",TEXT(DL25,"Dd-MM-YYYY")) | DY25: =IF(DW25="","",DATE(YEAR(DK25),MONTH(DK25),DAY(DK25))) | DZ25: =IF(DX25="","",DATE(YEAR(DL25),MONTH(DL25),DAY(DL25))) | EA25: =IFERROR(SUM(DZ25-DY25,0)+1,"") | EB25: =IFERROR(INDEX($BN$4:$BN$17,MATCH(DW25,$BL$4:$BL$17,0),1),0) -> 0 | EC25: =IFERROR(IF(EB25=0,EA25,MAX(IF(EB25=0.5,EA25/2,EA25+EB25),0)),"") | ED25: =IFERROR(INDEX($BK$4:$BK$17,MATCH(DW25,$BL$4:$BL$17,0),1),0) -> 0 | EE25: =IFERROR(IF(NOT(ED25=$CH$8),0,INDEX($BO$4:$BO$17,MATCH(DW25,$BL$4:$BL$17,0),1)),0) -> 0 | EF25: =IFERROR(IF(AND(LEFT(DJ25,3)="S/L",EH25=15),ROUND(DT25*0.5,0),IF(DJ25=$DJ$59,$DL$61,IF(DJ25=$DJ$64,$DL$66,ROUND(SUM(EH25/EG25)*DT25,0)))),"") | EG25: =IFERROR(DAY(EOMONTH(DK25,0)),"") | EH25: =EC25 | EJ25: =IF(DK25="","",TEXT(DK25,"MMM-YYYY")) | EP25: =IF($K$40=$EO$57,0,IF(AND(DK25>=EP$1,$DK25<=EQ$1),SUM(ROUND(EF25*$EQ$2%,0)-ROUND(EF25*$EP$2%,0)),0)) -> 0 | EQ25: =IF($K$40=$EO$57,0,IF(AND(DK25>=EP$1,$DK25<=EQ$1),ROUND(EP25*10%,0),0)) -> 0 | EU25: =IF($AR$44=$EO$57,0,IF(AND(DK25>=$EU$1,$DK25<=$EV$1),SUM(ROUND(EF25*$EV$2%,0)-ROUND(EF25*$EU$2%,0)),0)) -> 0 | EV25: =IF($AR$44=$EO$57,0,IF(AND(DK25>=$EU$1,$DK25<=$EV$1),ROUND(EU25*10%,0),0)) -> 0 | EZ25: =IF(AND(DK25>=$EZ$1,$DK25<=$FA$1),ROUND(EF25*$EY$2%,0),0) -> 0 | FA25: =IF(AND(DK25>=$EZ$1,$DK25<=$FA$1),ROUND(EF25*$FA$2%*10%,0)-(ROUND(EF25*$EZ$2%*10%,0)),0) -> 0 | FY25: HRA | GA25: CCA | GB25: AHRA | GC25: SCA | GD25: =K19 -> Reader Allowance | GE25: =K20 -> Uniform Allowance | GF25: =K21 -> Others | GI25: 2 | GJ25: 80C | GK25: Repayment of Home Loan Premium (principal component) | GL25: 150000
B26: Any other deductable (u/s 80C) | K26: LIC | X26: =DK24 | Y26: =DL24 | Z26: =DJ24 | AA26: =EF24 | AB26: =EP24 -> 0 | AC26: =EQ24 -> 0 | AD26: =AB26-AC26 -> 0 | CI26: DATE | CJ26: =LEFT(M13,FIND(".",M13)-1) -> 01 | CK26: =TRIM(LEFT(SUBSTITUTE(MID(M13,FIND("|",SUBSTITUTE(M13,".","|",1))+1,LEN(M13)),".",REPT(" ",LEN(M13))),LEN(M13))) -> 03 | CL26: =TRIM(LEFT(SUBSTITUTE(MID(M13,FIND("|",SUBSTITUTE(M13,".","|",2))+1,LEN(M13)),".",REPT(" ",LEN(M13))),LEN(M13))) -> 2025 | CM26: =IFERROR(DATE(CL26,CK26,CJ26),DATE(CH2,3,1)) -> 45717 | CN26: 23 | CP26: 37640 | CQ26: 62110-140470 | CR26: 62110 | CS26: 120 | CV26: =TEXT(CW26,"mmm-yyyy") -> Jan-2027 | CW26: =EDATE(CW25,1) -> 46388 | CX26: =EOMONTH(CW26,0) -> 46418 | DA26: 4 | DB26: =IFERROR(BY7 - DAY(BY7) + 1,"") -> 46143 | DC26: =IFERROR(SMALL(($DA$15:$DA$19,$DB$15:$DB$19,$DC$15:$DC$19),CN7),"") -> 46143 | DE26: =IFERROR(MATCH(DF26,$DB$23:$DB$37,0),"") | DF26: =CW26 -> 46388 | DG26: =IF(OR($CU$3=$M$6,DE26=""),"","AGI") | DH26: =IFERROR(EOMONTH(DF26,0),"") -> 46418 | DI26: =IFERROR(IF(AND($CS$3=2,DJ26="AGI",INDEX($DJ$4:$DJ$56,MATCH($DR$1,$DJ$4:DJ26,0),1)=$DR$1),2,0),0) -> 0 | DJ26: =IFERROR(IF(AND(NOT($DE$51=""),DK26=$DE$51),$DG$51,IF(AND(NOT($DE$53=""),DK26=$DE$53),$DG$53,INDEX($DG$4:$DG$58,MATCH(DK26,$DF$4:$DF$58,0),1))),"") | DK26: =IFERROR(IF(SMALL($DF$4:$DF$58,CN26)>$CJ$2,"",SMALL($DF$4:$DF$58,CN26)),"") | DL26: =IF(AND(NOT($DE$51=""),DK26=$DE$51),$DH$51,IF(AND(NOT($DE$53=""),DK26=$DE$53),$DH$53,INDEX($DH$4:$DH$58,MATCH(DK26,$DF$4:$DF$58,0),1))) | DM26: =IF(DI26>0,DI26,IF(OR(AND($CS$3=2,DJ26="PRO"),OR(DJ26="AGI",LEFT(DJ26,3)="AGI",DJ26="AAS")),1,IF(AND($CS$3=1,DJ26="PRO"),2,0))) -> 0 | DN26: =IF(DN25=$CP$2,$CP$2,IF(DK26>=$DT$2,MAX($DU$2,INDEX($CP$4:$CP$89,MATCH(DN25,$CP$4:$CP$89,1)+DM26)),INDEX($CP$4:$CP$89,MATCH(DN25,$CP$4:$CP$89,1)+DM26))) -> 74770 | DO26: =IFERROR(INDEX($DQ$3:$DR$3,1,MATCH(DJ26,$DQ$1:$DR$1,0)),"") | DP26: =MAX(DP25,DN26:DO26) -> 74770 | DQ26: =IFERROR(IF(DO26="","",IF(SUM(MATCH(DP26,$CP$4:$CP$89,0)-MATCH(DP25,$CP$4:$CP$89,0))<=0,"",SUM(MATCH(DP26,$CP$4:$CP$89,0)-MATCH(DP25,$CP$4:$CP$89,0)))),"") | DS26: =IF(DQ26="",DM26,DQ26) -> 0 | DT26: =IF(DN25=$CP$2,$CP$2,IF(DK26>=$DT$2,MAX($DU$2,INDEX($CP$4:$CP$89,MATCH(DT25,$CP$4:$CP$89,1)+DS26)),INDEX($CP$4:$CP$89,MATCH(DT25,$CP$4:$CP$89,1)+DS26))) -> 74770 | DV26: =IF($N$13="","",IF(AND(NOT($DF$59=""),MATCH($DG$52,$DJ$4:$DJ$55,0)>0,DK26=$DE$51),"HRA-1",IF(AND(NOT($DG$52=""),DJ26=$DG$52),"HRA-2",IF(AND(NOT($DG$54=""),DJ26=$DG$54),"HRA-3","")))) | DW26: =IF(DK26="","",TEXT(DK26,"Dd-MM-YYYY")) | DX26: =IF(DL26="","",TEXT(DL26,"Dd-MM-YYYY")) | DY26: =IF(DW26="","",DATE(YEAR(DK26),MONTH(DK26),DAY(DK26))) | DZ26: =IF(DX26="","",DATE(YEAR(DL26),MONTH(DL26),DAY(DL26))) | EA26: =IFERROR(SUM(DZ26-DY26,0)+1,"") | EB26: =IFERROR(INDEX($BN$4:$BN$17,MATCH(DW26,$BL$4:$BL$17,0),1),0) -> 0 | EC26: =IFERROR(IF(EB26=0,EA26,MAX(IF(EB26=0.5,EA26/2,EA26+EB26),0)),"") | ED26: =IFERROR(INDEX($BK$4:$BK$17,MATCH(DW26,$BL$4:$BL$17,0),1),0) -> 0 | EE26: =IFERROR(IF(NOT(ED26=$CH$8),0,INDEX($BO$4:$BO$17,MATCH(DW26,$BL$4:$BL$17,0),1)),0) -> 0 | EF26: =IFERROR(IF(AND(LEFT(DJ26,3)="S/L",EH26=15),ROUND(DT26*0.5,0),IF(DJ26=$DJ$59,$DL$61,IF(DJ26=$DJ$64,$DL$66,ROUND(SUM(EH26/EG26)*DT26,0)))),"") | EG26: =IFERROR(DAY(EOMONTH(DK26,0)),"") | EH26: =EC26 | EJ26: =IF(DK26="","",TEXT(DK26,"MMM-YYYY")) | EP26: =IF($K$40=$EO$57,0,IF(AND(DK26>=EP$1,$DK26<=EQ$1),SUM(ROUND(EF26*$EQ$2%,0)-ROUND(EF26*$EP$2%,0)),0)) -> 0 | EQ26: =IF($K$40=$EO$57,0,IF(AND(DK26>=EP$1,$DK26<=EQ$1),ROUND(EP26*10%,0),0)) -> 0 | EU26: =IF($AR$44=$EO$57,0,IF(AND(DK26>=$EU$1,$DK26<=$EV$1),SUM(ROUND(EF26*$EV$2%,0)-ROUND(EF26*$EU$2%,0)),0)) -> 0 | EV26: =IF($AR$44=$EO$57,0,IF(AND(DK26>=$EU$1,$DK26<=$EV$1),ROUND(EU26*10%,0),0)) -> 0 | EZ26: =IF(AND(DK26>=$EZ$1,$DK26<=$FA$1),ROUND(EF26*$EY$2%,0),0) -> 0 | FA26: =IF(AND(DK26>=$EZ$1,$DK26<=$FA$1),ROUND(EF26*$FA$2%*10%,0)-(ROUND(EF26*$EZ$2%*10%,0)),0) -> 0 | FY26: =CW4 -> 45717 | FZ26: =M15 -> 10 | GA26: =IF(OR(FY26="",M16=$FY$10),0,MATCH(M16,$FZ$10:$GB$10,0)) -> 0 | GB26: =IF(M18="Yes",8,0) -> 0 | GC26: =IF(OR(FY26="",M17=FY17),0,MATCH(M17,FZ17:GB17,0)) -> 0 | GD26: =M19 -> 0 | GE26: =M20 -> 0 | GF26: =M21 -> 0 | GI26: 3 | GJ26: 80C | GK26: National Savings Certificate(NSC) | GL26: 150000
A27: OTHER SEC DEDUCTION | B27: SELECT OTHER DEDUCTION (e.g. 80E, 80G, 80U, etc.) under Chapter VI-A | I27: Rupees | J27: Max Allowed | K27: EHS | M27: 0 | Q27: Medical Reimbursement Proposal for working,retire & death | X27: =DK25 | Y27: =DL25 | Z27: =DJ25 | AA27: =EF25 | AB27: =EP25 -> 0 | AC27: =EQ25 -> 0 | AD27: =AB27-AC27 -> 0 | CH27: =IFERROR(IF(N15="","",IF(AND(N15=$CS$36,N16=$FY$10,N17=$FY$17,N18=$CS$9,OR(M19=N19,N19=""),OR(M20=N20,N20=""),OR(M21=N21,N21="")),"",1)),"") -> 1 | CI27: change date | CJ27: =LEFT(N13,FIND(".",N13)-1) -> #VALUE! | CK27: =TRIM(LEFT(SUBSTITUTE(MID(N13,FIND("|",SUBSTITUTE(N13,".","|",1))+1,LEN(N13)),".",REPT(" ",LEN(N13))),LEN(N13))) -> #VALUE! | CL27: =TRIM(LEFT(SUBSTITUTE(MID(N13,FIND("|",SUBSTITUTE(N13,".","|",2))+1,LEN(N13)),".",REPT(" ",LEN(N13))),LEN(N13))) -> #VALUE! | CM27: =IFERROR(IF(CH27="","",IF(AND(ISERROR(DATE(CL27,CK27,CJ27)),NOT(N13="")),DATE(YEAR(N13),MONTH(N13),DAY(N13)),DATE(CL27,CK27,CJ27))),"") | CN27: 24 | CP27: 38720 | CQ27: 67300-143890 | CR27: 67300 | CS27: 225 | CV27: =TEXT(CW27,"mmm-yyyy") -> Feb-2027 | CW27: =EDATE(CW26,1) -> 46419 | CX27: =EOMONTH(CW27,0) -> 46446 | DA27: 5 | DB27: =IFERROR(BY8 - DAY(BY8) + 1,"") | DC27: =IFERROR(SMALL(($DA$15:$DA$19,$DB$15:$DB$19,$DC$15:$DC$19),CN8),"") | DE27: =IFERROR(MATCH(DF27,$DB$23:$DB$37,0),"") | DF27: =CW27 -> 46419 | DG27: =IF(OR($CU$3=$M$6,DE27=""),"","AGI") | DH27: =IFERROR(EOMONTH(DF27,0),"") -> 46446 | DI27: =IFERROR(IF(AND($CS$3=2,DJ27="AGI",INDEX($DJ$4:$DJ$56,MATCH($DR$1,$DJ$4:DJ27,0),1)=$DR$1),2,0),0) -> 0 | DJ27: =IFERROR(IF(AND(NOT($DE$51=""),DK27=$DE$51),$DG$51,IF(AND(NOT($DE$53=""),DK27=$DE$53),$DG$53,INDEX($DG$4:$DG$58,MATCH(DK27,$DF$4:$DF$58,0),1))),"") | DK27: =IFERROR(IF(SMALL($DF$4:$DF$58,CN27)>$CJ$2,"",SMALL($DF$4:$DF$58,CN27)),"") | DL27: =IF(AND(NOT($DE$51=""),DK27=$DE$51),$DH$51,IF(AND(NOT($DE$53=""),DK27=$DE$53),$DH$53,INDEX($DH$4:$DH$58,MATCH(DK27,$DF$4:$DF$58,0),1))) | DM27: =IF(DI27>0,DI27,IF(OR(AND($CS$3=2,DJ27="PRO"),OR(DJ27="AGI",LEFT(DJ27,3)="AGI",DJ27="AAS")),1,IF(AND($CS$3=1,DJ27="PRO"),2,0))) -> 0 | DN27: =IF(DN26=$CP$2,$CP$2,IF(DK27>=$DT$2,MAX($DU$2,INDEX($CP$4:$CP$89,MATCH(DN26,$CP$4:$CP$89,1)+DM27)),INDEX($CP$4:$CP$89,MATCH(DN26,$CP$4:$CP$89,1)+DM27))) -> 74770 | DO27: =IFERROR(INDEX($DQ$3:$DR$3,1,MATCH(DJ27,$DQ$1:$DR$1,0)),"") | DP27: =MAX(DP26,DN27:DO27) -> 74770 | DQ27: =IFERROR(IF(DO27="","",IF(SUM(MATCH(DP27,$CP$4:$CP$89,0)-MATCH(DP26,$CP$4:$CP$89,0))<=0,"",SUM(MATCH(DP27,$CP$4:$CP$89,0)-MATCH(DP26,$CP$4:$CP$89,0)))),"") | DS27: =IF(DQ27="",DM27,DQ27) -> 0 | DT27: =IF(DN26=$CP$2,$CP$2,IF(DK27>=$DT$2,MAX($DU$2,INDEX($CP$4:$CP$89,MATCH(DT26,$CP$4:$CP$89,1)+DS27)),INDEX($CP$4:$CP$89,MATCH(DT26,$CP$4:$CP$89,1)+DS27))) -> 74770 | DV27: =IF($N$13="","",IF(AND(NOT($DF$59=""),MATCH($DG$52,$DJ$4:$DJ$55,0)>0,DK27=$DE$51),"HRA-1",IF(AND(NOT($DG$52=""),DJ27=$DG$52),"HRA-2",IF(AND(NOT($DG$54=""),DJ27=$DG$54),"HRA-3","")))) | DW27: =IF(DK27="","",TEXT(DK27,"Dd-MM-YYYY")) | DX27: =IF(DL27="","",TEXT(DL27,"Dd-MM-YYYY")) | DY27: =IF(DW27="","",DATE(YEAR(DK27),MONTH(DK27),DAY(DK27))) | DZ27: =IF(DX27="","",DATE(YEAR(DL27),MONTH(DL27),DAY(DL27))) | EA27: =IFERROR(SUM(DZ27-DY27,0)+1,"") | EB27: =IFERROR(INDEX($BN$4:$BN$17,MATCH(DW27,$BL$4:$BL$17,0),1),0) -> 0 | EC27: =IFERROR(IF(EB27=0,EA27,MAX(IF(EB27=0.5,EA27/2,EA27+EB27),0)),"") | ED27: =IFERROR(INDEX($BK$4:$BK$17,MATCH(DW27,$BL$4:$BL$17,0),1),0) -> 0 | EE27: =IFERROR(IF(NOT(ED27=$CH$8),0,INDEX($BO$4:$BO$17,MATCH(DW27,$BL$4:$BL$17,0),1)),0) -> 0 | EF27: =IFERROR(IF(AND(LEFT(DJ27,3)="S/L",EH27=15),ROUND(DT27*0.5,0),IF(DJ27=$DJ$59,$DL$61,IF(DJ27=$DJ$64,$DL$66,ROUND(SUM(EH27/EG27)*DT27,0)))),"") | EG27: =IFERROR(DAY(EOMONTH(DK27,0)),"") | EH27: =EC27 | EJ27: =IF(DK27="","",TEXT(DK27,"MMM-YYYY")) | EP27: =IF($K$40=$EO$57,0,IF(AND(DK27>=EP$1,$DK27<=EQ$1),SUM(ROUND(EF27*$EQ$2%,0)-ROUND(EF27*$EP$2%,0)),0)) -> 0 | EQ27: =IF($K$40=$EO$57,0,IF(AND(DK27>=EP$1,$DK27<=EQ$1),ROUND(EP27*10%,0),0)) -> 0 | EU27: =IF($AR$44=$EO$57,0,IF(AND(DK27>=$EU$1,$DK27<=$EV$1),SUM(ROUND(EF27*$EV$2%,0)-ROUND(EF27*$EU$2%,0)),0)) -> 0 | EV27: =IF($AR$44=$EO$57,0,IF(AND(DK27>=$EU$1,$DK27<=$EV$1),ROUND(EU27*10%,0),0)) -> 0 | EZ27: =IF(AND(DK27>=$EZ$1,$DK27<=$FA$1),ROUND(EF27*$EY$2%,0),0) -> 0 | FA27: =IF(AND(DK27>=$EZ$1,$DK27<=$FA$1),ROUND(EF27*$FA$2%*10%,0)-(ROUND(EF27*$EZ$2%*10%,0)),0) -> 0 | FY27: =CM26+0.00002 -> 45717 | FZ27: =FZ26 -> 10 | GA27: =GA26 -> 0 | GB27: =GB26 -> 0 | GC27: =GC26 -> 0 | GD27: =GD26 -> 0 | GE27: =GE26 -> 0 | GF27: =GF26 -> 0 | GI27: 4 | GJ27: 80C | GK27: LIC Annual Premiums Paid by Hand | GL27: 150000
B28: Home loan interest(1st home,stamp value<=45 lacks,loan in Apr,2019 to Mar,2022) | J28: =IF(Sections!P46=1,"",IFERROR(200000+INDEX(Sections!$U$48:$U$49,MATCH(DATA!B28,Sections!$P$48:$P$49,0),1),200000)) -> 350000 | K28: Other Deduction | X28: =DK26 | Y28: =DL26 | Z28: =DJ26 | AA28: =EF26 | AB28: =EP26 -> 0 | AC28: =EQ26 -> 0 | AD28: =AB28-AC28 -> 0 | CH28: =IFERROR(IF(OR(O15="",N13=""),"",IF(AND(O15=$CS$36,O16=$FY$10,O17=$FY$17,O18=$CS$9,OR(N19=O19,O19=""),OR(N20=O20,O20=""),OR(N21=O21,O21="")),"",1)),"") | CI28: change date | CJ28: =LEFT(O13,FIND(".",O13)-1) -> #VALUE! | CK28: =TRIM(LEFT(SUBSTITUTE(MID(O13,FIND("|",SUBSTITUTE(O13,".","|",1))+1,LEN(O13)),".",REPT(" ",LEN(O13))),LEN(O13))) -> #VALUE! | CL28: =TRIM(LEFT(SUBSTITUTE(MID(O13,FIND("|",SUBSTITUTE(O13,".","|",2))+1,LEN(O13)),".",REPT(" ",LEN(O13))),LEN(O13))) -> #VALUE! | CM28: =IFERROR(IF(CH28="","",IF(AND(ISERROR(DATE(CL28,CK28,CJ28)),NOT(O13="")),DATE(YEAR(O13),MONTH(O13),DAY(O13)),DATE(CL28,CK28,CJ28))),"") | CN28: 25 | CP28: 39800 | CQ28: 72850-147310 | CR28: 72850 | CS28: 300 | CV28: =TEXT(CW28,"mmm-yyyy") -> Mar-2027 | CW28: =EDATE(CW27,1) -> 46447 | CX28: =EOMONTH(CW28,0) -> 46477 | DA28: 6 | DB28: =IFERROR(BY9 - DAY(BY9) + 1,"") | DC28: =IFERROR(SMALL(($DA$15:$DA$19,$DB$15:$DB$19,$DC$15:$DC$19),CN9),"") | DE28: =IFERROR(MATCH(DF28,$DB$23:$DB$37,0),"") | DF28: =CW28 -> 46447 | DG28: =IF(OR($CU$3=$M$6,DE28=""),"","AGI") | DH28: =IFERROR(EOMONTH(DF28,0),"") -> 46477 | DI28: =IFERROR(IF(AND($CS$3=2,DJ28="AGI",INDEX($DJ$4:$DJ$56,MATCH($DR$1,$DJ$4:DJ28,0),1)=$DR$1),2,0),0) -> 0 | DJ28: =IFERROR(IF(AND(NOT($DE$51=""),DK28=$DE$51),$DG$51,IF(AND(NOT($DE$53=""),DK28=$DE$53),$DG$53,INDEX($DG$4:$DG$58,MATCH(DK28,$DF$4:$DF$58,0),1))),"") | DK28: =IFERROR(IF(SMALL($DF$4:$DF$58,CN28)>$CJ$2,"",SMALL($DF$4:$DF$58,CN28)),"") | DL28: =IF(AND(NOT($DE$51=""),DK28=$DE$51),$DH$51,IF(AND(NOT($DE$53=""),DK28=$DE$53),$DH$53,INDEX($DH$4:$DH$58,MATCH(DK28,$DF$4:$DF$58,0),1))) | DM28: =IF(DI28>0,DI28,IF(OR(AND($CS$3=2,DJ28="PRO"),OR(DJ28="AGI",LEFT(DJ28,3)="AGI",DJ28="AAS")),1,IF(AND($CS$3=1,DJ28="PRO"),2,0))) -> 0 | DN28: =IF(DN27=$CP$2,$CP$2,IF(DK28>=$DT$2,MAX($DU$2,INDEX($CP$4:$CP$89,MATCH(DN27,$CP$4:$CP$89,1)+DM28)),INDEX($CP$4:$CP$89,MATCH(DN27,$CP$4:$CP$89,1)+DM28))) -> 74770 | DO28: =IFERROR(INDEX($DQ$3:$DR$3,1,MATCH(DJ28,$DQ$1:$DR$1,0)),"") | DP28: =MAX(DP27,DN28:DO28) -> 74770 | DQ28: =IFERROR(IF(DO28="","",IF(SUM(MATCH(DP28,$CP$4:$CP$89,0)-MATCH(DP27,$CP$4:$CP$89,0))<=0,"",SUM(MATCH(DP28,$CP$4:$CP$89,0)-MATCH(DP27,$CP$4:$CP$89,0)))),"") | DS28: =IF(DQ28="",DM28,DQ28) -> 0 | DT28: =IF(DN27=$CP$2,$CP$2,IF(DK28>=$DT$2,MAX($DU$2,INDEX($CP$4:$CP$89,MATCH(DT27,$CP$4:$CP$89,1)+DS28)),INDEX($CP$4:$CP$89,MATCH(DT27,$CP$4:$CP$89,1)+DS28))) -> 74770 | DV28: =IF($N$13="","",IF(AND(NOT($DF$59=""),MATCH($DG$52,$DJ$4:$DJ$55,0)>0,DK28=$DE$51),"HRA-1",IF(AND(NOT($DG$52=""),DJ28=$DG$52),"HRA-2",IF(AND(NOT($DG$54=""),DJ28=$DG$54),"HRA-3","")))) | DW28: =IF(DK28="","",TEXT(DK28,"Dd-MM-YYYY")) | DX28: =IF(DL28="","",TEXT(DL28,"Dd-MM-YYYY")) | DY28: =IF(DW28="","",DATE(YEAR(DK28),MONTH(DK28),DAY(DK28))) | DZ28: =IF(DX28="","",DATE(YEAR(DL28),MONTH(DL28),DAY(DL28))) | EA28: =IFERROR(SUM(DZ28-DY28,0)+1,"") | EB28: =IFERROR(INDEX($BN$4:$BN$17,MATCH(DW28,$BL$4:$BL$17,0),1),0) -> 0 | EC28: =IFERROR(IF(EB28=0,EA28,MAX(IF(EB28=0.5,EA28/2,EA28+EB28),0)),"") | ED28: =IFERROR(INDEX($BK$4:$BK$17,MATCH(DW28,$BL$4:$BL$17,0),1),0) -> 0 | EE28: =IFERROR(IF(NOT(ED28=$CH$8),0,INDEX($BO$4:$BO$17,MATCH(DW28,$BL$4:$BL$17,0),1)),0) -> 0 | EF28: =IFERROR(IF(AND(LEFT(DJ28,3)="S/L",EH28=15),ROUND(DT28*0.5,0),IF(DJ28=$DJ$59,$DL$61,IF(DJ28=$DJ$64,$DL$66,ROUND(SUM(EH28/EG28)*DT28,0)))),"") | EG28: =IFERROR(DAY(EOMONTH(DK28,0)),"") | EH28: =EC28 | EJ28: =IF(DK28="","",TEXT(DK28,"MMM-YYYY")) | EP28: =IF($K$40=$EO$57,0,IF(AND(DK28>=EP$1,$DK28<=EQ$1),SUM(ROUND(EF28*$EQ$2%,0)-ROUND(EF28*$EP$2%,0)),0)) -> 0 | EQ28: =IF($K$40=$EO$57,0,IF(AND(DK28>=EP$1,$DK28<=EQ$1),ROUND(EP28*10%,0),0)) -> 0 | EU28: =IF($AR$44=$EO$57,0,IF(AND(DK28>=$EU$1,$DK28<=$EV$1),SUM(ROUND(EF28*$EV$2%,0)-ROUND(EF28*$EU$2%,0)),0)) -> 0 | EV28: =IF($AR$44=$EO$57,0,IF(AND(DK28>=$EU$1,$DK28<=$EV$1),ROUND(EU28*10%,0),0)) -> 0 | EZ28: =IF(AND(DK28>=$EZ$1,$DK28<=$FA$1),ROUND(EF28*$EY$2%,0),0) -> 0 | FA28: =IF(AND(DK28>=$EZ$1,$DK28<=$FA$1),ROUND(EF28*$FA$2%*10%,0)-(ROUND(EF28*$EZ$2%*10%,0)),0) -> 0 | FY28: =IF(N13="","",CM27) | FZ28: =IF(OR(N15="",$N$15=CS36),M15,N15) -> 12 | GA28: =IF(OR(FY28="",N16=$FY$10),0,MATCH(N16,$FZ$10:$GB$10,0)) -> 0 | GB28: =IF(N18="Yes",8,0) -> 8 | GC28: =IF(OR(FY28="",N17=$FY$17),0,MATCH(N17,$FZ$17:$GB$17,0)) -> 0 | GD28: =IF(N19="",GD27,N19) -> 0 | GE28: =IF(N20="",GE27,N20) -> 0 | GF28: =IF(N21="",GF27,N21) -> 0 | GI28: 5 | GJ28: 80C | GK28: PLI Annual Premuim | GL28: 150000
B29: 80E-Interest on Educational Loan | J29: =IFERROR(IF(I29="","",INDEX(Sections!$S$36:$S$42,MATCH(DATA!B29,Sections!$P$36:$P$42,0),0)),"") | Q29: GPF LOAN AND PART FINAL SOFTWARE | X29: =DK27 | Y29: =DL27 | Z29: =DJ27 | AA29: =EF27 | AB29: =EP27 -> 0 | AC29: =EQ27 -> 0 | AD29: =AB29-AC29 -> 0 | CN29: 26 | CP29: 40970 | CQ29: 76830-151000 | CR29: 76830 | CV29: =TEXT(CW29,"mmm-yyyy") -> Apr-2027 | CW29: =EDATE(CW28,1) -> 46478 | CX29: =EOMONTH(CW29,0) -> 46507 | DA29: 7 | DB29: =IFERROR(BY10 - DAY(BY10) + 1,"") | DC29: =IFERROR(SMALL(($DA$15:$DA$19,$DB$15:$DB$19,$DC$15:$DC$19),CN10),"") | DE29: =IFERROR(MATCH(DF29,$DB$23:$DB$37,0),"") | DF29: =CW29 -> 46478 | DG29: =IF(OR($CU$3=$M$6,DE29=""),"","AGI") | DH29: =IFERROR(EOMONTH(DF29,0),"") -> 46507 | DI29: =IFERROR(IF(AND($CS$3=2,DJ29="AGI",INDEX($DJ$4:$DJ$56,MATCH($DR$1,$DJ$4:DJ29,0),1)=$DR$1),2,0),0) -> 0 | DJ29: =IFERROR(IF(AND(NOT($DE$51=""),DK29=$DE$51),$DG$51,IF(AND(NOT($DE$53=""),DK29=$DE$53),$DG$53,INDEX($DG$4:$DG$58,MATCH(DK29,$DF$4:$DF$58,0),1))),"") | DK29: =IFERROR(IF(SMALL($DF$4:$DF$58,CN29)>$CJ$2,"",SMALL($DF$4:$DF$58,CN29)),"") | DL29: =IF(AND(NOT($DE$51=""),DK29=$DE$51),$DH$51,IF(AND(NOT($DE$53=""),DK29=$DE$53),$DH$53,INDEX($DH$4:$DH$58,MATCH(DK29,$DF$4:$DF$58,0),1))) | DM29: =IF(DI29>0,DI29,IF(OR(AND($CS$3=2,DJ29="PRO"),OR(DJ29="AGI",LEFT(DJ29,3)="AGI",DJ29="AAS")),1,IF(AND($CS$3=1,DJ29="PRO"),2,0))) -> 0 | DN29: =IF(DN28=$CP$2,$CP$2,IF(DK29>=$DT$2,MAX($DU$2,INDEX($CP$4:$CP$89,MATCH(DN28,$CP$4:$CP$89,1)+DM29)),INDEX($CP$4:$CP$89,MATCH(DN28,$CP$4:$CP$89,1)+DM29))) -> 74770 | DO29: =IFERROR(INDEX($DQ$3:$DR$3,1,MATCH(DJ29,$DQ$1:$DR$1,0)),"") | DP29: =MAX(DP28,DN29:DO29) -> 74770 | DQ29: =IFERROR(IF(DO29="","",IF(SUM(MATCH(DP29,$CP$4:$CP$89,0)-MATCH(DP28,$CP$4:$CP$89,0))<=0,"",SUM(MATCH(DP29,$CP$4:$CP$89,0)-MATCH(DP28,$CP$4:$CP$89,0)))),"") | DS29: =IF(DQ29="",DM29,DQ29) -> 0 | DT29: =IF(DN28=$CP$2,$CP$2,IF(DK29>=$DT$2,MAX($DU$2,INDEX($CP$4:$CP$89,MATCH(DT28,$CP$4:$CP$89,1)+DS29)),INDEX($CP$4:$CP$89,MATCH(DT28,$CP$4:$CP$89,1)+DS29))) -> 74770 | DV29: =IF($N$13="","",IF(AND(NOT($DF$59=""),MATCH($DG$52,$DJ$4:$DJ$55,0)>0,DK29=$DE$51),"HRA-1",IF(AND(NOT($DG$52=""),DJ29=$DG$52),"HRA-2",IF(AND(NOT($DG$54=""),DJ29=$DG$54),"HRA-3","")))) | DW29: =IF(DK29="","",TEXT(DK29,"Dd-MM-YYYY")) | DX29: =IF(DL29="","",TEXT(DL29,"Dd-MM-YYYY")) | DY29: =IF(DW29="","",DATE(YEAR(DK29),MONTH(DK29),DAY(DK29))) | DZ29: =IF(DX29="","",DATE(YEAR(DL29),MONTH(DL29),DAY(DL29))) | EA29: =IFERROR(SUM(DZ29-DY29,0)+1,"") | EB29: =IFERROR(INDEX($BN$4:$BN$17,MATCH(DW29,$BL$4:$BL$17,0),1),0) -> 0 | EC29: =IFERROR(IF(EB29=0,EA29,MAX(IF(EB29=0.5,EA29/2,EA29+EB29),0)),"") | ED29: =IFERROR(INDEX($BK$4:$BK$17,MATCH(DW29,$BL$4:$BL$17,0),1),0) -> 0 | EE29: =IFERROR(IF(NOT(ED29=$CH$8),0,INDEX($BO$4:$BO$17,MATCH(DW29,$BL$4:$BL$17,0),1)),0) -> 0 | EF29: =IFERROR(IF(AND(LEFT(DJ29,3)="S/L",EH29=15),ROUND(DT29*0.5,0),IF(DJ29=$DJ$59,$DL$61,IF(DJ29=$DJ$64,$DL$66,ROUND(SUM(EH29/EG29)*DT29,0)))),"") | EG29: =IFERROR(DAY(EOMONTH(DK29,0)),"") | EH29: =EC29 | EJ29: =IF(DK29="","",TEXT(DK29,"MMM-YYYY")) | EP29: =IF($K$40=$EO$57,0,IF(AND(DK29>=EP$1,$DK29<=EQ$1),SUM(ROUND(EF29*$EQ$2%,0)-ROUND(EF29*$EP$2%,0)),0)) -> 0 | EQ29: =IF($K$40=$EO$57,0,IF(AND(DK29>=EP$1,$DK29<=EQ$1),ROUND(EP29*10%,0),0)) -> 0 | EU29: =IF($AR$44=$EO$57,0,IF(AND(DK29>=$EU$1,$DK29<=$EV$1),SUM(ROUND(EF29*$EV$2%,0)-ROUND(EF29*$EU$2%,0)),0)) -> 0 | EV29: =IF($AR$44=$EO$57,0,IF(AND(DK29>=$EU$1,$DK29<=$EV$1),ROUND(EU29*10%,0),0)) -> 0 | EZ29: =IF(AND(DK29>=$EZ$1,$DK29<=$FA$1),ROUND(EF29*$EY$2%,0),0) -> 0 | FA29: =IF(AND(DK29>=$EZ$1,$DK29<=$FA$1),ROUND(EF29*$FA$2%*10%,0)-(ROUND(EF29*$EZ$2%*10%,0)),0) -> 0 | FY29: =IF(O13="","",CM28) | FZ29: =IF(OR(O15="",$O$15=CS36),FZ28,O15) -> 12 | GA29: =IF(OR(FY29="",O16=$FY$10),0,MATCH(O16,$FZ$10:$GB$10,0)) -> 0 | GB29: =IF(O18="Yes",8,0) -> 0 | GC29: =IF(OR(FY29="",O17=$FY$17),0,MATCH(O17,$FZ$17:$GB$17,0)) -> 0 | GD29: =IF(O19="",GD28,O19) -> 0 | GE29: =IF(O20="",GE28,O20) -> 0 | GF29: =IF(O21="",GF28,O21) -> 0 | GI29: 6 | GJ29: 80C | GK29: Unit Linked Insurance Plan(ULIP) | GL29: 150000
B30: 80TTA-Interest on Savings account | J30: =IFERROR(IF(I30="","",INDEX(Sections!$S$36:$S$42,MATCH(DATA!B30,Sections!$P$36:$P$42,0),0)),"") | K30: EWF Period & Rs | M30: Mar-2025 | N30: 20 | X30: =DK28 | Y30: =DL28 | Z30: =DJ28 | AA30: =EF28 | AB30: =EP28 -> 0 | AC30: =EQ28 -> 0 | AD30: =AB30-AC30 -> 0 | CN30: 27 | CP30: 42140 | CQ30: 83100-154690 | CR30: 83100 | CS30: HRA | CT30: Max Limit | CV30: =TEXT(CW30,"mmm-yyyy") -> May-2027 | CW30: =EDATE(CW29,1) -> 46508 | CX30: =EOMONTH(CW30,0) -> 46538 | DA30: 8 | DB30: =IFERROR(BY11 - DAY(BY11) + 1,"") | DC30: =IFERROR(SMALL(($DA$15:$DA$19,$DB$15:$DB$19,$DC$15:$DC$19),CN11),"") | DE30: =IFERROR(MATCH(DF30,$DB$23:$DB$37,0),"") | DF30: =CW30 -> 46508 | DG30: =IF(OR($CU$3=$M$6,DE30=""),"","AGI") | DH30: =IFERROR(EOMONTH(DF30,0),"") -> 46538 | DI30: =IFERROR(IF(AND($CS$3=2,DJ30="AGI",INDEX($DJ$4:$DJ$56,MATCH($DR$1,$DJ$4:DJ30,0),1)=$DR$1),2,0),0) -> 0 | DJ30: =IFERROR(IF(AND(NOT($DE$51=""),DK30=$DE$51),$DG$51,IF(AND(NOT($DE$53=""),DK30=$DE$53),$DG$53,INDEX($DG$4:$DG$58,MATCH(DK30,$DF$4:$DF$58,0),1))),"") | DK30: =IFERROR(IF(SMALL($DF$4:$DF$58,CN30)>$CJ$2,"",SMALL($DF$4:$DF$58,CN30)),"") | DL30: =IF(AND(NOT($DE$51=""),DK30=$DE$51),$DH$51,IF(AND(NOT($DE$53=""),DK30=$DE$53),$DH$53,INDEX($DH$4:$DH$58,MATCH(DK30,$DF$4:$DF$58,0),1))) | DM30: =IF(DI30>0,DI30,IF(OR(AND($CS$3=2,DJ30="PRO"),OR(DJ30="AGI",LEFT(DJ30,3)="AGI",DJ30="AAS")),1,IF(AND($CS$3=1,DJ30="PRO"),2,0))) -> 0 | DN30: =IF(DN29=$CP$2,$CP$2,IF(DK30>=$DT$2,MAX($DU$2,INDEX($CP$4:$CP$89,MATCH(DN29,$CP$4:$CP$89,1)+DM30)),INDEX($CP$4:$CP$89,MATCH(DN29,$CP$4:$CP$89,1)+DM30))) -> 74770 | DO30: =IFERROR(INDEX($DQ$3:$DR$3,1,MATCH(DJ30,$DQ$1:$DR$1,0)),"") | DP30: =MAX(DP29,DN30:DO30) -> 74770 | DQ30: =IFERROR(IF(DO30="","",IF(SUM(MATCH(DP30,$CP$4:$CP$89,0)-MATCH(DP29,$CP$4:$CP$89,0))<=0,"",SUM(MATCH(DP30,$CP$4:$CP$89,0)-MATCH(DP29,$CP$4:$CP$89,0)))),"") | DS30: =IF(DQ30="",DM30,DQ30) -> 0 | DT30: =IF(DN29=$CP$2,$CP$2,IF(DK30>=$DT$2,MAX($DU$2,INDEX($CP$4:$CP$89,MATCH(DT29,$CP$4:$CP$89,1)+DS30)),INDEX($CP$4:$CP$89,MATCH(DT29,$CP$4:$CP$89,1)+DS30))) -> 74770 | DV30: =IF($N$13="","",IF(AND(NOT($DF$59=""),MATCH($DG$52,$DJ$4:$DJ$55,0)>0,DK30=$DE$51),"HRA-1",IF(AND(NOT($DG$52=""),DJ30=$DG$52),"HRA-2",IF(AND(NOT($DG$54=""),DJ30=$DG$54),"HRA-3","")))) | DW30: =IF(DK30="","",TEXT(DK30,"Dd-MM-YYYY")) | DX30: =IF(DL30="","",TEXT(DL30,"Dd-MM-YYYY")) | DY30: =IF(DW30="","",DATE(YEAR(DK30),MONTH(DK30),DAY(DK30))) | DZ30: =IF(DX30="","",DATE(YEAR(DL30),MONTH(DL30),DAY(DL30))) | EA30: =IFERROR(SUM(DZ30-DY30,0)+1,"") | EB30: =IFERROR(INDEX($BN$4:$BN$17,MATCH(DW30,$BL$4:$BL$17,0),1),0) -> 0 | EC30: =IFERROR(IF(EB30=0,EA30,MAX(IF(EB30=0.5,EA30/2,EA30+EB30),0)),"") | ED30: =IFERROR(INDEX($BK$4:$BK$17,MATCH(DW30,$BL$4:$BL$17,0),1),0) -> 0 | EE30: =IFERROR(IF(NOT(ED30=$CH$8),0,INDEX($BO$4:$BO$17,MATCH(DW30,$BL$4:$BL$17,0),1)),0) -> 0 | EF30: =IFERROR(IF(AND(LEFT(DJ30,3)="S/L",EH30=15),ROUND(DT30*0.5,0),IF(DJ30=$DJ$59,$DL$61,IF(DJ30=$DJ$64,$DL$66,ROUND(SUM(EH30/EG30)*DT30,0)))),"") | EG30: =IFERROR(DAY(EOMONTH(DK30,0)),"") | EH30: =EC30 | EJ30: =IF(DK30="","",TEXT(DK30,"MMM-YYYY")) | EP30: =IF($K$40=$EO$57,0,IF(AND(DK30>=EP$1,$DK30<=EQ$1),SUM(ROUND(EF30*$EQ$2%,0)-ROUND(EF30*$EP$2%,0)),0)) -> 0 | EQ30: =IF($K$40=$EO$57,0,IF(AND(DK30>=EP$1,$DK30<=EQ$1),ROUND(EP30*10%,0),0)) -> 0 | EU30: =IF($AR$44=$EO$57,0,IF(AND(DK30>=$EU$1,$DK30<=$EV$1),SUM(ROUND(EF30*$EV$2%,0)-ROUND(EF30*$EU$2%,0)),0)) -> 0 | EV30: =IF($AR$44=$EO$57,0,IF(AND(DK30>=$EU$1,$DK30<=$EV$1),ROUND(EU30*10%,0),0)) -> 0 | EZ30: =IF(AND(DK30>=$EZ$1,$DK30<=$FA$1),ROUND(EF30*$EY$2%,0),0) -> 0 | FA30: =IF(AND(DK30>=$EZ$1,$DK30<=$FA$1),ROUND(EF30*$FA$2%*10%,0)-(ROUND(EF30*$EZ$2%*10%,0)),0) -> 0 | GI30: 7 | GJ30: 80C | GK30: 5 Years Fixed Deposits (or)above | GL30: 150000
B31: 80DD-Treatment of Handicapped Dependent-above 80%disability | J31: =IFERROR(IF(I31="","",INDEX(Sections!$S$36:$S$42,MATCH(DATA!B31,Sections!$P$36:$P$42,0),0)),"") | K31: SWF Period & Rs | M31: Dec-2025 | N31: 100 | Q31: ALL TYPE OF PENSIONER's SOFTWARES-TS | X31: =DK29 | Y31: =DL29 | Z31: =DJ29 | AA31: =EF29 | AB31: =EP29 -> 0 | AC31: =EQ29 -> 0 | AD31: =AB31-AC31 -> 0 | CN31: 28 | CP31: 43310 | CQ31: 89780-154690 | CR31: 89780 | CS31: 10 | CT31: 11000 | CV31: =TEXT(CW31,"mmm-yyyy") -> Jun-2027 | CW31: =EDATE(CW30,1) -> 46539 | CX31: =EOMONTH(CW31,0) -> 46568 | DA31: 9 | DB31: =IFERROR(BY12 - DAY(BY12) + 1,"") | DC31: =IFERROR(SMALL(($DA$15:$DA$19,$DB$15:$DB$19,$DC$15:$DC$19),CN12),"") | DE31: =IFERROR(MATCH(DF31,$DB$23:$DB$37,0),"") | DF31: =CW31 -> 46539 | DG31: =IF(OR($CU$3=$M$6,DE31=""),"","AGI") | DH31: =IFERROR(EOMONTH(DF31,0),"") -> 46568 | DI31: =IFERROR(IF(AND($CS$3=2,DJ31="AGI",INDEX($DJ$4:$DJ$56,MATCH($DR$1,$DJ$4:DJ31,0),1)=$DR$1),2,0),0) -> 0 | DJ31: =IFERROR(IF(AND(NOT($DE$51=""),DK31=$DE$51),$DG$51,IF(AND(NOT($DE$53=""),DK31=$DE$53),$DG$53,INDEX($DG$4:$DG$58,MATCH(DK31,$DF$4:$DF$58,0),1))),"") | DK31: =IFERROR(IF(SMALL($DF$4:$DF$58,CN31)>$CJ$2,"",SMALL($DF$4:$DF$58,CN31)),"") | DL31: =IF(AND(NOT($DE$51=""),DK31=$DE$51),$DH$51,IF(AND(NOT($DE$53=""),DK31=$DE$53),$DH$53,INDEX($DH$4:$DH$58,MATCH(DK31,$DF$4:$DF$58,0),1))) | DM31: =IF(DI31>0,DI31,IF(OR(AND($CS$3=2,DJ31="PRO"),OR(DJ31="AGI",LEFT(DJ31,3)="AGI",DJ31="AAS")),1,IF(AND($CS$3=1,DJ31="PRO"),2,0))) -> 0 | DN31: =IF(DN30=$CP$2,$CP$2,IF(DK31>=$DT$2,MAX($DU$2,INDEX($CP$4:$CP$89,MATCH(DN30,$CP$4:$CP$89,1)+DM31)),INDEX($CP$4:$CP$89,MATCH(DN30,$CP$4:$CP$89,1)+DM31))) -> 74770 | DO31: =IFERROR(INDEX($DQ$3:$DR$3,1,MATCH(DJ31,$DQ$1:$DR$1,0)),"") | DP31: =MAX(DP30,DN31:DO31) -> 74770 | DQ31: =IFERROR(IF(DO31="","",IF(SUM(MATCH(DP31,$CP$4:$CP$89,0)-MATCH(DP30,$CP$4:$CP$89,0))<=0,"",SUM(MATCH(DP31,$CP$4:$CP$89,0)-MATCH(DP30,$CP$4:$CP$89,0)))),"") | DS31: =IF(DQ31="",DM31,DQ31) -> 0 | DT31: =IF(DN30=$CP$2,$CP$2,IF(DK31>=$DT$2,MAX($DU$2,INDEX($CP$4:$CP$89,MATCH(DT30,$CP$4:$CP$89,1)+DS31)),INDEX($CP$4:$CP$89,MATCH(DT30,$CP$4:$CP$89,1)+DS31))) -> 74770 | DV31: =IF($N$13="","",IF(AND(NOT($DF$59=""),MATCH($DG$52,$DJ$4:$DJ$55,0)>0,DK31=$DE$51),"HRA-1",IF(AND(NOT($DG$52=""),DJ31=$DG$52),"HRA-2",IF(AND(NOT($DG$54=""),DJ31=$DG$54),"HRA-3","")))) | DW31: =IF(DK31="","",TEXT(DK31,"Dd-MM-YYYY")) | DX31: =IF(DL31="","",TEXT(DL31,"Dd-MM-YYYY")) | DY31: =IF(DW31="","",DATE(YEAR(DK31),MONTH(DK31),DAY(DK31))) | DZ31: =IF(DX31="","",DATE(YEAR(DL31),MONTH(DL31),DAY(DL31))) | EA31: =IFERROR(SUM(DZ31-DY31,0)+1,"") | EB31: =IFERROR(INDEX($BN$4:$BN$17,MATCH(DW31,$BL$4:$BL$17,0),1),0) -> 0 | EC31: =IFERROR(IF(EB31=0,EA31,MAX(IF(EB31=0.5,EA31/2,EA31+EB31),0)),"") | ED31: =IFERROR(INDEX($BK$4:$BK$17,MATCH(DW31,$BL$4:$BL$17,0),1),0) -> 0 | EE31: =IFERROR(IF(NOT(ED31=$CH$8),0,INDEX($BO$4:$BO$17,MATCH(DW31,$BL$4:$BL$17,0),1)),0) -> 0 | EF31: =IFERROR(IF(AND(LEFT(DJ31,3)="S/L",EH31=15),ROUND(DT31*0.5,0),IF(DJ31=$DJ$59,$DL$61,IF(DJ31=$DJ$64,$DL$66,ROUND(SUM(EH31/EG31)*DT31,0)))),"") | EG31: =IFERROR(DAY(EOMONTH(DK31,0)),"") | EH31: =EC31 | EJ31: =IF(DK31="","",TEXT(DK31,"MMM-YYYY")) | EP31: =IF($K$40=$EO$57,0,IF(AND(DK31>=EP$1,$DK31<=EQ$1),SUM(ROUND(EF31*$EQ$2%,0)-ROUND(EF31*$EP$2%,0)),0)) -> 0 | EQ31: =IF($K$40=$EO$57,0,IF(AND(DK31>=EP$1,$DK31<=EQ$1),ROUND(EP31*10%,0),0)) -> 0 | EU31: =IF($AR$44=$EO$57,0,IF(AND(DK31>=$EU$1,$DK31<=$EV$1),SUM(ROUND(EF31*$EV$2%,0)-ROUND(EF31*$EU$2%,0)),0)) -> 0 | EV31: =IF($AR$44=$EO$57,0,IF(AND(DK31>=$EU$1,$DK31<=$EV$1),ROUND(EU31*10%,0),0)) -> 0 | EZ31: =IF(AND(DK31>=$EZ$1,$DK31<=$FA$1),ROUND(EF31*$EY$2%,0),0) -> 0 | FA31: =IF(AND(DK31>=$EZ$1,$DK31<=$FA$1),ROUND(EF31*$FA$2%*10%,0)-(ROUND(EF31*$EZ$2%*10%,0)),0) -> 0 | FY31: N/A | FZ31: 0 | GI31: 8 | GJ31: 80C | GK31: Public Provident Fund | GL31: 150000
B32: 80D-Medical Insurance Premium-senior citizen dependent parents | J32: =IFERROR(IF(I32="","",INDEX(Sections!$S$36:$S$42,MATCH(DATA!B32,Sections!$P$36:$P$42,0),0)),"") | K32: Green Fund Period & Rs | M32: Mar-2025 | N32: 0 | X32: =DK30 | Y32: =DL30 | Z32: =DJ30 | AA32: =EF30 | AB32: =EP30 -> 0 | AC32: =EQ30 -> 0 | AD32: =AB32-AC32 -> 0 | CN32: 29 | CP32: 44570 | CQ32: 96890-158380 | CR32: 96890 | CS32: 12 | CT32: 13000 | CV32: =TEXT(CW32,"mmm-yyyy") -> Jul-2027 | CW32: =EDATE(CW31,1) -> 46569 | CX32: =EOMONTH(CW32,0) -> 46599 | DA32: 10 | DB32: =IFERROR(BY13 - DAY(BY13) + 1,"") | DC32: =IFERROR(SMALL(($DA$15:$DA$19,$DB$15:$DB$19,$DC$15:$DC$19),CN13),"") | DE32: =IFERROR(MATCH(DF32,$DB$23:$DB$37,0),"") | DF32: =CW32 -> 46569 | DG32: =IF(OR($CU$3=$M$6,DE32=""),"","AGI") | DH32: =IFERROR(EOMONTH(DF32,0),"") -> 46599 | DI32: =IFERROR(IF(AND($CS$3=2,DJ32="AGI",INDEX($DJ$4:$DJ$56,MATCH($DR$1,$DJ$4:DJ32,0),1)=$DR$1),2,0),0) -> 0 | DJ32: =IFERROR(IF(AND(NOT($DE$51=""),DK32=$DE$51),$DG$51,IF(AND(NOT($DE$53=""),DK32=$DE$53),$DG$53,INDEX($DG$4:$DG$58,MATCH(DK32,$DF$4:$DF$58,0),1))),"") | DK32: =IFERROR(IF(SMALL($DF$4:$DF$58,CN32)>$CJ$2,"",SMALL($DF$4:$DF$58,CN32)),"") | DL32: =IF(AND(NOT($DE$51=""),DK32=$DE$51),$DH$51,IF(AND(NOT($DE$53=""),DK32=$DE$53),$DH$53,INDEX($DH$4:$DH$58,MATCH(DK32,$DF$4:$DF$58,0),1))) | DM32: =IF(DI32>0,DI32,IF(OR(AND($CS$3=2,DJ32="PRO"),OR(DJ32="AGI",LEFT(DJ32,3)="AGI",DJ32="AAS")),1,IF(AND($CS$3=1,DJ32="PRO"),2,0))) -> 0 | DN32: =IF(DN31=$CP$2,$CP$2,IF(DK32>=$DT$2,MAX($DU$2,INDEX($CP$4:$CP$89,MATCH(DN31,$CP$4:$CP$89,1)+DM32)),INDEX($CP$4:$CP$89,MATCH(DN31,$CP$4:$CP$89,1)+DM32))) -> 74770 | DO32: =IFERROR(INDEX($DQ$3:$DR$3,1,MATCH(DJ32,$DQ$1:$DR$1,0)),"") | DP32: =MAX(DP31,DN32:DO32) -> 74770 | DQ32: =IFERROR(IF(DO32="","",IF(SUM(MATCH(DP32,$CP$4:$CP$89,0)-MATCH(DP31,$CP$4:$CP$89,0))<=0,"",SUM(MATCH(DP32,$CP$4:$CP$89,0)-MATCH(DP31,$CP$4:$CP$89,0)))),"") | DS32: =IF(DQ32="",DM32,DQ32) -> 0 | DT32: =IF(DN31=$CP$2,$CP$2,IF(DK32>=$DT$2,MAX($DU$2,INDEX($CP$4:$CP$89,MATCH(DT31,$CP$4:$CP$89,1)+DS32)),INDEX($CP$4:$CP$89,MATCH(DT31,$CP$4:$CP$89,1)+DS32))) -> 74770 | DV32: =IF($N$13="","",IF(AND(NOT($DF$59=""),MATCH($DG$52,$DJ$4:$DJ$55,0)>0,DK32=$DE$51),"HRA-1",IF(AND(NOT($DG$52=""),DJ32=$DG$52),"HRA-2",IF(AND(NOT($DG$54=""),DJ32=$DG$54),"HRA-3","")))) | DW32: =IF(DK32="","",TEXT(DK32,"Dd-MM-YYYY")) | DX32: =IF(DL32="","",TEXT(DL32,"Dd-MM-YYYY")) | DY32: =IF(DW32="","",DATE(YEAR(DK32),MONTH(DK32),DAY(DK32))) | DZ32: =IF(DX32="","",DATE(YEAR(DL32),MONTH(DL32),DAY(DL32))) | EA32: =IFERROR(SUM(DZ32-DY32,0)+1,"") | EB32: =IFERROR(INDEX($BN$4:$BN$17,MATCH(DW32,$BL$4:$BL$17,0),1),0) -> 0 | EC32: =IFERROR(IF(EB32=0,EA32,MAX(IF(EB32=0.5,EA32/2,EA32+EB32),0)),"") | ED32: =IFERROR(INDEX($BK$4:$BK$17,MATCH(DW32,$BL$4:$BL$17,0),1),0) -> 0 | EE32: =IFERROR(IF(NOT(ED32=$CH$8),0,INDEX($BO$4:$BO$17,MATCH(DW32,$BL$4:$BL$17,0),1)),0) -> 0 | EF32: =IFERROR(IF(AND(LEFT(DJ32,3)="S/L",EH32=15),ROUND(DT32*0.5,0),IF(DJ32=$DJ$59,$DL$61,IF(DJ32=$DJ$64,$DL$66,ROUND(SUM(EH32/EG32)*DT32,0)))),"") | EG32: =IFERROR(DAY(EOMONTH(DK32,0)),"") | EH32: =EC32 | EJ32: =IF(DK32="","",TEXT(DK32,"MMM-YYYY")) | EP32: =IF($K$40=$EO$57,0,IF(AND(DK32>=EP$1,$DK32<=EQ$1),SUM(ROUND(EF32*$EQ$2%,0)-ROUND(EF32*$EP$2%,0)),0)) -> 0 | EQ32: =IF($K$40=$EO$57,0,IF(AND(DK32>=EP$1,$DK32<=EQ$1),ROUND(EP32*10%,0),0)) -> 0 | EU32: =IF($AR$44=$EO$57,0,IF(AND(DK32>=$EU$1,$DK32<=$EV$1),SUM(ROUND(EF32*$EV$2%,0)-ROUND(EF32*$EU$2%,0)),0)) -> 0 | EV32: =IF($AR$44=$EO$57,0,IF(AND(DK32>=$EU$1,$DK32<=$EV$1),ROUND(EU32*10%,0),0)) -> 0 | EZ32: =IF(AND(DK32>=$EZ$1,$DK32<=$FA$1),ROUND(EF32*$EY$2%,0),0) -> 0 | FA32: =IF(AND(DK32>=$EZ$1,$DK32<=$FA$1),ROUND(EF32*$FA$2%*10%,0)-(ROUND(EF32*$EZ$2%*10%,0)),0) -> 0 | FY32: 0 Day | FZ32: 0 | GI32: 9 | GJ32: 80C | GK32: Equity Linked Savings Scheme(ELSS) | GL32: 150000
B33: 80D-Medical Insurance Premium-Self ,Spouse & Children | J33: =IFERROR(IF(I33="","",INDEX(Sections!$S$36:$S$42,MATCH(DATA!B33,Sections!$P$36:$P$42,0),0)),"") | K33: CMRF-Period & Rs | M33: Sep-2025 | N33: N/A | Q33: TDS FORM 24 Q SOFTWARE FY 2023-24 | X33: =DK31 | Y33: =DL31 | Z33: =DJ31 | AA33: =EF31 | AB33: =EP31 -> 0 | AC33: =EQ31 -> 0 | AD33: =AB33-AC33 -> 0 | CN33: 30 | CP33: 45830 | CQ33: 106990-158380 | CR33: 106990 | CS33: 16 | CT33: 17000 | CV33: =TEXT(CW33,"mmm-yyyy") -> Aug-2027 | CW33: =EDATE(CW32,1) -> 46600 | CX33: =EOMONTH(CW33,0) -> 46630 | DA33: 11 | DB33: =IFERROR(BY14 - DAY(BY14) + 1,"") | DC33: =IFERROR(SMALL(($DA$15:$DA$19,$DB$15:$DB$19,$DC$15:$DC$19),CN14),"") | DE33: =IFERROR(MATCH(DF33,$DB$23:$DB$37,0),"") | DF33: =CW33 -> 46600 | DG33: =IF(OR($CU$3=$M$6,DE33=""),"","AGI") | DH33: =IFERROR(EOMONTH(DF33,0),"") -> 46630 | DI33: =IFERROR(IF(AND($CS$3=2,DJ33="AGI",INDEX($DJ$4:$DJ$56,MATCH($DR$1,$DJ$4:DJ33,0),1)=$DR$1),2,0),0) -> 0 | DJ33: =IFERROR(IF(AND(NOT($DE$51=""),DK33=$DE$51),$DG$51,IF(AND(NOT($DE$53=""),DK33=$DE$53),$DG$53,INDEX($DG$4:$DG$58,MATCH(DK33,$DF$4:$DF$58,0),1))),"") | DK33: =IFERROR(IF(SMALL($DF$4:$DF$58,CN33)>$CJ$2,"",SMALL($DF$4:$DF$58,CN33)),"") | DL33: =IF(AND(NOT($DE$51=""),DK33=$DE$51),$DH$51,IF(AND(NOT($DE$53=""),DK33=$DE$53),$DH$53,INDEX($DH$4:$DH$58,MATCH(DK33,$DF$4:$DF$58,0),1))) | DM33: =IF(DI33>0,DI33,IF(OR(AND($CS$3=2,DJ33="PRO"),OR(DJ33="AGI",LEFT(DJ33,3)="AGI",DJ33="AAS")),1,IF(AND($CS$3=1,DJ33="PRO"),2,0))) -> 0 | DN33: =IF(DN32=$CP$2,$CP$2,IF(DK33>=$DT$2,MAX($DU$2,INDEX($CP$4:$CP$89,MATCH(DN32,$CP$4:$CP$89,1)+DM33)),INDEX($CP$4:$CP$89,MATCH(DN32,$CP$4:$CP$89,1)+DM33))) -> 74770 | DO33: =IFERROR(INDEX($DQ$3:$DR$3,1,MATCH(DJ33,$DQ$1:$DR$1,0)),"") | DP33: =MAX(DP32,DN33:DO33) -> 74770 | DQ33: =IFERROR(IF(DO33="","",IF(SUM(MATCH(DP33,$CP$4:$CP$89,0)-MATCH(DP32,$CP$4:$CP$89,0))<=0,"",SUM(MATCH(DP33,$CP$4:$CP$89,0)-MATCH(DP32,$CP$4:$CP$89,0)))),"") | DS33: =IF(DQ33="",DM33,DQ33) -> 0 | DT33: =IF(DN32=$CP$2,$CP$2,IF(DK33>=$DT$2,MAX($DU$2,INDEX($CP$4:$CP$89,MATCH(DT32,$CP$4:$CP$89,1)+DS33)),INDEX($CP$4:$CP$89,MATCH(DT32,$CP$4:$CP$89,1)+DS33))) -> 74770 | DV33: =IF($N$13="","",IF(AND(NOT($DF$59=""),MATCH($DG$52,$DJ$4:$DJ$55,0)>0,DK33=$DE$51),"HRA-1",IF(AND(NOT($DG$52=""),DJ33=$DG$52),"HRA-2",IF(AND(NOT($DG$54=""),DJ33=$DG$54),"HRA-3","")))) | DW33: =IF(DK33="","",TEXT(DK33,"Dd-MM-YYYY")) | DX33: =IF(DL33="","",TEXT(DL33,"Dd-MM-YYYY")) | DY33: =IF(DW33="","",DATE(YEAR(DK33),MONTH(DK33),DAY(DK33))) | DZ33: =IF(DX33="","",DATE(YEAR(DL33),MONTH(DL33),DAY(DL33))) | EA33: =IFERROR(SUM(DZ33-DY33,0)+1,"") | EB33: =IFERROR(INDEX($BN$4:$BN$17,MATCH(DW33,$BL$4:$BL$17,0),1),0) -> 0 | EC33: =IFERROR(IF(EB33=0,EA33,MAX(IF(EB33=0.5,EA33/2,EA33+EB33),0)),"") | ED33: =IFERROR(INDEX($BK$4:$BK$17,MATCH(DW33,$BL$4:$BL$17,0),1),0) -> 0 | EE33: =IFERROR(IF(NOT(ED33=$CH$8),0,INDEX($BO$4:$BO$17,MATCH(DW33,$BL$4:$BL$17,0),1)),0) -> 0 | EF33: =IFERROR(IF(AND(LEFT(DJ33,3)="S/L",EH33=15),ROUND(DT33*0.5,0),IF(DJ33=$DJ$59,$DL$61,IF(DJ33=$DJ$64,$DL$66,ROUND(SUM(EH33/EG33)*DT33,0)))),"") | EG33: =IFERROR(DAY(EOMONTH(DK33,0)),"") | EH33: =EC33 | EJ33: =IF(DK33="","",TEXT(DK33,"MMM-YYYY")) | EP33: =IF($K$40=$EO$57,0,IF(AND(DK33>=EP$1,$DK33<=EQ$1),SUM(ROUND(EF33*$EQ$2%,0)-ROUND(EF33*$EP$2%,0)),0)) -> 0 | EQ33: =IF($K$40=$EO$57,0,IF(AND(DK33>=EP$1,$DK33<=EQ$1),ROUND(EP33*10%,0),0)) -> 0 | EU33: =IF($AR$44=$EO$57,0,IF(AND(DK33>=$EU$1,$DK33<=$EV$1),SUM(ROUND(EF33*$EV$2%,0)-ROUND(EF33*$EU$2%,0)),0)) -> 0 | EV33: =IF($AR$44=$EO$57,0,IF(AND(DK33>=$EU$1,$DK33<=$EV$1),ROUND(EU33*10%,0),0)) -> 0 | EZ33: =IF(AND(DK33>=$EZ$1,$DK33<=$FA$1),ROUND(EF33*$EY$2%,0),0) -> 0 | FA33: =IF(AND(DK33>=$EZ$1,$DK33<=$FA$1),ROUND(EF33*$FA$2%*10%,0)-(ROUND(EF33*$EZ$2%*10%,0)),0) -> 0 | FY33: ½ Day | FZ33: 0.5 | GI33: 10 | GJ33: 80C | GK33: SBI Life insurance | GL33: 150000
A34: check updated softwares >WWW.MEDAKBADI.IN | F34: Adv.Tax of respective month If not paid | H34: Advance tax paid | X34: =DK32 | Y34: =DL32 | Z34: =DJ32 | AA34: =EF32 | AB34: =EP32 -> 0 | AC34: =EQ32 -> 0 | AD34: =AB34-AC34 -> 0 | CN34: 31 | CP34: 47090 | CQ34: 118230-162070 | CR34: 118230 | CS34: 24 | CT34: 25000 | CV34: =TEXT(CW34,"mmm-yyyy") -> Sep-2027 | CW34: =EDATE(CW33,1) -> 46631 | CX34: =EOMONTH(CW34,0) -> 46660 | DA34: 12 | DB34: =IFERROR(BY15 - DAY(BY15) + 1,"") | DC34: =IFERROR(SMALL(($DA$15:$DA$19,$DB$15:$DB$19,$DC$15:$DC$19),CN15),"") | DE34: =IFERROR(MATCH(DF34,$DB$23:$DB$37,0),"") | DF34: =CW34 -> 46631 | DG34: =IF(OR($CU$3=$M$6,DE34=""),"","AGI") | DH34: =IFERROR(EOMONTH(DF34,0),"") -> 46660 | DI34: =IFERROR(IF(AND($CS$3=2,DJ34="AGI",INDEX($DJ$4:$DJ$56,MATCH($DR$1,$DJ$4:DJ34,0),1)=$DR$1),2,0),0) -> 0 | DJ34: =IFERROR(IF(AND(NOT($DE$51=""),DK34=$DE$51),$DG$51,IF(AND(NOT($DE$53=""),DK34=$DE$53),$DG$53,INDEX($DG$4:$DG$58,MATCH(DK34,$DF$4:$DF$58,0),1))),"") | DK34: =IFERROR(IF(SMALL($DF$4:$DF$58,CN34)>$CJ$2,"",SMALL($DF$4:$DF$58,CN34)),"") | DL34: =IF(AND(NOT($DE$51=""),DK34=$DE$51),$DH$51,IF(AND(NOT($DE$53=""),DK34=$DE$53),$DH$53,INDEX($DH$4:$DH$58,MATCH(DK34,$DF$4:$DF$58,0),1))) | DM34: =IF(DI34>0,DI34,IF(OR(AND($CS$3=2,DJ34="PRO"),OR(DJ34="AGI",LEFT(DJ34,3)="AGI",DJ34="AAS")),1,IF(AND($CS$3=1,DJ34="PRO"),2,0))) -> 0 | DN34: =IF(DN33=$CP$2,$CP$2,IF(DK34>=$DT$2,MAX($DU$2,INDEX($CP$4:$CP$89,MATCH(DN33,$CP$4:$CP$89,1)+DM34)),INDEX($CP$4:$CP$89,MATCH(DN33,$CP$4:$CP$89,1)+DM34))) -> 74770 | DO34: =IFERROR(INDEX($DQ$3:$DR$3,1,MATCH(DJ34,$DQ$1:$DR$1,0)),"") | DP34: =MAX(DP33,DN34:DO34) -> 74770 | DQ34: =IFERROR(IF(DO34="","",IF(SUM(MATCH(DP34,$CP$4:$CP$89,0)-MATCH(DP33,$CP$4:$CP$89,0))<=0,"",SUM(MATCH(DP34,$CP$4:$CP$89,0)-MATCH(DP33,$CP$4:$CP$89,0)))),"") | DS34: =IF(DQ34="",DM34,DQ34) -> 0 | DT34: =IF(DN33=$CP$2,$CP$2,IF(DK34>=$DT$2,MAX($DU$2,INDEX($CP$4:$CP$89,MATCH(DT33,$CP$4:$CP$89,1)+DS34)),INDEX($CP$4:$CP$89,MATCH(DT33,$CP$4:$CP$89,1)+DS34))) -> 74770 | DV34: =IF($N$13="","",IF(AND(NOT($DF$59=""),MATCH($DG$52,$DJ$4:$DJ$55,0)>0,DK34=$DE$51),"HRA-1",IF(AND(NOT($DG$52=""),DJ34=$DG$52),"HRA-2",IF(AND(NOT($DG$54=""),DJ34=$DG$54),"HRA-3","")))) | DW34: =IF(DK34="","",TEXT(DK34,"Dd-MM-YYYY")) | DX34: =IF(DL34="","",TEXT(DL34,"Dd-MM-YYYY")) | DY34: =IF(DW34="","",DATE(YEAR(DK34),MONTH(DK34),DAY(DK34))) | DZ34: =IF(DX34="","",DATE(YEAR(DL34),MONTH(DL34),DAY(DL34))) | EA34: =IFERROR(SUM(DZ34-DY34,0)+1,"") | EB34: =IFERROR(INDEX($BN$4:$BN$17,MATCH(DW34,$BL$4:$BL$17,0),1),0) -> 0 | EC34: =IFERROR(IF(EB34=0,EA34,MAX(IF(EB34=0.5,EA34/2,EA34+EB34),0)),"") | ED34: =IFERROR(INDEX($BK$4:$BK$17,MATCH(DW34,$BL$4:$BL$17,0),1),0) -> 0 | EE34: =IFERROR(IF(NOT(ED34=$CH$8),0,INDEX($BO$4:$BO$17,MATCH(DW34,$BL$4:$BL$17,0),1)),0) -> 0 | EF34: =IFERROR(IF(AND(LEFT(DJ34,3)="S/L",EH34=15),ROUND(DT34*0.5,0),IF(DJ34=$DJ$59,$DL$61,IF(DJ34=$DJ$64,$DL$66,ROUND(SUM(EH34/EG34)*DT34,0)))),"") | EG34: =IFERROR(DAY(EOMONTH(DK34,0)),"") | EH34: =EC34 | EJ34: =IF(DK34="","",TEXT(DK34,"MMM-YYYY")) | EP34: =IF($K$40=$EO$57,0,IF(AND(DK34>=EP$1,$DK34<=EQ$1),SUM(ROUND(EF34*$EQ$2%,0)-ROUND(EF34*$EP$2%,0)),0)) -> 0 | EQ34: =IF($K$40=$EO$57,0,IF(AND(DK34>=EP$1,$DK34<=EQ$1),ROUND(EP34*10%,0),0)) -> 0 | EU34: =IF($AR$44=$EO$57,0,IF(AND(DK34>=$EU$1,$DK34<=$EV$1),SUM(ROUND(EF34*$EV$2%,0)-ROUND(EF34*$EU$2%,0)),0)) -> 0 | EV34: =IF($AR$44=$EO$57,0,IF(AND(DK34>=$EU$1,$DK34<=$EV$1),ROUND(EU34*10%,0),0)) -> 0 | EZ34: =IF(AND(DK34>=$EZ$1,$DK34<=$FA$1),ROUND(EF34*$EY$2%,0),0) -> 0 | FA34: =IF(AND(DK34>=$EZ$1,$DK34<=$FA$1),ROUND(EF34*$FA$2%*10%,0)-(ROUND(EF34*$EZ$2%*10%,0)),0) -> 0 | FY34: 1 day | FZ34: 1 | GI34: 11 | GJ34: 80C | GK34: Birla Sun Life insurance | GL34: 150000
A35: if any other arrears received in FY 2024-25 | B35: If any Arrears received, Enter below | G35: Quarter? | H35: Salary Month | I35: Rupees | K35: Surrender leave Period & Days | M35: NA | N35: 15 | Q35: Supplementary & Leave salary Arrears bill software in RPS-2020 for TS&AP | X35: =DK33 | Y35: =DL33 | Z35: =DJ33 | AA35: =EF33 | AB35: =EP33 -> 0 | AC35: =EQ33 -> 0 | AD35: =AB35-AC35 -> 0 | CN35: 32 | CP35: 48440 | CQ35: 127310-162070 | CR35: 127310 | CS35: 0 | CT35: 0 | CV35: =TEXT(CW35,"mmm-yyyy") -> Oct-2027 | CW35: =EDATE(CW34,1) -> 46661 | CX35: =EOMONTH(CW35,0) -> 46691 | DA35: 13 | DB35: =IFERROR(BY16 - DAY(BY16) + 1,"") | DC35: =IFERROR(SMALL(($DA$15:$DA$19,$DB$15:$DB$19,$DC$15:$DC$19),CN16),"") | DE35: =IFERROR(MATCH(DF35,$DB$23:$DB$37,0),"") | DF35: =CW35 -> 46661 | DG35: =IF(OR($CU$3=$M$6,DE35=""),"","AGI") | DH35: =IFERROR(EOMONTH(DF35,0),"") -> 46691 | DI35: =IFERROR(IF(AND($CS$3=2,DJ35="AGI",INDEX($DJ$4:$DJ$56,MATCH($DR$1,$DJ$4:DJ35,0),1)=$DR$1),2,0),0) -> 0 | DJ35: =IFERROR(IF(AND(NOT($DE$51=""),DK35=$DE$51),$DG$51,IF(AND(NOT($DE$53=""),DK35=$DE$53),$DG$53,INDEX($DG$4:$DG$58,MATCH(DK35,$DF$4:$DF$58,0),1))),"") | DK35: =IFERROR(IF(SMALL($DF$4:$DF$58,CN35)>$CJ$2,"",SMALL($DF$4:$DF$58,CN35)),"") | DL35: =IF(AND(NOT($DE$51=""),DK35=$DE$51),$DH$51,IF(AND(NOT($DE$53=""),DK35=$DE$53),$DH$53,INDEX($DH$4:$DH$58,MATCH(DK35,$DF$4:$DF$58,0),1))) | DM35: =IF(DI35>0,DI35,IF(OR(AND($CS$3=2,DJ35="PRO"),OR(DJ35="AGI",LEFT(DJ35,3)="AGI",DJ35="AAS")),1,IF(AND($CS$3=1,DJ35="PRO"),2,0))) -> 0 | DN35: =IF(DN34=$CP$2,$CP$2,IF(DK35>=$DT$2,MAX($DU$2,INDEX($CP$4:$CP$89,MATCH(DN34,$CP$4:$CP$89,1)+DM35)),INDEX($CP$4:$CP$89,MATCH(DN34,$CP$4:$CP$89,1)+DM35))) -> 74770 | DO35: =IFERROR(INDEX($DQ$3:$DR$3,1,MATCH(DJ35,$DQ$1:$DR$1,0)),"") | DP35: =MAX(DP34,DN35:DO35) -> 74770 | DQ35: =IFERROR(IF(DO35="","",IF(SUM(MATCH(DP35,$CP$4:$CP$89,0)-MATCH(DP34,$CP$4:$CP$89,0))<=0,"",SUM(MATCH(DP35,$CP$4:$CP$89,0)-MATCH(DP34,$CP$4:$CP$89,0)))),"") | DS35: =IF(DQ35="",DM35,DQ35) -> 0 | DT35: =IF(DN34=$CP$2,$CP$2,IF(DK35>=$DT$2,MAX($DU$2,INDEX($CP$4:$CP$89,MATCH(DT34,$CP$4:$CP$89,1)+DS35)),INDEX($CP$4:$CP$89,MATCH(DT34,$CP$4:$CP$89,1)+DS35))) -> 74770 | DV35: =IF($N$13="","",IF(AND(NOT($DF$59=""),MATCH($DG$52,$DJ$4:$DJ$55,0)>0,DK35=$DE$51),"HRA-1",IF(AND(NOT($DG$52=""),DJ35=$DG$52),"HRA-2",IF(AND(NOT($DG$54=""),DJ35=$DG$54),"HRA-3","")))) | DW35: =IF(DK35="","",TEXT(DK35,"Dd-MM-YYYY")) | DX35: =IF(DL35="","",TEXT(DL35,"Dd-MM-YYYY")) | DY35: =IF(DW35="","",DATE(YEAR(DK35),MONTH(DK35),DAY(DK35))) | DZ35: =IF(DX35="","",DATE(YEAR(DL35),MONTH(DL35),DAY(DL35))) | EA35: =IFERROR(SUM(DZ35-DY35,0)+1,"") | EB35: =IFERROR(INDEX($BN$4:$BN$17,MATCH(DW35,$BL$4:$BL$17,0),1),0) -> 0 | EC35: =IFERROR(IF(EB35=0,EA35,MAX(IF(EB35=0.5,EA35/2,EA35+EB35),0)),"") | ED35: =IFERROR(INDEX($BK$4:$BK$17,MATCH(DW35,$BL$4:$BL$17,0),1),0) -> 0 | EE35: =IFERROR(IF(NOT(ED35=$CH$8),0,INDEX($BO$4:$BO$17,MATCH(DW35,$BL$4:$BL$17,0),1)),0) -> 0 | EF35: =IFERROR(IF(AND(LEFT(DJ35,3)="S/L",EH35=15),ROUND(DT35*0.5,0),IF(DJ35=$DJ$59,$DL$61,IF(DJ35=$DJ$64,$DL$66,ROUND(SUM(EH35/EG35)*DT35,0)))),"") | EG35: =IFERROR(DAY(EOMONTH(DK35,0)),"") | EH35: =EC35 | EJ35: =IF(DK35="","",TEXT(DK35,"MMM-YYYY")) | EP35: =IF($K$40=$EO$57,0,IF(AND(DK35>=EP$1,$DK35<=EQ$1),SUM(ROUND(EF35*$EQ$2%,0)-ROUND(EF35*$EP$2%,0)),0)) -> 0 | EQ35: =IF($K$40=$EO$57,0,IF(AND(DK35>=EP$1,$DK35<=EQ$1),ROUND(EP35*10%,0),0)) -> 0 | EU35: =IF($AR$44=$EO$57,0,IF(AND(DK35>=$EU$1,$DK35<=$EV$1),SUM(ROUND(EF35*$EV$2%,0)-ROUND(EF35*$EU$2%,0)),0)) -> 0 | EV35: =IF($AR$44=$EO$57,0,IF(AND(DK35>=$EU$1,$DK35<=$EV$1),ROUND(EU35*10%,0),0)) -> 0 | EZ35: =IF(AND(DK35>=$EZ$1,$DK35<=$FA$1),ROUND(EF35*$EY$2%,0),0) -> 0 | FA35: =IF(AND(DK35>=$EZ$1,$DK35<=$FA$1),ROUND(EF35*$FA$2%*10%,0)-(ROUND(EF35*$EZ$2%*10%,0)),0) -> 0 | FY35: 2 day | FZ35: 2 | GC35: =EOMONTH(GA38,0) -> 45930 | GI35: 12 | GJ35: 80C | GK35: ICICI Life insurance | GL35: 150000
B36: No.of Instals credit RPS-2020 Arrears | F36: =AN40 -> 2000 | G36: Q1 | H36: =INDEX(FYMONTH,1,0) -> Mar-2025 | K36: if ,Surrender leave Period & Days | M36: NA | N36: 15 | X36: =DK34 | Y36: =DL34 | Z36: =DJ34 | AA36: =EF34 | AB36: =EP34 -> 0 | AC36: =EQ34 -> 0 | AD36: =AB36-AC36 -> 0 | CN36: 33 | CP36: 49790 | CS36: No Change | CV36: =TEXT(CW36,"mmm-yyyy") -> Nov-2027 | CW36: =EDATE(CW35,1) -> 46692 | CX36: =EOMONTH(CW36,0) -> 46721 | DA36: 14 | DB36: =IFERROR(BY17 - DAY(BY17) + 1,"") | DC36: =IFERROR(SMALL(($DA$15:$DA$19,$DB$15:$DB$19,$DC$15:$DC$19),CN17),"") | DE36: =IFERROR(MATCH(DF36,$DB$23:$DB$37,0),"") | DF36: =CW36 -> 46692 | DG36: =IF(OR($CU$3=$M$6,DE36=""),"","AGI") | DH36: =IFERROR(EOMONTH(DF36,0),"") -> 46721 | DI36: =IFERROR(IF(AND($CS$3=2,DJ36="AGI",INDEX($DJ$4:$DJ$56,MATCH($DR$1,$DJ$4:DJ36,0),1)=$DR$1),2,0),0) -> 0 | DJ36: =IFERROR(IF(AND(NOT($DE$51=""),DK36=$DE$51),$DG$51,IF(AND(NOT($DE$53=""),DK36=$DE$53),$DG$53,INDEX($DG$4:$DG$58,MATCH(DK36,$DF$4:$DF$58,0),1))),"") | DK36: =IFERROR(IF(SMALL($DF$4:$DF$58,CN36)>$CJ$2,"",SMALL($DF$4:$DF$58,CN36)),"") | DL36: =IF(AND(NOT($DE$51=""),DK36=$DE$51),$DH$51,IF(AND(NOT($DE$53=""),DK36=$DE$53),$DH$53,INDEX($DH$4:$DH$58,MATCH(DK36,$DF$4:$DF$58,0),1))) | DM36: =IF(DI36>0,DI36,IF(OR(AND($CS$3=2,DJ36="PRO"),OR(DJ36="AGI",LEFT(DJ36,3)="AGI",DJ36="AAS")),1,IF(AND($CS$3=1,DJ36="PRO"),2,0))) -> 0 | DN36: =IF(DN35=$CP$2,$CP$2,IF(DK36>=$DT$2,MAX($DU$2,INDEX($CP$4:$CP$89,MATCH(DN35,$CP$4:$CP$89,1)+DM36)),INDEX($CP$4:$CP$89,MATCH(DN35,$CP$4:$CP$89,1)+DM36))) -> 74770 | DO36: =IFERROR(INDEX($DQ$3:$DR$3,1,MATCH(DJ36,$DQ$1:$DR$1,0)),"") | DP36: =MAX(DP35,DN36:DO36) -> 74770 | DQ36: =IFERROR(IF(DO36="","",IF(SUM(MATCH(DP36,$CP$4:$CP$89,0)-MATCH(DP35,$CP$4:$CP$89,0))<=0,"",SUM(MATCH(DP36,$CP$4:$CP$89,0)-MATCH(DP35,$CP$4:$CP$89,0)))),"") | DS36: =IF(DQ36="",DM36,DQ36) -> 0 | DT36: =IF(DN35=$CP$2,$CP$2,IF(DK36>=$DT$2,MAX($DU$2,INDEX($CP$4:$CP$89,MATCH(DT35,$CP$4:$CP$89,1)+DS36)),INDEX($CP$4:$CP$89,MATCH(DT35,$CP$4:$CP$89,1)+DS36))) -> 74770 | DV36: =IF($N$13="","",IF(AND(NOT($DF$59=""),MATCH($DG$52,$DJ$4:$DJ$55,0)>0,DK36=$DE$51),"HRA-1",IF(AND(NOT($DG$52=""),DJ36=$DG$52),"HRA-2",IF(AND(NOT($DG$54=""),DJ36=$DG$54),"HRA-3","")))) | DW36: =IF(DK36="","",TEXT(DK36,"Dd-MM-YYYY")) | DX36: =IF(DL36="","",TEXT(DL36,"Dd-MM-YYYY")) | DY36: =IF(DW36="","",DATE(YEAR(DK36),MONTH(DK36),DAY(DK36))) | DZ36: =IF(DX36="","",DATE(YEAR(DL36),MONTH(DL36),DAY(DL36))) | EA36: =IFERROR(SUM(DZ36-DY36,0)+1,"") | EB36: =IFERROR(INDEX($BN$4:$BN$17,MATCH(DW36,$BL$4:$BL$17,0),1),0) -> 0 | EC36: =IFERROR(IF(EB36=0,EA36,MAX(IF(EB36=0.5,EA36/2,EA36+EB36),0)),"") | ED36: =IFERROR(INDEX($BK$4:$BK$17,MATCH(DW36,$BL$4:$BL$17,0),1),0) -> 0 | EE36: =IFERROR(IF(NOT(ED36=$CH$8),0,INDEX($BO$4:$BO$17,MATCH(DW36,$BL$4:$BL$17,0),1)),0) -> 0 | EF36: =IFERROR(IF(AND(LEFT(DJ36,3)="S/L",EH36=15),ROUND(DT36*0.5,0),IF(DJ36=$DJ$59,$DL$61,IF(DJ36=$DJ$64,$DL$66,ROUND(SUM(EH36/EG36)*DT36,0)))),"") | EG36: =IFERROR(DAY(EOMONTH(DK36,0)),"") | EH36: =EC36 | EJ36: =IF(DK36="","",TEXT(DK36,"MMM-YYYY")) | EP36: =IF($K$40=$EO$57,0,IF(AND(DK36>=EP$1,$DK36<=EQ$1),SUM(ROUND(EF36*$EQ$2%,0)-ROUND(EF36*$EP$2%,0)),0)) -> 0 | EQ36: =IF($K$40=$EO$57,0,IF(AND(DK36>=EP$1,$DK36<=EQ$1),ROUND(EP36*10%,0),0)) -> 0 | EU36: =IF($AR$44=$EO$57,0,IF(AND(DK36>=$EU$1,$DK36<=$EV$1),SUM(ROUND(EF36*$EV$2%,0)-ROUND(EF36*$EU$2%,0)),0)) -> 0 | EV36: =IF($AR$44=$EO$57,0,IF(AND(DK36>=$EU$1,$DK36<=$EV$1),ROUND(EU36*10%,0),0)) -> 0 | EZ36: =IF(AND(DK36>=$EZ$1,$DK36<=$FA$1),ROUND(EF36*$EY$2%,0),0) -> 0 | FA36: =IF(AND(DK36>=$EZ$1,$DK36<=$FA$1),ROUND(EF36*$FA$2%*10%,0)-(ROUND(EF36*$EZ$2%*10%,0)),0) -> 0 | GC36: =EOMONTH(GA39,0) -> 45900 | GI36: 13 | GJ36: 80C | GK36: HDFC Life insurance | GL36: 150000
B37: Pay Details | C37: RPS-2020 Arrears @ month | D37: Other Arrears-1 | E37: Other Arrears-2 | F37: =AN41 -> 2000 | H37: =INDEX(FYMONTH,2,0) -> Apr-2025 | K37: if ,Surrender leave Period & Days | M37: NA | N37: 30 | Q37: ALL TYPE OF ENTRANCE EXAMS HALL WISE SEATING ARRANGEMENT SOFTWARE | X37: =DK35 | Y37: =DL35 | Z37: =DJ35 | AA37: =EF35 | AB37: =EP35 -> 0 | AC37: =EQ35 -> 0 | AD37: =AB37-AC37 -> 0 | AR37: I.R wef & % | AT37: Mar-2025 | AU37: 0.05 | CN37: 34 | CP37: 51140 | CV37: =TEXT(CW37,"mmm-yyyy") -> Dec-2027 | CW37: =EDATE(CW36,1) -> 46722 | CX37: =EOMONTH(CW37,0) -> 46752 | DA37: 15 | DB37: =IFERROR(BY18 - DAY(BY18) + 1,"") | DC37: =IFERROR(SMALL(($DA$15:$DA$19,$DB$15:$DB$19,$DC$15:$DC$19),CN18),"") | DE37: =IFERROR(MATCH(DF37,$DB$23:$DB$37,0),"") | DF37: =CW37 -> 46722 | DG37: =IF(OR($CU$3=$M$6,DE37=""),"","AGI") | DH37: =IFERROR(EOMONTH(DF37,0),"") -> 46752 | DI37: =IFERROR(IF(AND($CS$3=2,DJ37="AGI",INDEX($DJ$4:$DJ$56,MATCH($DR$1,$DJ$4:DJ37,0),1)=$DR$1),2,0),0) -> 0 | DJ37: =IFERROR(IF(AND(NOT($DE$51=""),DK37=$DE$51),$DG$51,IF(AND(NOT($DE$53=""),DK37=$DE$53),$DG$53,INDEX($DG$4:$DG$58,MATCH(DK37,$DF$4:$DF$58,0),1))),"") | DK37: =IFERROR(IF(SMALL($DF$4:$DF$58,CN37)>$CJ$2,"",SMALL($DF$4:$DF$58,CN37)),"") | DL37: =IF(AND(NOT($DE$51=""),DK37=$DE$51),$DH$51,IF(AND(NOT($DE$53=""),DK37=$DE$53),$DH$53,INDEX($DH$4:$DH$58,MATCH(DK37,$DF$4:$DF$58,0),1))) | DM37: =IF(DI37>0,DI37,IF(OR(AND($CS$3=2,DJ37="PRO"),OR(DJ37="AGI",LEFT(DJ37,3)="AGI",DJ37="AAS")),1,IF(AND($CS$3=1,DJ37="PRO"),2,0))) -> 0 | DN37: =IF(DN36=$CP$2,$CP$2,IF(DK37>=$DT$2,MAX($DU$2,INDEX($CP$4:$CP$89,MATCH(DN36,$CP$4:$CP$89,1)+DM37)),INDEX($CP$4:$CP$89,MATCH(DN36,$CP$4:$CP$89,1)+DM37))) -> 74770 | DO37: =IFERROR(INDEX($DQ$3:$DR$3,1,MATCH(DJ37,$DQ$1:$DR$1,0)),"") | DP37: =MAX(DP36,DN37:DO37) -> 74770 | DQ37: =IFERROR(IF(DO37="","",IF(SUM(MATCH(DP37,$CP$4:$CP$89,0)-MATCH(DP36,$CP$4:$CP$89,0))<=0,"",SUM(MATCH(DP37,$CP$4:$CP$89,0)-MATCH(DP36,$CP$4:$CP$89,0)))),"") | DS37: =IF(DQ37="",DM37,DQ37) -> 0 | DT37: =IF(DN36=$CP$2,$CP$2,IF(DK37>=$DT$2,MAX($DU$2,INDEX($CP$4:$CP$89,MATCH(DT36,$CP$4:$CP$89,1)+DS37)),INDEX($CP$4:$CP$89,MATCH(DT36,$CP$4:$CP$89,1)+DS37))) -> 74770 | DV37: =IF($N$13="","",IF(AND(NOT($DF$59=""),MATCH($DG$52,$DJ$4:$DJ$55,0)>0,DK37=$DE$51),"HRA-1",IF(AND(NOT($DG$52=""),DJ37=$DG$52),"HRA-2",IF(AND(NOT($DG$54=""),DJ37=$DG$54),"HRA-3","")))) | DW37: =IF(DK37="","",TEXT(DK37,"Dd-MM-YYYY")) | DX37: =IF(DL37="","",TEXT(DL37,"Dd-MM-YYYY")) | DY37: =IF(DW37="","",DATE(YEAR(DK37),MONTH(DK37),DAY(DK37))) | DZ37: =IF(DX37="","",DATE(YEAR(DL37),MONTH(DL37),DAY(DL37))) | EA37: =IFERROR(SUM(DZ37-DY37,0)+1,"") | EB37: =IFERROR(INDEX($BN$4:$BN$17,MATCH(DW37,$BL$4:$BL$17,0),1),0) -> 0 | EC37: =IFERROR(IF(EB37=0,EA37,MAX(IF(EB37=0.5,EA37/2,EA37+EB37),0)),"") | ED37: =IFERROR(INDEX($BK$4:$BK$17,MATCH(DW37,$BL$4:$BL$17,0),1),0) -> 0 | EE37: =IFERROR(IF(NOT(ED37=$CH$8),0,INDEX($BO$4:$BO$17,MATCH(DW37,$BL$4:$BL$17,0),1)),0) -> 0 | EF37: =IFERROR(IF(AND(LEFT(DJ37,3)="S/L",EH37=15),ROUND(DT37*0.5,0),IF(DJ37=$DJ$59,$DL$61,IF(DJ37=$DJ$64,$DL$66,ROUND(SUM(EH37/EG37)*DT37,0)))),"") | EG37: =IFERROR(DAY(EOMONTH(DK37,0)),"") | EH37: =EC37 | EJ37: =IF(DK37="","",TEXT(DK37,"MMM-YYYY")) | EP37: =IF($K$40=$EO$57,0,IF(AND(DK37>=EP$1,$DK37<=EQ$1),SUM(ROUND(EF37*$EQ$2%,0)-ROUND(EF37*$EP$2%,0)),0)) -> 0 | EQ37: =IF($K$40=$EO$57,0,IF(AND(DK37>=EP$1,$DK37<=EQ$1),ROUND(EP37*10%,0),0)) -> 0 | EU37: =IF($AR$44=$EO$57,0,IF(AND(DK37>=$EU$1,$DK37<=$EV$1),SUM(ROUND(EF37*$EV$2%,0)-ROUND(EF37*$EU$2%,0)),0)) -> 0 | EV37: =IF($AR$44=$EO$57,0,IF(AND(DK37>=$EU$1,$DK37<=$EV$1),ROUND(EU37*10%,0),0)) -> 0 | EZ37: =IF(AND(DK37>=$EZ$1,$DK37<=$FA$1),ROUND(EF37*$EY$2%,0),0) -> 0 | FA37: =IF(AND(DK37>=$EZ$1,$DK37<=$FA$1),ROUND(EF37*$FA$2%*10%,0)-(ROUND(EF37*$EZ$2%*10%,0)),0) -> 0 | GC37: Deductions | GI37: 14 | GJ37: 80C | GK37: Reliance Life insurance | GL37: 150000
B38: BASIC PAY | F38: =AN42 -> 2000 | H38: =INDEX(FYMONTH,3,0) -> May-2025 | K38: =UPPER("Enter received -"&'Statement(edit)'!S4&"- DA Arrears,if not,enter 0 value in cells") -> ENTER RECEIVED -CPS- DA ARREARS,IF NOT,ENTER 0 VALUE IN CELLS | P38: Claimed Instals (90%) | X38: =DK36 | Y38: =DL36 | Z38: =DJ36 | AA38: =EF36 | AB38: =EP36 -> 0 | AC38: =EQ36 -> 0 | AD38: =AB38-AC38 -> 0 | AR38: if CMRF-Period & Rs | AT38: Aug-2025 | AU38: N/A | CN38: 35 | CP38: 52600 | CV38: =TEXT(CW38,"mmm-yyyy") -> Jan-2028 | CW38: =EDATE(CW37,1) -> 46753 | CX38: =EOMONTH(CW38,0) -> 46783 | DE38: =IFERROR(MATCH(DF38,$DB$23:$DB$37,0),"") | DF38: =CW38 -> 46753 | DG38: =IF(OR($CU$3=$M$6,DE38=""),"","AGI") | DH38: =IFERROR(EOMONTH(DF38,0),"") -> 46783 | DI38: =IFERROR(IF(AND($CS$3=2,DJ38="AGI",INDEX($DJ$4:$DJ$56,MATCH($DR$1,$DJ$4:DJ38,0),1)=$DR$1),2,0),0) -> 0 | DJ38: =IFERROR(IF(AND(NOT($DE$51=""),DK38=$DE$51),$DG$51,IF(AND(NOT($DE$53=""),DK38=$DE$53),$DG$53,INDEX($DG$4:$DG$58,MATCH(DK38,$DF$4:$DF$58,0),1))),"") | DK38: =IFERROR(IF(SMALL($DF$4:$DF$58,CN38)>$CJ$2,"",SMALL($DF$4:$DF$58,CN38)),"") | DL38: =IF(AND(NOT($DE$51=""),DK38=$DE$51),$DH$51,IF(AND(NOT($DE$53=""),DK38=$DE$53),$DH$53,INDEX($DH$4:$DH$58,MATCH(DK38,$DF$4:$DF$58,0),1))) | DM38: =IF(DI38>0,DI38,IF(OR(AND($CS$3=2,DJ38="PRO"),OR(DJ38="AGI",LEFT(DJ38,3)="AGI",DJ38="AAS")),1,IF(AND($CS$3=1,DJ38="PRO"),2,0))) -> 0 | DN38: =IF(DN37=$CP$2,$CP$2,IF(DK38>=$DT$2,MAX($DU$2,INDEX($CP$4:$CP$89,MATCH(DN37,$CP$4:$CP$89,1)+DM38)),INDEX($CP$4:$CP$89,MATCH(DN37,$CP$4:$CP$89,1)+DM38))) -> 74770 | DO38: =IFERROR(INDEX($DQ$3:$DR$3,1,MATCH(DJ38,$DQ$1:$DR$1,0)),"") | DP38: =MAX(DP37,DN38:DO38) -> 74770 | DQ38: =IFERROR(IF(DO38="","",IF(SUM(MATCH(DP38,$CP$4:$CP$89,0)-MATCH(DP37,$CP$4:$CP$89,0))<=0,"",SUM(MATCH(DP38,$CP$4:$CP$89,0)-MATCH(DP37,$CP$4:$CP$89,0)))),"") | DS38: =IF(DQ38="",DM38,DQ38) -> 0 | DT38: =IF(DN37=$CP$2,$CP$2,IF(DK38>=$DT$2,MAX($DU$2,INDEX($CP$4:$CP$89,MATCH(DT37,$CP$4:$CP$89,1)+DS38)),INDEX($CP$4:$CP$89,MATCH(DT37,$CP$4:$CP$89,1)+DS38))) -> 74770 | DV38: =IF($N$13="","",IF(AND(NOT($DF$59=""),MATCH($DG$52,$DJ$4:$DJ$55,0)>0,DK38=$DE$51),"HRA-1",IF(AND(NOT($DG$52=""),DJ38=$DG$52),"HRA-2",IF(AND(NOT($DG$54=""),DJ38=$DG$54),"HRA-3","")))) | DW38: =IF(DK38="","",TEXT(DK38,"Dd-MM-YYYY")) | DX38: =IF(DL38="","",TEXT(DL38,"Dd-MM-YYYY")) | DY38: =IF(DW38="","",DATE(YEAR(DK38),MONTH(DK38),DAY(DK38))) | DZ38: =IF(DX38="","",DATE(YEAR(DL38),MONTH(DL38),DAY(DL38))) | EA38: =IFERROR(SUM(DZ38-DY38,0)+1,"") | EB38: =IFERROR(INDEX($BN$4:$BN$17,MATCH(DW38,$BL$4:$BL$17,0),1),0) -> 0 | EC38: =IFERROR(IF(EB38=0,EA38,MAX(IF(EB38=0.5,EA38/2,EA38+EB38),0)),"") | ED38: =IFERROR(INDEX($BK$4:$BK$17,MATCH(DW38,$BL$4:$BL$17,0),1),0) -> 0 | EE38: =IFERROR(IF(NOT(ED38=$CH$8),0,INDEX($BO$4:$BO$17,MATCH(DW38,$BL$4:$BL$17,0),1)),0) -> 0 | EF38: =IFERROR(IF(AND(LEFT(DJ38,3)="S/L",EH38=15),ROUND(DT38*0.5,0),IF(DJ38=$DJ$59,$DL$61,IF(DJ38=$DJ$64,$DL$66,ROUND(SUM(EH38/EG38)*DT38,0)))),"") | EG38: =IFERROR(DAY(EOMONTH(DK38,0)),"") | EH38: =EC38 | EJ38: =IF(DK38="","",TEXT(DK38,"MMM-YYYY")) | EP38: =IF($K$40=$EO$57,0,IF(AND(DK38>=EP$1,$DK38<=EQ$1),SUM(ROUND(EF38*$EQ$2%,0)-ROUND(EF38*$EP$2%,0)),0)) -> 0 | EQ38: =IF($K$40=$EO$57,0,IF(AND(DK38>=EP$1,$DK38<=EQ$1),ROUND(EP38*10%,0),0)) -> 0 | EU38: =IF($AR$44=$EO$57,0,IF(AND(DK38>=$EU$1,$DK38<=$EV$1),SUM(ROUND(EF38*$EV$2%,0)-ROUND(EF38*$EU$2%,0)),0)) -> 0 | EV38: =IF($AR$44=$EO$57,0,IF(AND(DK38>=$EU$1,$DK38<=$EV$1),ROUND(EU38*10%,0),0)) -> 0 | EZ38: =IF(AND(DK38>=$EZ$1,$DK38<=$FA$1),ROUND(EF38*$EY$2%,0),0) -> 0 | FA38: =IF(AND(DK38>=$EZ$1,$DK38<=$FA$1),ROUND(EF38*$FA$2%*10%,0)-(ROUND(EF38*$EZ$2%*10%,0)),0) -> 0 | FX38: =INDEX(FZ31:FZ35,MATCH(N33,FY31:FY35,0),1) -> 0 | FY38: CMRF-1 | FZ38: =DATA!M33 -> Sep-2025 | GA38: =IFERROR(INDEX(DATA!$CW$4:$CW$48,MATCH(DATA!FZ38,DATA!$CV$4:$CV$48,0),1),DATA!$CX$48) -> 45901 | GB38: =IFERROR(INDEX(Table!$N$7:$N$24,MATCH(DATA!GA38,Table!$G$7:$G$24,0),1),0) -> 74770 | GC38: =IFERROR(ROUND(GB38/DAY(GC35)*FX38,0),0) -> 0 | GI38: 15 | GJ38: 80C | GK38: Sukanya Samriddhi Scheme | GL38: 150000
B39: DA | F39: =AN43 -> 3000 | G39: Q2 | H39: =INDEX(FYMONTH,4,0) -> Jun-2025 | K39: DA Rates | L39: Total D.A Arrears Claimed | M39: Enter,GPF Credit Amount Rs. | N39: Enter credit CPS10% | O39: Claimed CPS-90% amount | X39: =DK37 | Y39: =DL37 | Z39: =DJ37 | AA39: =EF37 | AB39: =EP37 -> 0 | AC39: =EQ37 -> 0 | AD39: =AB39-AC39 -> 0 | AR39: if ,Surrender leave Period & Days | AT39: NA | AU39: 30 | CN39: 36 | CP39: 54060 | CV39: =TEXT(CW39,"mmm-yyyy") -> Feb-2028 | CW39: =EDATE(CW38,1) -> 46784 | CX39: =EOMONTH(CW39,0) -> 46812 | DE39: =IFERROR(MATCH(DF39,$DB$23:$DB$37,0),"") | DF39: =CW39 -> 46784 | DG39: =IF(OR($CU$3=$M$6,DE39=""),"","AGI") | DH39: =IFERROR(EOMONTH(DF39,0),"") -> 46812 | DI39: =IFERROR(IF(AND($CS$3=2,DJ39="AGI",INDEX($DJ$4:$DJ$56,MATCH($DR$1,$DJ$4:DJ39,0),1)=$DR$1),2,0),0) -> 0 | DJ39: =IFERROR(IF(AND(NOT($DE$51=""),DK39=$DE$51),$DG$51,IF(AND(NOT($DE$53=""),DK39=$DE$53),$DG$53,INDEX($DG$4:$DG$58,MATCH(DK39,$DF$4:$DF$58,0),1))),"") | DK39: =IFERROR(IF(SMALL($DF$4:$DF$58,CN39)>$CJ$2,"",SMALL($DF$4:$DF$58,CN39)),"") | DL39: =IF(AND(NOT($DE$51=""),DK39=$DE$51),$DH$51,IF(AND(NOT($DE$53=""),DK39=$DE$53),$DH$53,INDEX($DH$4:$DH$58,MATCH(DK39,$DF$4:$DF$58,0),1))) | DM39: =IF(DI39>0,DI39,IF(OR(AND($CS$3=2,DJ39="PRO"),OR(DJ39="AGI",LEFT(DJ39,3)="AGI",DJ39="AAS")),1,IF(AND($CS$3=1,DJ39="PRO"),2,0))) -> 0 | DN39: =IF(DN38=$CP$2,$CP$2,IF(DK39>=$DT$2,MAX($DU$2,INDEX($CP$4:$CP$89,MATCH(DN38,$CP$4:$CP$89,1)+DM39)),INDEX($CP$4:$CP$89,MATCH(DN38,$CP$4:$CP$89,1)+DM39))) -> 74770 | DO39: =IFERROR(INDEX($DQ$3:$DR$3,1,MATCH(DJ39,$DQ$1:$DR$1,0)),"") | DP39: =MAX(DP38,DN39:DO39) -> 74770 | DQ39: =IFERROR(IF(DO39="","",IF(SUM(MATCH(DP39,$CP$4:$CP$89,0)-MATCH(DP38,$CP$4:$CP$89,0))<=0,"",SUM(MATCH(DP39,$CP$4:$CP$89,0)-MATCH(DP38,$CP$4:$CP$89,0)))),"") | DS39: =IF(DQ39="",DM39,DQ39) -> 0 | DT39: =IF(DN38=$CP$2,$CP$2,IF(DK39>=$DT$2,MAX($DU$2,INDEX($CP$4:$CP$89,MATCH(DT38,$CP$4:$CP$89,1)+DS39)),INDEX($CP$4:$CP$89,MATCH(DT38,$CP$4:$CP$89,1)+DS39))) -> 74770 | DV39: =IF($N$13="","",IF(AND(NOT($DF$59=""),MATCH($DG$52,$DJ$4:$DJ$55,0)>0,DK39=$DE$51),"HRA-1",IF(AND(NOT($DG$52=""),DJ39=$DG$52),"HRA-2",IF(AND(NOT($DG$54=""),DJ39=$DG$54),"HRA-3","")))) | DW39: =IF(DK39="","",TEXT(DK39,"Dd-MM-YYYY")) | DX39: =IF(DL39="","",TEXT(DL39,"Dd-MM-YYYY")) | DY39: =IF(DW39="","",DATE(YEAR(DK39),MONTH(DK39),DAY(DK39))) | DZ39: =IF(DX39="","",DATE(YEAR(DL39),MONTH(DL39),DAY(DL39))) | EA39: =IFERROR(SUM(DZ39-DY39,0)+1,"") | EB39: =IFERROR(INDEX($BN$4:$BN$17,MATCH(DW39,$BL$4:$BL$17,0),1),0) -> 0 | EC39: =IFERROR(IF(EB39=0,EA39,MAX(IF(EB39=0.5,EA39/2,EA39+EB39),0)),"") | ED39: =IFERROR(INDEX($BK$4:$BK$17,MATCH(DW39,$BL$4:$BL$17,0),1),0) -> 0 | EE39: =IFERROR(IF(NOT(ED39=$CH$8),0,INDEX($BO$4:$BO$17,MATCH(DW39,$BL$4:$BL$17,0),1)),0) -> 0 | EF39: =IFERROR(IF(AND(LEFT(DJ39,3)="S/L",EH39=15),ROUND(DT39*0.5,0),IF(DJ39=$DJ$59,$DL$61,IF(DJ39=$DJ$64,$DL$66,ROUND(SUM(EH39/EG39)*DT39,0)))),"") | EG39: =IFERROR(DAY(EOMONTH(DK39,0)),"") | EH39: =EC39 | EJ39: =IF(DK39="","",TEXT(DK39,"MMM-YYYY")) | EP39: =IF($K$40=$EO$57,0,IF(AND(DK39>=EP$1,$DK39<=EQ$1),SUM(ROUND(EF39*$EQ$2%,0)-ROUND(EF39*$EP$2%,0)),0)) -> 0 | EQ39: =IF($K$40=$EO$57,0,IF(AND(DK39>=EP$1,$DK39<=EQ$1),ROUND(EP39*10%,0),0)) -> 0 | EU39: =IF($AR$44=$EO$57,0,IF(AND(DK39>=$EU$1,$DK39<=$EV$1),SUM(ROUND(EF39*$EV$2%,0)-ROUND(EF39*$EU$2%,0)),0)) -> 0 | EV39: =IF($AR$44=$EO$57,0,IF(AND(DK39>=$EU$1,$DK39<=$EV$1),ROUND(EU39*10%,0),0)) -> 0 | EZ39: =IF(AND(DK39>=$EZ$1,$DK39<=$FA$1),ROUND(EF39*$EY$2%,0),0) -> 0 | FA39: =IF(AND(DK39>=$EZ$1,$DK39<=$FA$1),ROUND(EF39*$FA$2%*10%,0)-(ROUND(EF39*$EZ$2%*10%,0)),0) -> 0 | FX39: =INDEX(FZ31:FZ35,MATCH(AU38,FY31:FY35,0),1) -> 0 | FY39: CMRF-2 | FZ39: =DATA!AT38 -> Aug-2025 | GA39: =IFERROR(INDEX(DATA!$CW$4:$CW$48,MATCH(DATA!FZ39,DATA!$CV$4:$CV$48,0),1),DATA!$CX$48) -> 45870 | GB39: =IFERROR(INDEX(Table!$N$7:$N$24,MATCH(DATA!GA39,Table!$G$7:$G$24,0),1),"") -> 74770 | GC39: =ROUND(GB39/DAY(GC36)*FX39,0) -> 0 | GI39: 16 | GJ39: 80C | GK39: UTI Retirement benefit pension fund | GL39: 150000
B40: HRA | F40: =AN44 -> 3000 | H40: =INDEX(FYMONTH,5,0) -> Jul-2025 | K40: N.A | L40: 0 | N40: 0 | O40: 0 | P40: 1 | Q40: IF(DATA!AR43="N.A","","As per Software (D.A-"&EQ2&"%) >>"&IF(NOT(BD42=2),"Total D.A arrears:"&AU43&", GPF DA:"&AZ43,"Total D.A arrears-"&DATA!BD43&", CPS 10%- "&BA43&", CPS-90% ("&AY43&" instals/"&AX43&") -"&BB43)) | X40: =DK38 | Y40: =DL38 | Z40: =DJ38 | AA40: =EF38 | AB40: =EP38 -> 0 | AC40: =EQ38 -> 0 | AD40: =AB40-AC40 -> 0 | AJ40: 12 | AK40: =IF(I36>1,"",ROUNDUP(SUM($F$48-SUM(I36))/12,-2)) -> 2000 | AL40: =ROUND(SUM($F$48-SUM(I36))/12,0) -> 1910 | AM40: =ROUND(AL40/500,0)*500 -> 2000 | AN40: =IFERROR(MROUND(AL40,1000),AL40) -> 2000 | CN40: 37 | CP40: 55520 | CV40: =TEXT(CW40,"mmm-yyyy") -> Mar-2028 | CW40: =EDATE(CW39,1) -> 46813 | CX40: =EOMONTH(CW40,0) -> 46843 | DE40: =IFERROR(MATCH(DF40,$DB$23:$DB$37,0),"") | DF40: =CW40 -> 46813 | DG40: =IF(OR($CU$3=$M$6,DE40=""),"","AGI") | DH40: =IFERROR(EOMONTH(DF40,0),"") -> 46843 | DI40: =IFERROR(IF(AND($CS$3=2,DJ40="AGI",INDEX($DJ$4:$DJ$56,MATCH($DR$1,$DJ$4:DJ40,0),1)=$DR$1),2,0),0) -> 0 | DJ40: =IFERROR(IF(AND(NOT($DE$51=""),DK40=$DE$51),$DG$51,IF(AND(NOT($DE$53=""),DK40=$DE$53),$DG$53,INDEX($DG$4:$DG$58,MATCH(DK40,$DF$4:$DF$58,0),1))),"") | DK40: =IFERROR(IF(SMALL($DF$4:$DF$58,CN40)>$CJ$2,"",SMALL($DF$4:$DF$58,CN40)),"") | DL40: =IF(AND(NOT($DE$51=""),DK40=$DE$51),$DH$51,IF(AND(NOT($DE$53=""),DK40=$DE$53),$DH$53,INDEX($DH$4:$DH$58,MATCH(DK40,$DF$4:$DF$58,0),1))) | DM40: =IF(DI40>0,DI40,IF(OR(AND($CS$3=2,DJ40="PRO"),OR(DJ40="AGI",LEFT(DJ40,3)="AGI",DJ40="AAS")),1,IF(AND($CS$3=1,DJ40="PRO"),2,0))) -> 0 | DN40: =IF(DN39=$CP$2,$CP$2,IF(DK40>=$DT$2,MAX($DU$2,INDEX($CP$4:$CP$89,MATCH(DN39,$CP$4:$CP$89,1)+DM40)),INDEX($CP$4:$CP$89,MATCH(DN39,$CP$4:$CP$89,1)+DM40))) -> 74770 | DO40: =IFERROR(INDEX($DQ$3:$DR$3,1,MATCH(DJ40,$DQ$1:$DR$1,0)),"") | DP40: =MAX(DP39,DN40:DO40) -> 74770 | DQ40: =IFERROR(IF(DO40="","",IF(SUM(MATCH(DP40,$CP$4:$CP$89,0)-MATCH(DP39,$CP$4:$CP$89,0))<=0,"",SUM(MATCH(DP40,$CP$4:$CP$89,0)-MATCH(DP39,$CP$4:$CP$89,0)))),"") | DS40: =IF(DQ40="",DM40,DQ40) -> 0 | DT40: =IF(DN39=$CP$2,$CP$2,IF(DK40>=$DT$2,MAX($DU$2,INDEX($CP$4:$CP$89,MATCH(DT39,$CP$4:$CP$89,1)+DS40)),INDEX($CP$4:$CP$89,MATCH(DT39,$CP$4:$CP$89,1)+DS40))) -> 74770 | DV40: =IF($N$13="","",IF(AND(NOT($DF$59=""),MATCH($DG$52,$DJ$4:$DJ$55,0)>0,DK40=$DE$51),"HRA-1",IF(AND(NOT($DG$52=""),DJ40=$DG$52),"HRA-2",IF(AND(NOT($DG$54=""),DJ40=$DG$54),"HRA-3","")))) | DW40: =IF(DK40="","",TEXT(DK40,"Dd-MM-YYYY")) | DX40: =IF(DL40="","",TEXT(DL40,"Dd-MM-YYYY")) | DY40: =IF(DW40="","",DATE(YEAR(DK40),MONTH(DK40),DAY(DK40))) | DZ40: =IF(DX40="","",DATE(YEAR(DL40),MONTH(DL40),DAY(DL40))) | EA40: =IFERROR(SUM(DZ40-DY40,0)+1,"") | EB40: =IFERROR(INDEX($BN$4:$BN$17,MATCH(DW40,$BL$4:$BL$17,0),1),0) -> 0 | EC40: =IFERROR(IF(EB40=0,EA40,MAX(IF(EB40=0.5,EA40/2,EA40+EB40),0)),"") | ED40: =IFERROR(INDEX($BK$4:$BK$17,MATCH(DW40,$BL$4:$BL$17,0),1),0) -> 0 | EE40: =IFERROR(IF(NOT(ED40=$CH$8),0,INDEX($BO$4:$BO$17,MATCH(DW40,$BL$4:$BL$17,0),1)),0) -> 0 | EF40: =IFERROR(IF(AND(LEFT(DJ40,3)="S/L",EH40=15),ROUND(DT40*0.5,0),IF(DJ40=$DJ$59,$DL$61,IF(DJ40=$DJ$64,$DL$66,ROUND(SUM(EH40/EG40)*DT40,0)))),"") | EG40: =IFERROR(DAY(EOMONTH(DK40,0)),"") | EH40: =EC40 | EJ40: =IF(DK40="","",TEXT(DK40,"MMM-YYYY")) | EP40: =IF($K$40=$EO$57,0,IF(AND(DK40>=EP$1,$DK40<=EQ$1),SUM(ROUND(EF40*$EQ$2%,0)-ROUND(EF40*$EP$2%,0)),0)) -> 0 | EQ40: =IF($K$40=$EO$57,0,IF(AND(DK40>=EP$1,$DK40<=EQ$1),ROUND(EP40*10%,0),0)) -> 0 | EU40: =IF($AR$44=$EO$57,0,IF(AND(DK40>=$EU$1,$DK40<=$EV$1),SUM(ROUND(EF40*$EV$2%,0)-ROUND(EF40*$EU$2%,0)),0)) -> 0 | EV40: =IF($AR$44=$EO$57,0,IF(AND(DK40>=$EU$1,$DK40<=$EV$1),ROUND(EU40*10%,0),0)) -> 0 | EZ40: =IF(AND(DK40>=$EZ$1,$DK40<=$FA$1),ROUND(EF40*$EY$2%,0),0) -> 0 | FA40: =IF(AND(DK40>=$EZ$1,$DK40<=$FA$1),ROUND(EF40*$FA$2%*10%,0)-(ROUND(EF40*$EZ$2%*10%,0)),0) -> 0 | FY40: EWF | FZ40: =M30 -> Mar-2025 | GA40: =IFERROR(INDEX(DATA!$CW$4:$CW$48,MATCH(DATA!FZ40,DATA!$CV$4:$CV$48,0),1),DATA!$CX$48) -> 45717 | GC40: =N30 -> 20 | GI40: 17 | GJ40: 80CCC | GK40: LIC / UTI etc. Pension funds-80CCC | GL40: 150000
B41: CCA | F41: =AN45 -> 3000 | H41: =INDEX(FYMONTH,6,0) -> Aug-2025 | K41: Other DA Arrears 1 | L41: 0 | M41: 0 | N41: 0 | O41: =L41-N41 -> 0 | X41: =DK39 | Y41: =DL39 | Z41: =DJ39 | AA41: =EF39 | AB41: =EP39 -> 0 | AC41: =EQ39 -> 0 | AD41: =AB41-AC41 -> 0 | AJ41: 11 | AK41: =IF(I37>1,"",ROUNDUP(SUM($F$48-SUM($I$36:$I37))/AJ41,-2)) -> 2100 | AL41: =ROUND(SUM($F$48-SUM($I$36:$I36))/AJ41,0) -> 2084 | AM41: =ROUND(AL41/500,0)*500 -> 2000 | AN41: =IFERROR(MROUND(AL41,1000),AL41) -> 2000 | CN41: 38 | CP41: 57100 | CV41: =TEXT(CW41,"mmm-yyyy") -> Apr-2028 | CW41: =EDATE(CW40,1) -> 46844 | CX41: =EOMONTH(CW41,0) -> 46873 | DE41: =IFERROR(MATCH(DF41,$DB$23:$DB$37,0),"") | DF41: =CW41 -> 46844 | DG41: =IF(OR($CU$3=$M$6,DE41=""),"","AGI") | DH41: =IFERROR(EOMONTH(DF41,0),"") -> 46873 | DI41: =IFERROR(IF(AND($CS$3=2,DJ41="AGI",INDEX($DJ$4:$DJ$56,MATCH($DR$1,$DJ$4:DJ41,0),1)=$DR$1),2,0),0) -> 0 | DJ41: =IFERROR(IF(AND(NOT($DE$51=""),DK41=$DE$51),$DG$51,IF(AND(NOT($DE$53=""),DK41=$DE$53),$DG$53,INDEX($DG$4:$DG$58,MATCH(DK41,$DF$4:$DF$58,0),1))),"") | DK41: =IFERROR(IF(SMALL($DF$4:$DF$58,CN41)>$CJ$2,"",SMALL($DF$4:$DF$58,CN41)),"") | DL41: =IF(AND(NOT($DE$51=""),DK41=$DE$51),$DH$51,IF(AND(NOT($DE$53=""),DK41=$DE$53),$DH$53,INDEX($DH$4:$DH$58,MATCH(DK41,$DF$4:$DF$58,0),1))) | DM41: =IF(DI41>0,DI41,IF(OR(AND($CS$3=2,DJ41="PRO"),OR(DJ41="AGI",LEFT(DJ41,3)="AGI",DJ41="AAS")),1,IF(AND($CS$3=1,DJ41="PRO"),2,0))) -> 0 | DN41: =IF(DN40=$CP$2,$CP$2,IF(DK41>=$DT$2,MAX($DU$2,INDEX($CP$4:$CP$89,MATCH(DN40,$CP$4:$CP$89,1)+DM41)),INDEX($CP$4:$CP$89,MATCH(DN40,$CP$4:$CP$89,1)+DM41))) -> 74770 | DO41: =IFERROR(INDEX($DQ$3:$DR$3,1,MATCH(DJ41,$DQ$1:$DR$1,0)),"") | DP41: =MAX(DP40,DN41:DO41) -> 74770 | DQ41: =IFERROR(IF(DO41="","",IF(SUM(MATCH(DP41,$CP$4:$CP$89,0)-MATCH(DP40,$CP$4:$CP$89,0))<=0,"",SUM(MATCH(DP41,$CP$4:$CP$89,0)-MATCH(DP40,$CP$4:$CP$89,0)))),"") | DS41: =IF(DQ41="",DM41,DQ41) -> 0 | DT41: =IF(DN40=$CP$2,$CP$2,IF(DK41>=$DT$2,MAX($DU$2,INDEX($CP$4:$CP$89,MATCH(DT40,$CP$4:$CP$89,1)+DS41)),INDEX($CP$4:$CP$89,MATCH(DT40,$CP$4:$CP$89,1)+DS41))) -> 74770 | DV41: =IF($N$13="","",IF(AND(NOT($DF$59=""),MATCH($DG$52,$DJ$4:$DJ$55,0)>0,DK41=$DE$51),"HRA-1",IF(AND(NOT($DG$52=""),DJ41=$DG$52),"HRA-2",IF(AND(NOT($DG$54=""),DJ41=$DG$54),"HRA-3","")))) | DW41: =IF(DK41="","",TEXT(DK41,"Dd-MM-YYYY")) | DX41: =IF(DL41="","",TEXT(DL41,"Dd-MM-YYYY")) | DY41: =IF(DW41="","",DATE(YEAR(DK41),MONTH(DK41),DAY(DK41))) | DZ41: =IF(DX41="","",DATE(YEAR(DL41),MONTH(DL41),DAY(DL41))) | EA41: =IFERROR(SUM(DZ41-DY41,0)+1,"") | EB41: =IFERROR(INDEX($BN$4:$BN$17,MATCH(DW41,$BL$4:$BL$17,0),1),0) -> 0 | EC41: =IFERROR(IF(EB41=0,EA41,MAX(IF(EB41=0.5,EA41/2,EA41+EB41),0)),"") | ED41: =IFERROR(INDEX($BK$4:$BK$17,MATCH(DW41,$BL$4:$BL$17,0),1),0) -> 0 | EE41: =IFERROR(IF(NOT(ED41=$CH$8),0,INDEX($BO$4:$BO$17,MATCH(DW41,$BL$4:$BL$17,0),1)),0) -> 0 | EF41: =IFERROR(IF(AND(LEFT(DJ41,3)="S/L",EH41=15),ROUND(DT41*0.5,0),IF(DJ41=$DJ$59,$DL$61,IF(DJ41=$DJ$64,$DL$66,ROUND(SUM(EH41/EG41)*DT41,0)))),"") | EG41: =IFERROR(DAY(EOMONTH(DK41,0)),"") | EH41: =EC41 | EJ41: =IF(DK41="","",TEXT(DK41,"MMM-YYYY")) | EP41: =IF($K$40=$EO$57,0,IF(AND(DK41>=EP$1,$DK41<=EQ$1),SUM(ROUND(EF41*$EQ$2%,0)-ROUND(EF41*$EP$2%,0)),0)) -> 0 | EQ41: =IF($K$40=$EO$57,0,IF(AND(DK41>=EP$1,$DK41<=EQ$1),ROUND(EP41*10%,0),0)) -> 0 | EU41: =IF($AR$44=$EO$57,0,IF(AND(DK41>=$EU$1,$DK41<=$EV$1),SUM(ROUND(EF41*$EV$2%,0)-ROUND(EF41*$EU$2%,0)),0)) -> 0 | EV41: =IF($AR$44=$EO$57,0,IF(AND(DK41>=$EU$1,$DK41<=$EV$1),ROUND(EU41*10%,0),0)) -> 0 | EZ41: =IF(AND(DK41>=$EZ$1,$DK41<=$FA$1),ROUND(EF41*$EY$2%,0),0) -> 0 | FA41: =IF(AND(DK41>=$EZ$1,$DK41<=$FA$1),ROUND(EF41*$FA$2%*10%,0)-(ROUND(EF41*$EZ$2%*10%,0)),0) -> 0 | FY41: SWF | FZ41: =M31 -> Dec-2025 | GA41: =IFERROR(INDEX(DATA!$CW$4:$CW$48,MATCH(DATA!FZ41,DATA!$CV$4:$CV$48,0),1),DATA!$CX$48) -> 45992 | GC41: =N31 -> 100 | GI41: 18 | GJ41: 80C | GK41: Stampduty and registration charges for a home | GL41: 150000
B42: =K21 -> Others | F42: =AN46 -> 4000 | G42: Q3 | H42: =INDEX(FYMONTH,7,0) -> Sep-2025 | K42: Other DA Arrears 2 | L42: 0 | M42: 0 | N42: 0 | O42: =L42-N42 -> 0 | X42: =DK40 | Y42: =DL40 | Z42: =DJ40 | AA42: =EF40 | AB42: =EP40 -> 0 | AC42: =EQ40 -> 0 | AD42: =AB42-AC42 -> 0 | AJ42: 10 | AK42: =IF(I38>1,"",ROUNDUP(SUM($F$48-SUM($I$36:$I38))/AJ42,-2)) -> 2300 | AL42: =ROUND(SUM($F$48-SUM($I$36:$I37))/AJ42,0) -> 2292 | AM42: =ROUND(AL42/500,0)*500 -> 2500 | AN42: =IFERROR(MROUND(AL42,1000),AL42) -> 2000 | AR42: DA rates | AT42: DA RATES | AU42: Total GPF | AV42: total CPS10% | AW42: totalCPS-90% | AX42: Instals | AY42: No of instal credit | AZ42: Credit to GPF | BA42: credit to CPS10% | BB42: Credit to CPS90% | BC42: To be retire | BD42: =IF($CS$11=M7,2,1) -> 2 | CN42: 39 | CP42: 58680 | CV42: =TEXT(CW42,"mmm-yyyy") -> May-2028 | CW42: =EDATE(CW41,1) -> 46874 | CX42: =EOMONTH(CW42,0) -> 46904 | DE42: =IFERROR(MATCH(DF42,$DB$23:$DB$37,0),"") | DF42: =CW42 -> 46874 | DG42: =IF(OR($CU$3=$M$6,DE42=""),"","AGI") | DH42: =IFERROR(EOMONTH(DF42,0),"") -> 46904 | DI42: =IFERROR(IF(AND($CS$3=2,DJ42="AGI",INDEX($DJ$4:$DJ$56,MATCH($DR$1,$DJ$4:DJ42,0),1)=$DR$1),2,0),0) -> 0 | DJ42: =IFERROR(IF(AND(NOT($DE$51=""),DK42=$DE$51),$DG$51,IF(AND(NOT($DE$53=""),DK42=$DE$53),$DG$53,INDEX($DG$4:$DG$58,MATCH(DK42,$DF$4:$DF$58,0),1))),"") | DK42: =IFERROR(IF(SMALL($DF$4:$DF$58,CN42)>$CJ$2,"",SMALL($DF$4:$DF$58,CN42)),"") | DL42: =IF(AND(NOT($DE$51=""),DK42=$DE$51),$DH$51,IF(AND(NOT($DE$53=""),DK42=$DE$53),$DH$53,INDEX($DH$4:$DH$58,MATCH(DK42,$DF$4:$DF$58,0),1))) | DM42: =IF(DI42>0,DI42,IF(OR(AND($CS$3=2,DJ42="PRO"),OR(DJ42="AGI",LEFT(DJ42,3)="AGI",DJ42="AAS")),1,IF(AND($CS$3=1,DJ42="PRO"),2,0))) -> 0 | DN42: =IF(DN41=$CP$2,$CP$2,IF(DK42>=$DT$2,MAX($DU$2,INDEX($CP$4:$CP$89,MATCH(DN41,$CP$4:$CP$89,1)+DM42)),INDEX($CP$4:$CP$89,MATCH(DN41,$CP$4:$CP$89,1)+DM42))) -> 74770 | DO42: =IFERROR(INDEX($DQ$3:$DR$3,1,MATCH(DJ42,$DQ$1:$DR$1,0)),"") | DP42: =MAX(DP41,DN42:DO42) -> 74770 | DQ42: =IFERROR(IF(DO42="","",IF(SUM(MATCH(DP42,$CP$4:$CP$89,0)-MATCH(DP41,$CP$4:$CP$89,0))<=0,"",SUM(MATCH(DP42,$CP$4:$CP$89,0)-MATCH(DP41,$CP$4:$CP$89,0)))),"") | DS42: =IF(DQ42="",DM42,DQ42) -> 0 | DT42: =IF(DN41=$CP$2,$CP$2,IF(DK42>=$DT$2,MAX($DU$2,INDEX($CP$4:$CP$89,MATCH(DT41,$CP$4:$CP$89,1)+DS42)),INDEX($CP$4:$CP$89,MATCH(DT41,$CP$4:$CP$89,1)+DS42))) -> 74770 | DV42: =IF($N$13="","",IF(AND(NOT($DF$59=""),MATCH($DG$52,$DJ$4:$DJ$55,0)>0,DK42=$DE$51),"HRA-1",IF(AND(NOT($DG$52=""),DJ42=$DG$52),"HRA-2",IF(AND(NOT($DG$54=""),DJ42=$DG$54),"HRA-3","")))) | DW42: =IF(DK42="","",TEXT(DK42,"Dd-MM-YYYY")) | DX42: =IF(DL42="","",TEXT(DL42,"Dd-MM-YYYY")) | DY42: =IF(DW42="","",DATE(YEAR(DK42),MONTH(DK42),DAY(DK42))) | DZ42: =IF(DX42="","",DATE(YEAR(DL42),MONTH(DL42),DAY(DL42))) | EA42: =IFERROR(SUM(DZ42-DY42,0)+1,"") | EB42: =IFERROR(INDEX($BN$4:$BN$17,MATCH(DW42,$BL$4:$BL$17,0),1),0) -> 0 | EC42: =IFERROR(IF(EB42=0,EA42,MAX(IF(EB42=0.5,EA42/2,EA42+EB42),0)),"") | ED42: =IFERROR(INDEX($BK$4:$BK$17,MATCH(DW42,$BL$4:$BL$17,0),1),0) -> 0 | EE42: =IFERROR(IF(NOT(ED42=$CH$8),0,INDEX($BO$4:$BO$17,MATCH(DW42,$BL$4:$BL$17,0),1)),0) -> 0 | EF42: =IFERROR(IF(AND(LEFT(DJ42,3)="S/L",EH42=15),ROUND(DT42*0.5,0),IF(DJ42=$DJ$59,$DL$61,IF(DJ42=$DJ$64,$DL$66,ROUND(SUM(EH42/EG42)*DT42,0)))),"") | EG42: =IFERROR(DAY(EOMONTH(DK42,0)),"") | EH42: =EC42 | EJ42: =IF(DK42="","",TEXT(DK42,"MMM-YYYY")) | EP42: =IF($K$40=$EO$57,0,IF(AND(DK42>=EP$1,$DK42<=EQ$1),SUM(ROUND(EF42*$EQ$2%,0)-ROUND(EF42*$EP$2%,0)),0)) -> 0 | EQ42: =IF($K$40=$EO$57,0,IF(AND(DK42>=EP$1,$DK42<=EQ$1),ROUND(EP42*10%,0),0)) -> 0 | EU42: =IF($AR$44=$EO$57,0,IF(AND(DK42>=$EU$1,$DK42<=$EV$1),SUM(ROUND(EF42*$EV$2%,0)-ROUND(EF42*$EU$2%,0)),0)) -> 0 | EV42: =IF($AR$44=$EO$57,0,IF(AND(DK42>=$EU$1,$DK42<=$EV$1),ROUND(EU42*10%,0),0)) -> 0 | EZ42: =IF(AND(DK42>=$EZ$1,$DK42<=$FA$1),ROUND(EF42*$EY$2%,0),0) -> 0 | FA42: =IF(AND(DK42>=$EZ$1,$DK42<=$FA$1),ROUND(EF42*$FA$2%*10%,0)-(ROUND(EF42*$EZ$2%*10%,0)),0) -> 0 | FY42: Green Fund | FZ42: =M32 -> Mar-2025 | GA42: =IFERROR(INDEX(DATA!$CW$4:$CW$48,MATCH(DATA!FZ42,DATA!$CV$4:$CV$48,0),1),DATA!$CX$48) -> 45717 | GC42: 0
B43: CPS/GPF | F43: =AN47 -> 5000 | H43: =INDEX(FYMONTH,8,0) -> Oct-2025 | Q43: WWW.MEDAKBADI.IN (ALL OTHER SOFTWARES) | X43: =DK41 | Y43: =DL41 | Z43: =DJ41 | AA43: =EF41 | AB43: =EP41 -> 0 | AC43: =EQ41 -> 0 | AD43: =AB43-AC43 -> 0 | AJ43: 9 | AK43: =IF(I39>1,"",ROUNDUP(SUM($F$48-SUM($I$36:$I39))/AJ43,-2)) -> 2600 | AL43: =ROUND(SUM($F$48-SUM($I$36:$I38))/AJ43,0) -> 2547 | AM43: =ROUND(AL43/500,0)*500 -> 2500 | AN43: =IFERROR(MROUND(AL43,1000),AL43) -> 3000 | AR43: =K40 -> N.A | AS43: N.A | AT43: ="DA @"&EQ2 -> DA @37.31 | AU43: =IF(AND(M40>=0,NOT(M40="")),M40,EP68) -> 0 | AV43: =EQ68 -> 0 | AW43: =ER68 -> 0 | AX43: 28 | AY43: =P40 -> 1 | AZ43: =IF(NOT($BD$42=1),0,AU43) -> 0 | BA43: =IF(NOT($BD$42=2),0,IF(AND(N40>=0,NOT(N40="")),N40,AV43)) -> 0 | BB43: =IF(NOT($BD$42=2),0,IF(AND(O40>=0,NOT(O40="")),O40,ROUND(AW43/AX43*AY43,0))) -> 0 | BC43: =ROUND(AU43/AX43*AY43,0) -> 0 | BD43: =IF($BD$42=1,IF(AND(L40>0,NOT(L40="")),L40,AZ43),IF(AND(L40>0,NOT(L40="")),L40,BA43+BB43)) -> 0 | CN43: 40 | CP43: 60260 | CV43: =TEXT(CW43,"mmm-yyyy") -> Jun-2028 | CW43: =EDATE(CW42,1) -> 46905 | CX43: =EOMONTH(CW43,0) -> 46934 | DE43: =IFERROR(MATCH(DF43,$DB$23:$DB$37,0),"") | DF43: =CW43 -> 46905 | DG43: =IF(OR($CU$3=$M$6,DE43=""),"","AGI") | DH43: =IFERROR(EOMONTH(DF43,0),"") -> 46934 | DI43: =IFERROR(IF(AND($CS$3=2,DJ43="AGI",INDEX($DJ$4:$DJ$56,MATCH($DR$1,$DJ$4:DJ43,0),1)=$DR$1),2,0),0) -> 0 | DJ43: =IFERROR(IF(AND(NOT($DE$51=""),DK43=$DE$51),$DG$51,IF(AND(NOT($DE$53=""),DK43=$DE$53),$DG$53,INDEX($DG$4:$DG$58,MATCH(DK43,$DF$4:$DF$58,0),1))),"") | DK43: =IFERROR(IF(SMALL($DF$4:$DF$58,CN43)>$CJ$2,"",SMALL($DF$4:$DF$58,CN43)),"") | DL43: =IF(AND(NOT($DE$51=""),DK43=$DE$51),$DH$51,IF(AND(NOT($DE$53=""),DK43=$DE$53),$DH$53,INDEX($DH$4:$DH$58,MATCH(DK43,$DF$4:$DF$58,0),1))) | DM43: =IF(DI43>0,DI43,IF(OR(AND($CS$3=2,DJ43="PRO"),OR(DJ43="AGI",LEFT(DJ43,3)="AGI",DJ43="AAS")),1,IF(AND($CS$3=1,DJ43="PRO"),2,0))) -> 0 | DN43: =IF(DN42=$CP$2,$CP$2,IF(DK43>=$DT$2,MAX($DU$2,INDEX($CP$4:$CP$89,MATCH(DN42,$CP$4:$CP$89,1)+DM43)),INDEX($CP$4:$CP$89,MATCH(DN42,$CP$4:$CP$89,1)+DM43))) -> 74770 | DO43: =IFERROR(INDEX($DQ$3:$DR$3,1,MATCH(DJ43,$DQ$1:$DR$1,0)),"") | DP43: =MAX(DP42,DN43:DO43) -> 74770 | DQ43: =IFERROR(IF(DO43="","",IF(SUM(MATCH(DP43,$CP$4:$CP$89,0)-MATCH(DP42,$CP$4:$CP$89,0))<=0,"",SUM(MATCH(DP43,$CP$4:$CP$89,0)-MATCH(DP42,$CP$4:$CP$89,0)))),"") | DS43: =IF(DQ43="",DM43,DQ43) -> 0 | DT43: =IF(DN42=$CP$2,$CP$2,IF(DK43>=$DT$2,MAX($DU$2,INDEX($CP$4:$CP$89,MATCH(DT42,$CP$4:$CP$89,1)+DS43)),INDEX($CP$4:$CP$89,MATCH(DT42,$CP$4:$CP$89,1)+DS43))) -> 74770 | DV43: =IF($N$13="","",IF(AND(NOT($DF$59=""),MATCH($DG$52,$DJ$4:$DJ$55,0)>0,DK43=$DE$51),"HRA-1",IF(AND(NOT($DG$52=""),DJ43=$DG$52),"HRA-2",IF(AND(NOT($DG$54=""),DJ43=$DG$54),"HRA-3","")))) | DW43: =IF(DK43="","",TEXT(DK43,"Dd-MM-YYYY")) | DX43: =IF(DL43="","",TEXT(DL43,"Dd-MM-YYYY")) | DY43: =IF(DW43="","",DATE(YEAR(DK43),MONTH(DK43),DAY(DK43))) | DZ43: =IF(DX43="","",DATE(YEAR(DL43),MONTH(DL43),DAY(DL43))) | EA43: =IFERROR(SUM(DZ43-DY43,0)+1,"") | EB43: =IFERROR(INDEX($BN$4:$BN$17,MATCH(DW43,$BL$4:$BL$17,0),1),0) -> 0 | EC43: =IFERROR(IF(EB43=0,EA43,MAX(IF(EB43=0.5,EA43/2,EA43+EB43),0)),"") | ED43: =IFERROR(INDEX($BK$4:$BK$17,MATCH(DW43,$BL$4:$BL$17,0),1),0) -> 0 | EE43: =IFERROR(IF(NOT(ED43=$CH$8),0,INDEX($BO$4:$BO$17,MATCH(DW43,$BL$4:$BL$17,0),1)),0) -> 0 | EF43: =IFERROR(IF(AND(LEFT(DJ43,3)="S/L",EH43=15),ROUND(DT43*0.5,0),IF(DJ43=$DJ$59,$DL$61,IF(DJ43=$DJ$64,$DL$66,ROUND(SUM(EH43/EG43)*DT43,0)))),"") | EG43: =IFERROR(DAY(EOMONTH(DK43,0)),"") | EH43: =EC43 | EJ43: =IF(DK43="","",TEXT(DK43,"MMM-YYYY")) | EP43: =IF($K$40=$EO$57,0,IF(AND(DK43>=EP$1,$DK43<=EQ$1),SUM(ROUND(EF43*$EQ$2%,0)-ROUND(EF43*$EP$2%,0)),0)) -> 0 | EQ43: =IF($K$40=$EO$57,0,IF(AND(DK43>=EP$1,$DK43<=EQ$1),ROUND(EP43*10%,0),0)) -> 0 | EU43: =IF($AR$44=$EO$57,0,IF(AND(DK43>=$EU$1,$DK43<=$EV$1),SUM(ROUND(EF43*$EV$2%,0)-ROUND(EF43*$EU$2%,0)),0)) -> 0 | EV43: =IF($AR$44=$EO$57,0,IF(AND(DK43>=$EU$1,$DK43<=$EV$1),ROUND(EU43*10%,0),0)) -> 0 | EZ43: =IF(AND(DK43>=$EZ$1,$DK43<=$FA$1),ROUND(EF43*$EY$2%,0),0) -> 0 | FA43: =IF(AND(DK43>=$EZ$1,$DK43<=$FA$1),ROUND(EF43*$FA$2%*10%,0)-(ROUND(EF43*$EZ$2%*10%,0)),0) -> 0
B44: =$K$28 -> Other Deduction | F44: =AN48 -> 6000 | H44: =INDEX(FYMONTH,9,0) -> Nov-2025 | K44: Rent Type | M44: Rent | N44: =IF(M44=BF13,"","To Exempt,Enter Rent @month Rs."&ANNEXURE!N14&"/") -> To Exempt,Enter Rent @month Rs.17600/ | X44: =DK42 | Y44: =DL42 | Z44: =DJ42 | AA44: =EF42 | AB44: =EP42 -> 0 | AC44: =EQ42 -> 0 | AD44: =AB44-AC44 -> 0 | AJ44: 8 | AK44: =IF(I40>1,"",ROUNDUP(SUM($F$48-SUM($I$36:$I40))/AJ44,-2)) -> 2900 | AL44: =ROUND(SUM($F$48-SUM($I$36:$I39))/AJ44,0) -> 2865 | AM44: =ROUND(AL44/500,0)*500 -> 3000 | AN44: =IFERROR(MROUND(AL44,1000),AL44) -> 3000 | AR44: N.A | AS44: N.A | AT44: ="DA @"&EV2 -> DA @33.67 | BD44: =IF($BD$42=1,AZ44,BA44+BB44) -> 0 | CN44: 41 | CP44: 61960 | CV44: =TEXT(CW44,"mmm-yyyy") -> Jul-2028 | CW44: =EDATE(CW43,1) -> 46935 | CX44: =EOMONTH(CW44,0) -> 46965 | DE44: =IFERROR(MATCH(DF44,$DB$23:$DB$37,0),"") | DF44: =CW44 -> 46935 | DG44: =IF(OR($CU$3=$M$6,DE44=""),"","AGI") | DH44: =IFERROR(EOMONTH(DF44,0),"") -> 46965 | DI44: =IFERROR(IF(AND($CS$3=2,DJ44="AGI",INDEX($DJ$4:$DJ$56,MATCH($DR$1,$DJ$4:DJ44,0),1)=$DR$1),2,0),0) -> 0 | DJ44: =IFERROR(IF(AND(NOT($DE$51=""),DK44=$DE$51),$DG$51,IF(AND(NOT($DE$53=""),DK44=$DE$53),$DG$53,INDEX($DG$4:$DG$58,MATCH(DK44,$DF$4:$DF$58,0),1))),"") | DK44: =IFERROR(IF(SMALL($DF$4:$DF$58,CN44)>$CJ$2,"",SMALL($DF$4:$DF$58,CN44)),"") | DL44: =IF(AND(NOT($DE$51=""),DK44=$DE$51),$DH$51,IF(AND(NOT($DE$53=""),DK44=$DE$53),$DH$53,INDEX($DH$4:$DH$58,MATCH(DK44,$DF$4:$DF$58,0),1))) | DM44: =IF(DI44>0,DI44,IF(OR(AND($CS$3=2,DJ44="PRO"),OR(DJ44="AGI",LEFT(DJ44,3)="AGI",DJ44="AAS")),1,IF(AND($CS$3=1,DJ44="PRO"),2,0))) -> 0 | DN44: =IF(DN43=$CP$2,$CP$2,IF(DK44>=$DT$2,MAX($DU$2,INDEX($CP$4:$CP$89,MATCH(DN43,$CP$4:$CP$89,1)+DM44)),INDEX($CP$4:$CP$89,MATCH(DN43,$CP$4:$CP$89,1)+DM44))) -> 74770 | DO44: =IFERROR(INDEX($DQ$3:$DR$3,1,MATCH(DJ44,$DQ$1:$DR$1,0)),"") | DP44: =MAX(DP43,DN44:DO44) -> 74770 | DQ44: =IFERROR(IF(DO44="","",IF(SUM(MATCH(DP44,$CP$4:$CP$89,0)-MATCH(DP43,$CP$4:$CP$89,0))<=0,"",SUM(MATCH(DP44,$CP$4:$CP$89,0)-MATCH(DP43,$CP$4:$CP$89,0)))),"") | DS44: =IF(DQ44="",DM44,DQ44) -> 0 | DT44: =IF(DN43=$CP$2,$CP$2,IF(DK44>=$DT$2,MAX($DU$2,INDEX($CP$4:$CP$89,MATCH(DT43,$CP$4:$CP$89,1)+DS44)),INDEX($CP$4:$CP$89,MATCH(DT43,$CP$4:$CP$89,1)+DS44))) -> 74770 | DV44: =IF($N$13="","",IF(AND(NOT($DF$59=""),MATCH($DG$52,$DJ$4:$DJ$55,0)>0,DK44=$DE$51),"HRA-1",IF(AND(NOT($DG$52=""),DJ44=$DG$52),"HRA-2",IF(AND(NOT($DG$54=""),DJ44=$DG$54),"HRA-3","")))) | DW44: =IF(DK44="","",TEXT(DK44,"Dd-MM-YYYY")) | DX44: =IF(DL44="","",TEXT(DL44,"Dd-MM-YYYY")) | DY44: =IF(DW44="","",DATE(YEAR(DK44),MONTH(DK44),DAY(DK44))) | DZ44: =IF(DX44="","",DATE(YEAR(DL44),MONTH(DL44),DAY(DL44))) | EA44: =IFERROR(SUM(DZ44-DY44,0)+1,"") | EB44: =IFERROR(INDEX($BN$4:$BN$17,MATCH(DW44,$BL$4:$BL$17,0),1),0) -> 0 | EC44: =IFERROR(IF(EB44=0,EA44,MAX(IF(EB44=0.5,EA44/2,EA44+EB44),0)),"") | ED44: =IFERROR(INDEX($BK$4:$BK$17,MATCH(DW44,$BL$4:$BL$17,0),1),0) -> 0 | EE44: =IFERROR(IF(NOT(ED44=$CH$8),0,INDEX($BO$4:$BO$17,MATCH(DW44,$BL$4:$BL$17,0),1)),0) -> 0 | EF44: =IFERROR(IF(AND(LEFT(DJ44,3)="S/L",EH44=15),ROUND(DT44*0.5,0),IF(DJ44=$DJ$59,$DL$61,IF(DJ44=$DJ$64,$DL$66,ROUND(SUM(EH44/EG44)*DT44,0)))),"") | EG44: =IFERROR(DAY(EOMONTH(DK44,0)),"") | EH44: =EC44 | EJ44: =IF(DK44="","",TEXT(DK44,"MMM-YYYY")) | EP44: =IF($K$40=$EO$57,0,IF(AND(DK44>=EP$1,$DK44<=EQ$1),SUM(ROUND(EF44*$EQ$2%,0)-ROUND(EF44*$EP$2%,0)),0)) -> 0 | EQ44: =IF($K$40=$EO$57,0,IF(AND(DK44>=EP$1,$DK44<=EQ$1),ROUND(EP44*10%,0),0)) -> 0 | EU44: =IF($AR$44=$EO$57,0,IF(AND(DK44>=$EU$1,$DK44<=$EV$1),SUM(ROUND(EF44*$EV$2%,0)-ROUND(EF44*$EU$2%,0)),0)) -> 0 | EV44: =IF($AR$44=$EO$57,0,IF(AND(DK44>=$EU$1,$DK44<=$EV$1),ROUND(EU44*10%,0),0)) -> 0 | EZ44: =IF(AND(DK44>=$EZ$1,$DK44<=$FA$1),ROUND(EF44*$EY$2%,0),0) -> 0 | FA44: =IF(AND(DK44>=$EZ$1,$DK44<=$FA$1),ROUND(EF44*$FA$2%*10%,0)-(ROUND(EF44*$EZ$2%*10%,0)),0) -> 0
A45: Prepared by (WWW.MEDAKBADI.IN) KOTA VIJAYAKUMAR, GHMGr-II, ZPHS KOTHLAPUR, MDL&DIST:SANGAREDDY | F45: =AN49 -> 8000 | G45: Q4 | H45: =INDEX(FYMONTH,10,0) -> Dec-2025 | K45: =IF(M44="Own","","Enter Rent@ one Month") -> Enter Rent@ one Month | N45: Owner PAN No | Q45: ="UPDATED INCOME TAX SOFTWARE FY "&CH4 -> UPDATED INCOME TAX SOFTWARE FY 2025-2026 | X45: =DK43 | Y45: =DL43 | Z45: =DJ43 | AA45: =EF43 | AB45: =EP43 -> 0 | AC45: =EQ43 -> 0 | AD45: =AB45-AC45 -> 0 | AJ45: 7 | AK45: =IF(I41>1,"",ROUNDUP(SUM($F$48-SUM($I$36:$I41))/AJ45,-2)) -> 3300 | AL45: =ROUND(SUM($F$48-SUM($I$36:$I40))/AJ45,0) -> 3275 | AM45: =ROUND(AL45/500,0)*500 -> 3500 | AN45: =IFERROR(MROUND(AL45,1000),AL45) -> 3000 | AR45: N.A | AS45: N.A | AT45: ="DA @"&FA2 -> DA @33.67 | BD45: =IF($BD$42=1,AZ45,BA45+BB45) -> 0 | CN45: 42 | CP45: 63660 | CV45: =TEXT(CW45,"mmm-yyyy") -> Aug-2028 | CW45: =EDATE(CW44,1) -> 46966 | CX45: =EOMONTH(CW45,0) -> 46996 | DE45: =IFERROR(MATCH(DF45,$DB$23:$DB$37,0),"") | DF45: =CW45 -> 46966 | DG45: =IF(OR($CU$3=$M$6,DE45=""),"","AGI") | DH45: =IFERROR(EOMONTH(DF45,0),"") -> 46996 | DI45: =IFERROR(IF(AND($CS$3=2,DJ45="AGI",INDEX($DJ$4:$DJ$56,MATCH($DR$1,$DJ$4:DJ45,0),1)=$DR$1),2,0),0) -> 0 | DJ45: =IFERROR(IF(AND(NOT($DE$51=""),DK45=$DE$51),$DG$51,IF(AND(NOT($DE$53=""),DK45=$DE$53),$DG$53,INDEX($DG$4:$DG$58,MATCH(DK45,$DF$4:$DF$58,0),1))),"") | DK45: =IFERROR(IF(SMALL($DF$4:$DF$58,CN45)>$CJ$2,"",SMALL($DF$4:$DF$58,CN45)),"") | DL45: =IF(AND(NOT($DE$51=""),DK45=$DE$51),$DH$51,IF(AND(NOT($DE$53=""),DK45=$DE$53),$DH$53,INDEX($DH$4:$DH$58,MATCH(DK45,$DF$4:$DF$58,0),1))) | DM45: =IF(DI45>0,DI45,IF(OR(AND($CS$3=2,DJ45="PRO"),OR(DJ45="AGI",LEFT(DJ45,3)="AGI",DJ45="AAS")),1,IF(AND($CS$3=1,DJ45="PRO"),2,0))) -> 0 | DN45: =IF(DN44=$CP$2,$CP$2,IF(DK45>=$DT$2,MAX($DU$2,INDEX($CP$4:$CP$89,MATCH(DN44,$CP$4:$CP$89,1)+DM45)),INDEX($CP$4:$CP$89,MATCH(DN44,$CP$4:$CP$89,1)+DM45))) -> 74770 | DO45: =IFERROR(INDEX($DQ$3:$DR$3,1,MATCH(DJ45,$DQ$1:$DR$1,0)),"") | DP45: =MAX(DP44,DN45:DO45) -> 74770 | DQ45: =IFERROR(IF(DO45="","",IF(SUM(MATCH(DP45,$CP$4:$CP$89,0)-MATCH(DP44,$CP$4:$CP$89,0))<=0,"",SUM(MATCH(DP45,$CP$4:$CP$89,0)-MATCH(DP44,$CP$4:$CP$89,0)))),"") | DS45: =IF(DQ45="",DM45,DQ45) -> 0 | DT45: =IF(DN44=$CP$2,$CP$2,IF(DK45>=$DT$2,MAX($DU$2,INDEX($CP$4:$CP$89,MATCH(DT44,$CP$4:$CP$89,1)+DS45)),INDEX($CP$4:$CP$89,MATCH(DT44,$CP$4:$CP$89,1)+DS45))) -> 74770 | DV45: =IF($N$13="","",IF(AND(NOT($DF$59=""),MATCH($DG$52,$DJ$4:$DJ$55,0)>0,DK45=$DE$51),"HRA-1",IF(AND(NOT($DG$52=""),DJ45=$DG$52),"HRA-2",IF(AND(NOT($DG$54=""),DJ45=$DG$54),"HRA-3","")))) | DW45: =IF(DK45="","",TEXT(DK45,"Dd-MM-YYYY")) | DX45: =IF(DL45="","",TEXT(DL45,"Dd-MM-YYYY")) | DY45: =IF(DW45="","",DATE(YEAR(DK45),MONTH(DK45),DAY(DK45))) | DZ45: =IF(DX45="","",DATE(YEAR(DL45),MONTH(DL45),DAY(DL45))) | EA45: =IFERROR(SUM(DZ45-DY45,0)+1,"") | EB45: =IFERROR(INDEX($BN$4:$BN$17,MATCH(DW45,$BL$4:$BL$17,0),1),0) -> 0 | EC45: =IFERROR(IF(EB45=0,EA45,MAX(IF(EB45=0.5,EA45/2,EA45+EB45),0)),"") | ED45: =IFERROR(INDEX($BK$4:$BK$17,MATCH(DW45,$BL$4:$BL$17,0),1),0) -> 0 | EE45: =IFERROR(IF(NOT(ED45=$CH$8),0,INDEX($BO$4:$BO$17,MATCH(DW45,$BL$4:$BL$17,0),1)),0) -> 0 | EF45: =IFERROR(IF(AND(LEFT(DJ45,3)="S/L",EH45=15),ROUND(DT45*0.5,0),IF(DJ45=$DJ$59,$DL$61,IF(DJ45=$DJ$64,$DL$66,ROUND(SUM(EH45/EG45)*DT45,0)))),"") | EG45: =IFERROR(DAY(EOMONTH(DK45,0)),"") | EH45: =EC45 | EJ45: =IF(DK45="","",TEXT(DK45,"MMM-YYYY")) | EP45: =IF($K$40=$EO$57,0,IF(AND(DK45>=EP$1,$DK45<=EQ$1),SUM(ROUND(EF45*$EQ$2%,0)-ROUND(EF45*$EP$2%,0)),0)) -> 0 | EQ45: =IF($K$40=$EO$57,0,IF(AND(DK45>=EP$1,$DK45<=EQ$1),ROUND(EP45*10%,0),0)) -> 0 | EU45: =IF($AR$44=$EO$57,0,IF(AND(DK45>=$EU$1,$DK45<=$EV$1),SUM(ROUND(EF45*$EV$2%,0)-ROUND(EF45*$EU$2%,0)),0)) -> 0 | EV45: =IF($AR$44=$EO$57,0,IF(AND(DK45>=$EU$1,$DK45<=$EV$1),ROUND(EU45*10%,0),0)) -> 0 | EZ45: =IF(AND(DK45>=$EZ$1,$DK45<=$FA$1),ROUND(EF45*$EY$2%,0),0) -> 0 | FA45: =IF(AND(DK45>=$EZ$1,$DK45<=$FA$1),ROUND(EF45*$FA$2%*10%,0)-(ROUND(EF45*$EZ$2%*10%,0)),0) -> 0 | FY45: IR date | GA45: IR%
F46: =AN50 -> 11000 | H46: =INDEX(FYMONTH,11,0) -> Jan-2026 | K46: If rented,Owner Name | X46: =DK44 | Y46: =DL44 | Z46: =DJ44 | AA46: =EF44 | AB46: =EP44 -> 0 | AC46: =EQ44 -> 0 | AD46: =AB46-AC46 -> 0 | AJ46: 6 | AK46: =IF(I42>1,"",ROUNDUP(SUM($F$48-SUM($I$36:$I42))/AJ46,-2)) -> 3900 | AL46: =ROUND(SUM($F$48-SUM($I$36:$I41))/AJ46,0) -> 3820 | AM46: =ROUND(AL46/500,0)*500 -> 4000 | AN46: =IFERROR(MROUND(AL46,1000),AL46) -> 4000 | AR46: N.A | AS46: N.A | AT46: ="DA @"&FF2 -> DA @33.67 | BD46: =IF($BD$42=1,AZ46,BA46+BB46) -> 0 | CN46: 43 | CP46: 65360 | CV46: =TEXT(CW46,"mmm-yyyy") -> Sep-2028 | CW46: =EDATE(CW45,1) -> 46997 | CX46: =EOMONTH(CW46,0) -> 47026 | DE46: =IFERROR(MATCH(DF46,$DB$23:$DB$37,0),"") | DF46: =CW46 -> 46997 | DG46: =IF(OR($CU$3=$M$6,DE46=""),"","AGI") | DH46: =IFERROR(EOMONTH(DF46,0),"") -> 47026 | DI46: =IFERROR(IF(AND($CS$3=2,DJ46="AGI",INDEX($DJ$4:$DJ$56,MATCH($DR$1,$DJ$4:DJ46,0),1)=$DR$1),2,0),0) -> 0 | DJ46: =IFERROR(IF(AND(NOT($DE$51=""),DK46=$DE$51),$DG$51,IF(AND(NOT($DE$53=""),DK46=$DE$53),$DG$53,INDEX($DG$4:$DG$58,MATCH(DK46,$DF$4:$DF$58,0),1))),"") | DK46: =IFERROR(IF(SMALL($DF$4:$DF$58,CN46)>$CJ$2,"",SMALL($DF$4:$DF$58,CN46)),"") | DL46: =IF(AND(NOT($DE$51=""),DK46=$DE$51),$DH$51,IF(AND(NOT($DE$53=""),DK46=$DE$53),$DH$53,INDEX($DH$4:$DH$58,MATCH(DK46,$DF$4:$DF$58,0),1))) | DM46: =IF(DI46>0,DI46,IF(OR(AND($CS$3=2,DJ46="PRO"),OR(DJ46="AGI",LEFT(DJ46,3)="AGI",DJ46="AAS")),1,IF(AND($CS$3=1,DJ46="PRO"),2,0))) -> 0 | DN46: =IF(DN45=$CP$2,$CP$2,IF(DK46>=$DT$2,MAX($DU$2,INDEX($CP$4:$CP$89,MATCH(DN45,$CP$4:$CP$89,1)+DM46)),INDEX($CP$4:$CP$89,MATCH(DN45,$CP$4:$CP$89,1)+DM46))) -> 74770 | DO46: =IFERROR(INDEX($DQ$3:$DR$3,1,MATCH(DJ46,$DQ$1:$DR$1,0)),"") | DP46: =MAX(DP45,DN46:DO46) -> 74770 | DQ46: =IFERROR(IF(DO46="","",IF(SUM(MATCH(DP46,$CP$4:$CP$89,0)-MATCH(DP45,$CP$4:$CP$89,0))<=0,"",SUM(MATCH(DP46,$CP$4:$CP$89,0)-MATCH(DP45,$CP$4:$CP$89,0)))),"") | DS46: =IF(DQ46="",DM46,DQ46) -> 0 | DT46: =IF(DN45=$CP$2,$CP$2,IF(DK46>=$DT$2,MAX($DU$2,INDEX($CP$4:$CP$89,MATCH(DT45,$CP$4:$CP$89,1)+DS46)),INDEX($CP$4:$CP$89,MATCH(DT45,$CP$4:$CP$89,1)+DS46))) -> 74770 | DV46: =IF($N$13="","",IF(AND(NOT($DF$59=""),MATCH($DG$52,$DJ$4:$DJ$55,0)>0,DK46=$DE$51),"HRA-1",IF(AND(NOT($DG$52=""),DJ46=$DG$52),"HRA-2",IF(AND(NOT($DG$54=""),DJ46=$DG$54),"HRA-3","")))) | DW46: =IF(DK46="","",TEXT(DK46,"Dd-MM-YYYY")) | DX46: =IF(DL46="","",TEXT(DL46,"Dd-MM-YYYY")) | DY46: =IF(DW46="","",DATE(YEAR(DK46),MONTH(DK46),DAY(DK46))) | DZ46: =IF(DX46="","",DATE(YEAR(DL46),MONTH(DL46),DAY(DL46))) | EA46: =IFERROR(SUM(DZ46-DY46,0)+1,"") | EB46: =IFERROR(INDEX($BN$4:$BN$17,MATCH(DW46,$BL$4:$BL$17,0),1),0) -> 0 | EC46: =IFERROR(IF(EB46=0,EA46,MAX(IF(EB46=0.5,EA46/2,EA46+EB46),0)),"") | ED46: =IFERROR(INDEX($BK$4:$BK$17,MATCH(DW46,$BL$4:$BL$17,0),1),0) -> 0 | EE46: =IFERROR(IF(NOT(ED46=$CH$8),0,INDEX($BO$4:$BO$17,MATCH(DW46,$BL$4:$BL$17,0),1)),0) -> 0 | EF46: =IFERROR(IF(AND(LEFT(DJ46,3)="S/L",EH46=15),ROUND(DT46*0.5,0),IF(DJ46=$DJ$59,$DL$61,IF(DJ46=$DJ$64,$DL$66,ROUND(SUM(EH46/EG46)*DT46,0)))),"") | EG46: =IFERROR(DAY(EOMONTH(DK46,0)),"") | EH46: =EC46 | EJ46: =IF(DK46="","",TEXT(DK46,"MMM-YYYY")) | EP46: =IF($K$40=$EO$57,0,IF(AND(DK46>=EP$1,$DK46<=EQ$1),SUM(ROUND(EF46*$EQ$2%,0)-ROUND(EF46*$EP$2%,0)),0)) -> 0 | EQ46: =IF($K$40=$EO$57,0,IF(AND(DK46>=EP$1,$DK46<=EQ$1),ROUND(EP46*10%,0),0)) -> 0 | EU46: =IF($AR$44=$EO$57,0,IF(AND(DK46>=$EU$1,$DK46<=$EV$1),SUM(ROUND(EF46*$EV$2%,0)-ROUND(EF46*$EU$2%,0)),0)) -> 0 | EV46: =IF($AR$44=$EO$57,0,IF(AND(DK46>=$EU$1,$DK46<=$EV$1),ROUND(EU46*10%,0),0)) -> 0 | EZ46: =IF(AND(DK46>=$EZ$1,$DK46<=$FA$1),ROUND(EF46*$EY$2%,0),0) -> 0 | FA46: =IF(AND(DK46>=$EZ$1,$DK46<=$FA$1),ROUND(EF46*$FA$2%*10%,0)-(ROUND(EF46*$EZ$2%*10%,0)),0) -> 0 | FY46: =DATA!AT37 -> Mar-2025 | FZ46: =INDEX(DATA!$CG$11:$CG$22,MATCH(DATA!FY46,_MONTHS,0),1) -> 45717 | GA46: 0 | GB46: for TS Enter left >>=AU37*100
F47: =IF(I47>1,"",SUM($F$48-SUM($I$36:$I47))/1) -> 22922 | H47: =INDEX(FYMONTH,12,0) -> Feb-2026 | K47: If rented,Address | Q47: SSC NOMINAL ROLL SOFTWARE FOR TS | X47: =DK45 | Y47: =DL45 | Z47: =DJ45 | AA47: =EF45 | AB47: =EP45 -> 0 | AC47: =EQ45 -> 0 | AD47: =AB47-AC47 -> 0 | AJ47: 5 | AK47: =IF(I43>1,"",ROUNDUP(SUM($F$48-SUM($I$36:$I43))/AJ47,-2)) -> 4600 | AL47: =ROUND(SUM($F$48-SUM($I$36:$I42))/AJ47,0) -> 4584 | AM47: =ROUND(AL47/500,0)*500 -> 4500 | AN47: =IFERROR(MROUND(AL47,1000),AL47) -> 5000 | AR47: N.A | AS47: N.A | AT47: ="DA @"&FK2 -> DA @37.31 | BD47: =IF($BD$42=1,AZ47,BA47+BB47) -> 0 | CN47: 44 | CP47: 67190 | CV47: =TEXT(CW47,"mmm-yyyy") -> Oct-2028 | CW47: =EDATE(CW46,1) -> 47027 | CX47: =EOMONTH(CW47,0) -> 47057 | DE47: =IFERROR(MATCH(DF47,$DB$23:$DB$37,0),"") | DF47: =CW47 -> 47027 | DG47: =IF(OR($CU$3=$M$6,DE47=""),"","AGI") | DH47: =IFERROR(EOMONTH(DF47,0),"") -> 47057 | DI47: =IFERROR(IF(AND($CS$3=2,DJ47="AGI",INDEX($DJ$4:$DJ$56,MATCH($DR$1,$DJ$4:DJ47,0),1)=$DR$1),2,0),0) -> 0 | DJ47: =IFERROR(IF(AND(NOT($DE$51=""),DK47=$DE$51),$DG$51,IF(AND(NOT($DE$53=""),DK47=$DE$53),$DG$53,INDEX($DG$4:$DG$58,MATCH(DK47,$DF$4:$DF$58,0),1))),"") | DK47: =IFERROR(IF(SMALL($DF$4:$DF$58,CN47)>$CJ$2,"",SMALL($DF$4:$DF$58,CN47)),"") | DL47: =IF(AND(NOT($DE$51=""),DK47=$DE$51),$DH$51,IF(AND(NOT($DE$53=""),DK47=$DE$53),$DH$53,INDEX($DH$4:$DH$58,MATCH(DK47,$DF$4:$DF$58,0),1))) | DM47: =IF(DI47>0,DI47,IF(OR(AND($CS$3=2,DJ47="PRO"),OR(DJ47="AGI",LEFT(DJ47,3)="AGI",DJ47="AAS")),1,IF(AND($CS$3=1,DJ47="PRO"),2,0))) -> 0 | DN47: =IF(DN46=$CP$2,$CP$2,IF(DK47>=$DT$2,MAX($DU$2,INDEX($CP$4:$CP$89,MATCH(DN46,$CP$4:$CP$89,1)+DM47)),INDEX($CP$4:$CP$89,MATCH(DN46,$CP$4:$CP$89,1)+DM47))) -> 74770 | DO47: =IFERROR(INDEX($DQ$3:$DR$3,1,MATCH(DJ47,$DQ$1:$DR$1,0)),"") | DP47: =MAX(DP46,DN47:DO47) -> 74770 | DQ47: =IFERROR(IF(DO47="","",IF(SUM(MATCH(DP47,$CP$4:$CP$89,0)-MATCH(DP46,$CP$4:$CP$89,0))<=0,"",SUM(MATCH(DP47,$CP$4:$CP$89,0)-MATCH(DP46,$CP$4:$CP$89,0)))),"") | DS47: =IF(DQ47="",DM47,DQ47) -> 0 | DT47: =IF(DN46=$CP$2,$CP$2,IF(DK47>=$DT$2,MAX($DU$2,INDEX($CP$4:$CP$89,MATCH(DT46,$CP$4:$CP$89,1)+DS47)),INDEX($CP$4:$CP$89,MATCH(DT46,$CP$4:$CP$89,1)+DS47))) -> 74770 | DV47: =IF($N$13="","",IF(AND(NOT($DF$59=""),MATCH($DG$52,$DJ$4:$DJ$55,0)>0,DK47=$DE$51),"HRA-1",IF(AND(NOT($DG$52=""),DJ47=$DG$52),"HRA-2",IF(AND(NOT($DG$54=""),DJ47=$DG$54),"HRA-3","")))) | DW47: =IF(DK47="","",TEXT(DK47,"Dd-MM-YYYY")) | DX47: =IF(DL47="","",TEXT(DL47,"Dd-MM-YYYY")) | DY47: =IF(DW47="","",DATE(YEAR(DK47),MONTH(DK47),DAY(DK47))) | DZ47: =IF(DX47="","",DATE(YEAR(DL47),MONTH(DL47),DAY(DL47))) | EA47: =IFERROR(SUM(DZ47-DY47,0)+1,"") | EB47: =IFERROR(INDEX($BN$4:$BN$17,MATCH(DW47,$BL$4:$BL$17,0),1),0) -> 0 | EC47: =IFERROR(IF(EB47=0,EA47,MAX(IF(EB47=0.5,EA47/2,EA47+EB47),0)),"") | ED47: =IFERROR(INDEX($BK$4:$BK$17,MATCH(DW47,$BL$4:$BL$17,0),1),0) -> 0 | EE47: =IFERROR(IF(NOT(ED47=$CH$8),0,INDEX($BO$4:$BO$17,MATCH(DW47,$BL$4:$BL$17,0),1)),0) -> 0 | EF47: =IFERROR(IF(AND(LEFT(DJ47,3)="S/L",EH47=15),ROUND(DT47*0.5,0),IF(DJ47=$DJ$59,$DL$61,IF(DJ47=$DJ$64,$DL$66,ROUND(SUM(EH47/EG47)*DT47,0)))),"") | EG47: =IFERROR(DAY(EOMONTH(DK47,0)),"") | EH47: =EC47 | EJ47: =IF(DK47="","",TEXT(DK47,"MMM-YYYY")) | EP47: =IF($K$40=$EO$57,0,IF(AND(DK47>=EP$1,$DK47<=EQ$1),SUM(ROUND(EF47*$EQ$2%,0)-ROUND(EF47*$EP$2%,0)),0)) -> 0 | EQ47: =IF($K$40=$EO$57,0,IF(AND(DK47>=EP$1,$DK47<=EQ$1),ROUND(EP47*10%,0),0)) -> 0 | EU47: =IF($AR$44=$EO$57,0,IF(AND(DK47>=$EU$1,$DK47<=$EV$1),SUM(ROUND(EF47*$EV$2%,0)-ROUND(EF47*$EU$2%,0)),0)) -> 0 | EV47: =IF($AR$44=$EO$57,0,IF(AND(DK47>=$EU$1,$DK47<=$EV$1),ROUND(EU47*10%,0),0)) -> 0 | EZ47: =IF(AND(DK47>=$EZ$1,$DK47<=$FA$1),ROUND(EF47*$EY$2%,0),0) -> 0 | FA47: =IF(AND(DK47>=$EZ$1,$DK47<=$FA$1),ROUND(EF47*$FA$2%*10%,0)-(ROUND(EF47*$EZ$2%*10%,0)),0) -> 0
F48: =ROUND(SUM(ANNEXURE!K64)-ANNEXURE!K65,0) -> 22922 | G48: Total to be paid | I48: =F48-SUM(I36:I47) -> 22922 | K48: If change ,Rent Rs. | M48: if changed ,select rent changed month | O48: Aug-2023 | Q48: SALARY PAY BILL AND EL SURRENDER BILL SOFTWARE WITH CIVIL LIST IN RPS-2020 | X48: =DK46 | Y48: =DL46 | Z48: =DJ46 | AA48: =EF46 | AB48: =EP46 -> 0 | AC48: =EQ46 -> 0 | AD48: =AB48-AC48 -> 0 | AJ48: 4 | AK48: =IF(I44>1,"",ROUNDUP(SUM($F$48-SUM($I$36:$I44))/AJ48,-2)) -> 5800 | AL48: =ROUND(SUM($F$48-SUM($I$36:$I43))/AJ48,0) -> 5731 | AM48: =ROUND(AL48/500,0)*500 -> 5500 | AN48: =IFERROR(MROUND(AL48,1000),AL48) -> 6000 | AR48: =IF(SUM(AZ48:BB48)>0,AT48,"") | AT48: =K41 -> Other DA Arrears 1 | AZ48: =IF(NOT($BD$42=1),0,M41) -> 0 | BA48: =IF(NOT($BD$42=2),0,N41) -> 0 | BB48: =IF(NOT($BD$42=2),0,O41) -> 0 | BD48: =IF($BD$42=1,AZ48,BA48+BB48) -> 0 | CN48: 45 | CP48: 69020 | CV48: =TEXT(CW48,"mmm-yyyy") -> Nov-2028 | CW48: =EDATE(CW47,1) -> 47058 | CX48: =EOMONTH(CW48,0) -> 47087 | DE48: =IFERROR(MATCH(DF48,$DB$23:$DB$37,0),"") | DF48: =CW48 -> 47058 | DG48: =IF(OR($CU$3=$M$6,DE48=""),"","AGI") | DH48: =IFERROR(EOMONTH(DF48,0),"") -> 47087 | DI48: =IFERROR(IF(AND($CS$3=2,DJ48="AGI",INDEX($DJ$4:$DJ$56,MATCH($DR$1,$DJ$4:DJ48,0),1)=$DR$1),2,0),0) -> 0 | DJ48: =IFERROR(IF(AND(NOT($DE$51=""),DK48=$DE$51),$DG$51,IF(AND(NOT($DE$53=""),DK48=$DE$53),$DG$53,INDEX($DG$4:$DG$58,MATCH(DK48,$DF$4:$DF$58,0),1))),"") | DK48: =IFERROR(IF(SMALL($DF$4:$DF$58,CN48)>$CJ$2,"",SMALL($DF$4:$DF$58,CN48)),"") | DL48: =IF(AND(NOT($DE$51=""),DK48=$DE$51),$DH$51,IF(AND(NOT($DE$53=""),DK48=$DE$53),$DH$53,INDEX($DH$4:$DH$58,MATCH(DK48,$DF$4:$DF$58,0),1))) | DM48: =IF(DI48>0,DI48,IF(OR(AND($CS$3=2,DJ48="PRO"),OR(DJ48="AGI",LEFT(DJ48,3)="AGI",DJ48="AAS")),1,IF(AND($CS$3=1,DJ48="PRO"),2,0))) -> 0 | DN48: =IF(DN47=$CP$2,$CP$2,IF(DK48>=$DT$2,MAX($DU$2,INDEX($CP$4:$CP$89,MATCH(DN47,$CP$4:$CP$89,1)+DM48)),INDEX($CP$4:$CP$89,MATCH(DN47,$CP$4:$CP$89,1)+DM48))) -> 74770 | DO48: =IFERROR(INDEX($DQ$3:$DR$3,1,MATCH(DJ48,$DQ$1:$DR$1,0)),"") | DP48: =MAX(DP47,DN48:DO48) -> 74770 | DQ48: =IFERROR(IF(DO48="","",IF(SUM(MATCH(DP48,$CP$4:$CP$89,0)-MATCH(DP47,$CP$4:$CP$89,0))<=0,"",SUM(MATCH(DP48,$CP$4:$CP$89,0)-MATCH(DP47,$CP$4:$CP$89,0)))),"") | DS48: =IF(DQ48="",DM48,DQ48) -> 0 | DT48: =IF(DN47=$CP$2,$CP$2,IF(DK48>=$DT$2,MAX($DU$2,INDEX($CP$4:$CP$89,MATCH(DT47,$CP$4:$CP$89,1)+DS48)),INDEX($CP$4:$CP$89,MATCH(DT47,$CP$4:$CP$89,1)+DS48))) -> 74770 | DV48: =IF($N$13="","",IF(AND(NOT($DF$59=""),MATCH($DG$52,$DJ$4:$DJ$55,0)>0,DK48=$DE$51),"HRA-1",IF(AND(NOT($DG$52=""),DJ48=$DG$52),"HRA-2",IF(AND(NOT($DG$54=""),DJ48=$DG$54),"HRA-3","")))) | DW48: =IF(DK48="","",TEXT(DK48,"Dd-MM-YYYY")) | DX48: =IF(DL48="","",TEXT(DL48,"Dd-MM-YYYY")) | DY48: =IF(DW48="","",DATE(YEAR(DK48),MONTH(DK48),DAY(DK48))) | DZ48: =IF(DX48="","",DATE(YEAR(DL48),MONTH(DL48),DAY(DL48))) | EA48: =IFERROR(SUM(DZ48-DY48,0)+1,"") | EB48: =IFERROR(INDEX($BN$4:$BN$17,MATCH(DW48,$BL$4:$BL$17,0),1),0) -> 0 | EC48: =IFERROR(IF(EB48=0,EA48,MAX(IF(EB48=0.5,EA48/2,EA48+EB48),0)),"") | ED48: =IFERROR(INDEX($BK$4:$BK$17,MATCH(DW48,$BL$4:$BL$17,0),1),0) -> 0 | EE48: =IFERROR(IF(NOT(ED48=$CH$8),0,INDEX($BO$4:$BO$17,MATCH(DW48,$BL$4:$BL$17,0),1)),0) -> 0 | EF48: =IFERROR(IF(AND(LEFT(DJ48,3)="S/L",EH48=15),ROUND(DT48*0.5,0),IF(DJ48=$DJ$59,$DL$61,IF(DJ48=$DJ$64,$DL$66,ROUND(SUM(EH48/EG48)*DT48,0)))),"") | EG48: =IFERROR(DAY(EOMONTH(DK48,0)),"") | EH48: =EC48 | EJ48: =IF(DK48="","",TEXT(DK48,"MMM-YYYY")) | EP48: =IF($K$40=$EO$57,0,IF(AND(DK48>=EP$1,$DK48<=EQ$1),SUM(ROUND(EF48*$EQ$2%,0)-ROUND(EF48*$EP$2%,0)),0)) -> 0 | EQ48: =IF($K$40=$EO$57,0,IF(AND(DK48>=EP$1,$DK48<=EQ$1),ROUND(EP48*10%,0),0)) -> 0 | EU48: =IF($AR$44=$EO$57,0,IF(AND(DK48>=$EU$1,$DK48<=$EV$1),SUM(ROUND(EF48*$EV$2%,0)-ROUND(EF48*$EU$2%,0)),0)) -> 0 | EV48: =IF($AR$44=$EO$57,0,IF(AND(DK48>=$EU$1,$DK48<=$EV$1),ROUND(EU48*10%,0),0)) -> 0 | EZ48: =IF(AND(DK48>=$EZ$1,$DK48<=$FA$1),ROUND(EF48*$EY$2%,0),0) -> 0 | FA48: =IF(AND(DK48>=$EZ$1,$DK48<=$FA$1),ROUND(EF48*$FA$2%*10%,0)-(ROUND(EF48*$EZ$2%*10%,0)),0) -> 0
A49: ChooseTax Slab for New Tax Regime u/s 115BAC or Old Slab ? | H49: Auto selection | J49: >> | K49: ="You are Opted>>>> "&ANNEXURE!$AH$37&" >>Check>>"&IF(ANNEXURE!AT57<ANNEXURE!AV57,"Tax in OLD SLAB Rs."&ANNEXURE!AT57&" is less Rs.("&ANNEXURE!AV57-ANNEXURE!AT57&") than compare to New slab Rs."&ANNEXURE!AV57,"Tax in NEW SLAB Rs. "&ANNEXURE!AV57&" is less Rs.("&ANNEXURE!AT57-ANNEXURE!AV57&") than compare to OLD SLAB Tax Rs."&ANNEXURE!AT57) -> You are Opted>>>> New Regime >>Check>>Tax in NEW SLAB Rs. 22922 is less Rs.(121007) than compare to OLD SLAB Tax Rs.143929 | X49: =DK47 | Y49: =DL47 | Z49: =DJ47 | AA49: =EF47 | AB49: =EP47 -> 0 | AC49: =EQ47 -> 0 | AD49: =AB49-AC49 -> 0 | AJ49: 3 | AK49: =IF(I45>1,"",ROUNDUP(SUM($F$48-SUM($I$36:$I45))/AJ49,-2)) -> 7700 | AL49: =ROUND(SUM($F$48-SUM($I$36:$I44))/AJ49,0) -> 7641 | AM49: =ROUND(AL49/500,0)*500 -> 7500 | AN49: =IFERROR(MROUND(AL49,1000),AL49) -> 8000 | AR49: =IF(SUM(AZ49:BB49)>0,AT49,"") | AT49: =K42 -> Other DA Arrears 2 | AZ49: =IF(NOT($BD$42=1),0,M42) -> 0 | BA49: =IF(NOT($BD$42=2),0,N42) -> 0 | BB49: =IF(NOT($BD$42=2),0,O42) -> 0 | BD49: =IF($BD$42=1,AZ49,BA49+BB49) -> 0 | CN49: 46 | CP49: 70850 | CV49: AAS | CW49: =IF(OR(O4="",O5="",O4="No",CM20<CW4),"",CM20+0.001) | CX49: =IFERROR(EOMONTH(CW49,0),"") | DF49: =CW49 | DG49: =IF(DF49="","",CV49) | DH49: =IFERROR(EOMONTH(DF49,0),"") | DI49: =IFERROR(IF(AND($CS$3=2,DJ49="AGI",INDEX($DJ$4:$DJ$56,MATCH($DR$1,$DJ$4:DJ49,0),1)=$DR$1),2,0),0) -> 0 | DJ49: =IFERROR(IF(AND(NOT($DE$51=""),DK49=$DE$51),$DG$51,IF(AND(NOT($DE$53=""),DK49=$DE$53),$DG$53,INDEX($DG$4:$DG$58,MATCH(DK49,$DF$4:$DF$58,0),1))),"") | DK49: =IFERROR(IF(SMALL($DF$4:$DF$58,CN49)>$CJ$2,"",SMALL($DF$4:$DF$58,CN49)),"") | DL49: =IF(AND(NOT($DE$51=""),DK49=$DE$51),$DH$51,IF(AND(NOT($DE$53=""),DK49=$DE$53),$DH$53,INDEX($DH$4:$DH$58,MATCH(DK49,$DF$4:$DF$58,0),1))) | DM49: =IF(DI49>0,DI49,IF(OR(AND($CS$3=2,DJ49="PRO"),OR(DJ49="AGI",LEFT(DJ49,3)="AGI",DJ49="AAS")),1,IF(AND($CS$3=1,DJ49="PRO"),2,0))) -> 0 | DN49: =IF(DN48=$CP$2,$CP$2,IF(DK49>=$DT$2,MAX($DU$2,INDEX($CP$4:$CP$89,MATCH(DN48,$CP$4:$CP$89,1)+DM49)),INDEX($CP$4:$CP$89,MATCH(DN48,$CP$4:$CP$89,1)+DM49))) -> 74770 | DO49: =IFERROR(INDEX($DQ$3:$DR$3,1,MATCH(DJ49,$DQ$1:$DR$1,0)),"") | DP49: =MAX(DP48,DN49:DO49) -> 74770 | DQ49: =IFERROR(IF(DO49="","",IF(SUM(MATCH(DP49,$CP$4:$CP$89,0)-MATCH(DP48,$CP$4:$CP$89,0))<=0,"",SUM(MATCH(DP49,$CP$4:$CP$89,0)-MATCH(DP48,$CP$4:$CP$89,0)))),"") | DS49: =IF(DQ49="",DM49,DQ49) -> 0 | DT49: =IF(DN48=$CP$2,$CP$2,IF(DK49>=$DT$2,MAX($DU$2,INDEX($CP$4:$CP$89,MATCH(DT48,$CP$4:$CP$89,1)+DS49)),INDEX($CP$4:$CP$89,MATCH(DT48,$CP$4:$CP$89,1)+DS49))) -> 74770 | DV49: =IF($N$13="","",IF(AND(NOT($DF$59=""),MATCH($DG$52,$DJ$4:$DJ$55,0)>0,DK49=$DE$51),"HRA-1",IF(AND(NOT($DG$52=""),DJ49=$DG$52),"HRA-2",IF(AND(NOT($DG$54=""),DJ49=$DG$54),"HRA-3","")))) | DW49: =IF(DK49="","",TEXT(DK49,"Dd-MM-YYYY")) | DX49: =IF(DL49="","",TEXT(DL49,"Dd-MM-YYYY")) | DY49: =IF(DW49="","",DATE(YEAR(DK49),MONTH(DK49),DAY(DK49))) | DZ49: =IF(DX49="","",DATE(YEAR(DL49),MONTH(DL49),DAY(DL49))) | EA49: =IFERROR(SUM(DZ49-DY49,0)+1,"") | EB49: =IFERROR(INDEX($BN$4:$BN$17,MATCH(DW49,$BL$4:$BL$17,0),1),0) -> 0 | EC49: =IFERROR(IF(EB49=0,EA49,MAX(IF(EB49=0.5,EA49/2,EA49+EB49),0)),"") | ED49: =IFERROR(INDEX($BK$4:$BK$17,MATCH(DW49,$BL$4:$BL$17,0),1),0) -> 0 | EE49: =IFERROR(IF(NOT(ED49=$CH$8),0,INDEX($BO$4:$BO$17,MATCH(DW49,$BL$4:$BL$17,0),1)),0) -> 0 | EF49: =IFERROR(IF(AND(LEFT(DJ49,3)="S/L",EH49=15),ROUND(DT49*0.5,0),IF(DJ49=$DJ$59,$DL$61,IF(DJ49=$DJ$64,$DL$66,ROUND(SUM(EH49/EG49)*DT49,0)))),"") | EG49: =IFERROR(DAY(EOMONTH(DK49,0)),"") | EH49: =EC49 | EJ49: =IF(DK49="","",TEXT(DK49,"MMM-YYYY")) | EP49: =IF($K$40=$EO$57,0,IF(AND(DK49>=EP$1,$DK49<=EQ$1),SUM(ROUND(EF49*$EQ$2%,0)-ROUND(EF49*$EP$2%,0)),0)) -> 0 | EQ49: =IF($K$40=$EO$57,0,IF(AND(DK49>=EP$1,$DK49<=EQ$1),ROUND(EP49*10%,0),0)) -> 0 | EU49: =IF($AR$44=$EO$57,0,IF(AND(DK49>=$EU$1,$DK49<=$EV$1),SUM(ROUND(EF49*$EV$2%,0)-ROUND(EF49*$EU$2%,0)),0)) -> 0 | EV49: =IF($AR$44=$EO$57,0,IF(AND(DK49>=$EU$1,$DK49<=$EV$1),ROUND(EU49*10%,0),0)) -> 0 | EZ49: =IF(AND(DK49>=$EZ$1,$DK49<=$FA$1),ROUND(EF49*$EY$2%,0),0) -> 0 | FA49: =IF(AND(DK49>=$EZ$1,$DK49<=$FA$1),ROUND(EF49*$FA$2%*10%,0)-(ROUND(EF49*$EZ$2%*10%,0)),0) -> 0
A50: On above Slab Type ,Choosing ‘Auto Selection’ will automatically pick the best slab for you. | Q50: WWW.MEDAKBADI.IN | X50: =DK48 | Y50: =DL48 | Z50: =DJ48 | AA50: =EF48 | AB50: =EP48 -> 0 | AC50: =EQ48 -> 0 | AD50: =AB50-AC50 -> 0 | AJ50: 2 | AK50: =IF(I46>1,"",ROUNDUP(SUM($F$48-SUM($I$36:$I46))/AJ50,-2)) -> 11500 | AL50: =ROUND(SUM($F$48-SUM($I$36:$I45))/AJ50,0) -> 11461 | AM50: =ROUND(AL50/500,0)*500 -> 11500 | AN50: =IFERROR(MROUND(AL50,1000),AL50) -> 11000 | CN50: 47 | CP50: 72810 | CV50: PRO | CW50: =IF(OR(O8="",O9="",O8="No",CM22<CW4),"",CM22+0.002) | CX50: =IFERROR(EOMONTH(CW50,0),"") | DF50: =CW50 | DG50: =IF(DF50="","",CV50) | DH50: =IFERROR(EOMONTH(DF50,0),"") | DI50: =IFERROR(IF(AND($CS$3=2,DJ50="AGI",INDEX($DJ$4:$DJ$56,MATCH($DR$1,$DJ$4:DJ50,0),1)=$DR$1),2,0),0) -> 0 | DJ50: =IFERROR(IF(AND(NOT($DE$51=""),DK50=$DE$51),$DG$51,IF(AND(NOT($DE$53=""),DK50=$DE$53),$DG$53,INDEX($DG$4:$DG$58,MATCH(DK50,$DF$4:$DF$58,0),1))),"") | DK50: =IFERROR(IF(SMALL($DF$4:$DF$58,CN50)>$CJ$2,"",SMALL($DF$4:$DF$58,CN50)),"") | DL50: =IF(AND(NOT($DE$51=""),DK50=$DE$51),$DH$51,IF(AND(NOT($DE$53=""),DK50=$DE$53),$DH$53,INDEX($DH$4:$DH$58,MATCH(DK50,$DF$4:$DF$58,0),1))) | DM50: =IF(DI50>0,DI50,IF(OR(AND($CS$3=2,DJ50="PRO"),OR(DJ50="AGI",LEFT(DJ50,3)="AGI",DJ50="AAS")),1,IF(AND($CS$3=1,DJ50="PRO"),2,0))) -> 0 | DN50: =IF(DN49=$CP$2,$CP$2,IF(DK50>=$DT$2,MAX($DU$2,INDEX($CP$4:$CP$89,MATCH(DN49,$CP$4:$CP$89,1)+DM50)),INDEX($CP$4:$CP$89,MATCH(DN49,$CP$4:$CP$89,1)+DM50))) -> 74770 | DO50: =IFERROR(INDEX($DQ$3:$DR$3,1,MATCH(DJ50,$DQ$1:$DR$1,0)),"") | DP50: =MAX(DP49,DN50:DO50) -> 74770 | DQ50: =IFERROR(IF(DO50="","",IF(SUM(MATCH(DP50,$CP$4:$CP$89,0)-MATCH(DP49,$CP$4:$CP$89,0))<=0,"",SUM(MATCH(DP50,$CP$4:$CP$89,0)-MATCH(DP49,$CP$4:$CP$89,0)))),"") | DS50: =IF(DQ50="",DM50,DQ50) -> 0 | DT50: =IF(DN49=$CP$2,$CP$2,IF(DK50>=$DT$2,MAX($DU$2,INDEX($CP$4:$CP$89,MATCH(DT49,$CP$4:$CP$89,1)+DS50)),INDEX($CP$4:$CP$89,MATCH(DT49,$CP$4:$CP$89,1)+DS50))) -> 74770 | DV50: =IF($N$13="","",IF(AND(NOT($DF$59=""),MATCH($DG$52,$DJ$4:$DJ$55,0)>0,DK50=$DE$51),"HRA-1",IF(AND(NOT($DG$52=""),DJ50=$DG$52),"HRA-2",IF(AND(NOT($DG$54=""),DJ50=$DG$54),"HRA-3","")))) | DW50: =IF(DK50="","",TEXT(DK50,"Dd-MM-YYYY")) | DX50: =IF(DL50="","",TEXT(DL50,"Dd-MM-YYYY")) | DY50: =IF(DW50="","",DATE(YEAR(DK50),MONTH(DK50),DAY(DK50))) | DZ50: =IF(DX50="","",DATE(YEAR(DL50),MONTH(DL50),DAY(DL50))) | EA50: =IFERROR(SUM(DZ50-DY50,0)+1,"") | EB50: =IFERROR(INDEX($BN$4:$BN$17,MATCH(DW50,$BL$4:$BL$17,0),1),0) -> 0 | EC50: =IFERROR(IF(EB50=0,EA50,MAX(IF(EB50=0.5,EA50/2,EA50+EB50),0)),"") | ED50: =IFERROR(INDEX($BK$4:$BK$17,MATCH(DW50,$BL$4:$BL$17,0),1),0) -> 0 | EE50: =IFERROR(IF(NOT(ED50=$CH$8),0,INDEX($BO$4:$BO$17,MATCH(DW50,$BL$4:$BL$17,0),1)),0) -> 0 | EF50: =IFERROR(IF(AND(LEFT(DJ50,3)="S/L",EH50=15),ROUND(DT50*0.5,0),IF(DJ50=$DJ$59,$DL$61,IF(DJ50=$DJ$64,$DL$66,ROUND(SUM(EH50/EG50)*DT50,0)))),"") | EG50: =IFERROR(DAY(EOMONTH(DK50,0)),"") | EH50: =EC50 | EJ50: =IF(DK50="","",TEXT(DK50,"MMM-YYYY")) | EP50: =IF($K$40=$EO$57,0,IF(AND(DK50>=EP$1,$DK50<=EQ$1),SUM(ROUND(EF50*$EQ$2%,0)-ROUND(EF50*$EP$2%,0)),0)) -> 0 | EQ50: =IF($K$40=$EO$57,0,IF(AND(DK50>=EP$1,$DK50<=EQ$1),ROUND(EP50*10%,0),0)) -> 0 | EU50: =IF($AR$44=$EO$57,0,IF(AND(DK50>=$EU$1,$DK50<=$EV$1),SUM(ROUND(EF50*$EV$2%,0)-ROUND(EF50*$EU$2%,0)),0)) -> 0 | EV50: =IF($AR$44=$EO$57,0,IF(AND(DK50>=$EU$1,$DK50<=$EV$1),ROUND(EU50*10%,0),0)) -> 0 | EZ50: =IF(AND(DK50>=$EZ$1,$DK50<=$FA$1),ROUND(EF50*$EY$2%,0),0) -> 0 | FA50: =IF(AND(DK50>=$EZ$1,$DK50<=$FA$1),ROUND(EF50*$FA$2%*10%,0)-(ROUND(EF50*$EZ$2%*10%,0)),0) -> 0
